Workbook
Name _Toc210551163: '1 LIMACOR'!#REF!
Name _Toc210551163: '10 CONS OMNIA'!#REF!
Name _Toc210551163: '2 UT AMF-ELATIN'!#REF!
Name _Toc210551163: '3 DIARQCO'!#REF!
Name _Toc210551163: '4 INSOL '!#REF!
Name _Toc210551163: '5 CASTILLA Y LEON'!#REF!
Name _Toc210551163: '6 UNINGECOL'!#REF!
Name _Toc210551163: '7 CONSORCIO FONDO NACIONAL'!#REF!
Name _Toc210551163: '8 CONSORCIO 2024 FNA'!#REF!
Name _Toc210551163: '9 INGEBYP'!#REF!
Name _Toc210551172: '1 LIMACOR'!#REF!
Name _Toc210551172: '10 CONS OMNIA'!#REF!
Name _Toc210551172: '2 UT AMF-ELATIN'!#REF!
Name _Toc210551172: '3 DIARQCO'!#REF!
Name _Toc210551172: '4 INSOL '!#REF!
Name _Toc210551172: '5 CASTILLA Y LEON'!#REF!
Name _Toc210551172: '6 UNINGECOL'!#REF!
Name _Toc210551172: '7 CONSORCIO FONDO NACIONAL'!#REF!
Name _Toc210551172: '8 CONSORCIO 2024 FNA'!#REF!
Name _Toc210551172: '9 INGEBYP'!#REF!
Name A: #REF!
Name A: #REF!
Name A: #REF!
Name A: #REF!
Name A: #REF!
Name A: #REF!
Name A: #REF!
Name A: #REF!
Name A: #REF!
Name A: #REF!
Name A: #REF!
Name A: #REF!
Name A: #REF!
Name A: #REF!
Name A: #REF!
Name A: #REF!
Name A: #REF!
Name AA: #REF!
Name AA: #REF!
Name AA: #REF!
Name AA: #REF!
Name AA: #REF!
Name AA: #REF!
Name AA: #REF!
Name AA: #REF!
Name AA: #REF!
Name AA: #REF!
Name AA: #REF!
Name AA: #REF!
Name AA: #REF!
Name AA: #REF!
Name AA: #REF!
Name AA: #REF!
Name AA: #REF!
Name class: #REF!
Name class: #REF!
Name class: #REF!
Name class: #REF!
Name class: #REF!
Name class: #REF!

Sheet CONSOLIDADO FINANCIERO
D1: EVALUACION FINANCIERA Y ECONOMICA PRELIMINAR
B3: CONSOLIDADO VERIFICACIÓN FINANCIERA
B5: OBJETO PROCESO | D5: REALIZAR LAS REPARACIONES LOCATIVAS DE LA INFRAESTRUCTURA FÍSICA DE LA SEDE PRINCIPAL - CNA DEL FONDO NACIONAL DEL AHORRO S.A. | L5: REALIZAR LAS REPARACIONES LOCATIVAS DE LA INFRAESTRUCTURA FÍSICA DE LA SEDE PRINCIPAL - CNA DEL FONDO NACIONAL DEL AHORRO S.A.
B6: NUMERO DE PROCESO | D6: FNA-VGHA-CP-015-2024
B7: PRESUPUESTO TOTAL | L7: 5282931966
B9: N° | C9: Proponente | E9: Capital de Trabajo | F9: Índice de Liquidez | G9: Nivel de Endeudamiento | H9: Razón de Cobertura de Intereses | I9: Rentabilidad sobre Patrimonio | J9: Rentabilidad sobre Activo | K9: Patrimonio | L9: Observaciones | M9: RESULTADOS DE INDICADORES FINANCIEROS Y CAPACIDAD ORGANIZACIONAL | N9: Observaciones | O9: RESULTADOS OFERTA ECONOMICA
B10: 1 | C10: =+'1 LIMACOR'!C8 -> LIMACOR MY S.A.S. 900126632 1 | E10: ='[2]2. ACTIVOS SAS'!$I$31 -> 50700205000 | F10: ='[2]2. ACTIVOS SAS'!$I$33 -> 2.2212881 | G10: ='[2]2. ACTIVOS SAS'!$I$35 -> 0.39225537 | H10: ='[2]2. ACTIVOS SAS'!$I$37 -> 5.7988596 | I10: ='[2]2. ACTIVOS SAS'!$I$39 -> 0.1111532 | J10: ='[2]2. ACTIVOS SAS'!$I$41 -> 0.067552758 | K10: ='[2]2. ACTIVOS SAS'!$I$43 -> 76747357000 | L10: =+'1 LIMACOR'!L31 -> El proponente cumple con los indicadores establecidos en las reglas de participación de conformidad con lo estabecido en el numeral 4.3 4.3. REQUISITOS MÍNIMOS HABILITANTES FINANCIEROS Y CAPACIDAD ORGANIZACIONAL de las reglas de participación | M10: =+'1 LIMACOR'!I45 -> CUMPLE | N10: El proponente cumple con lo establecido en el numeral 4.3.3. OFERTA ECONÓMICA de las reglas de partipación. | O10: ='[2]2. ACTIVOS SAS'!$I$45 -> CUMPLE
B11: 2 | C11: {=+'2 UT AMF-ELATIN'!C8:K8} -> UNIÓN TEMPORAL AMF-ELATIN | D11: 0 | E11: 0 | F11: 0 | G11: 0 | H11: 0 | I11: 0 | J11: 0 | K11: 0 | L11: =+'2 UT AMF-ELATIN'!L32 -> El proponente cumple con los indicadores establecidos en las reglas de participación de conformidad con lo estabecido en el numeral 4.3 4.3. REQUISITOS MÍNIMOS HABILITANTES FINANCIEROS Y CAPACIDAD ORGANIZACIONAL de las reglas de participación | M11: =+'2 UT AMF-ELATIN'!I46 -> CUMPLE | N11: El proponente cumple con lo establecido en el numeral 4.3.3. OFERTA ECONÓMICA de las reglas de partipación. | O11: ='[2]2. ACTIVOS SAS'!$I$45 -> CUMPLE
B12: 3 | C12: {=+'3 DIARQCO'!C8:K8} -> DIARQCO CONSTRUCTORES SAS NIT: 900185357 2 | D12: 0 | E12: 0 | F12: 0 | G12: 0 | H12: 0 | I12: 0 | J12: 0 | K12: 0 | L12: =+'3 DIARQCO'!L31 -> El proponente cumple con los indicadores establecidos en las reglas de participación de conformidad con lo estabecido en el numeral 4.3 4.3. REQUISITOS MÍNIMOS HABILITANTES FINANCIEROS Y CAPACIDAD ORGANIZACIONAL de las reglas de participación | M12: =+'3 DIARQCO'!I45 -> CUMPLE | N12: El proponente cumple con lo establecido en el numeral 4.3.3. OFERTA ECONÓMICA de las reglas de partipación. | O12: ='[2]2. ACTIVOS SAS'!$I$45 -> CUMPLE
B13: 4 | C13: {=+'4 INSOL '!C8:K8} -> INGENIERIA Y SOLUCIONES INSOL SAS N.I.T: 900.139.747-6 | D13: 0 | E13: 0 | F13: 0 | G13: 0 | H13: 0 | I13: 0 | J13: 0 | K13: 0 | L13: =+'4 INSOL '!L31 -> El proponente cumple con los indicadores establecidos en las reglas de participación de conformidad con lo estabecido en el numeral 4.3 4.3. REQUISITOS MÍNIMOS HABILITANTES FINANCIEROS Y CAPACIDAD ORGANIZACIONAL de las reglas de participación | M13: =+'4 INSOL '!I45 -> CUMPLE | N13: Se realiza la corrección aritmetica según lo establecido en el numeral 4.3.3. OFERTA ECONÓMICA de las reglas de partipación; el porponente dio respuesta afirmativa y acepto los valores unitarios y el valor total segun la correccion aritmetica realizada por la entidad. | O13: ='[2]2. ACTIVOS SAS'!$I$45 -> CUMPLE
B14: 5 | C14: {=+'5 CASTILLA Y LEON'!C8:K8} -> CONSTRUCCION Y MANTENIMIENTO CASTILLA Y LEON G&G S.L NIT:830.108.787 - 4 | D14: 0 | E14: 0 | F14: 0 | G14: 0 | H14: 0 | I14: 0 | J14: 0 | K14: 0 | L14: =+'5 CASTILLA Y LEON'!L31 -> El proponente cumple con los indicadores establecidos en las reglas de participación de conformidad con lo estabecido en el numeral 4.3 REQUISITOS MÍNIMOS HABILITANTES FINANCIEROS Y CAPACIDAD ORGANIZACIONAL de las reglas de participación | M14: =+'5 CASTILLA Y LEON'!I45 -> CUMPLE | N14: En respuesta a la observacion presentada por el proponente "Solicitamos sea habilitada nuestra propuesta economica" el comité evaluador indica: Como se indica en las reglas de participacion en el numeral 13 de las causales de rechazo "Cuando el Oferente, en la OFERTA ECONÓMICA, no diligencie los valores unitarios de la oferta según corresponda en la casilla determinada de uno o varios ítems, en el formato de OFERTA ECONÓMICA", adicional no siguio las instrucciones dadas para el diligenciamiento del formato No 9 numeral 2 "Asignar valor en las casillas "VALOR UNITARIO SIN IVA" y el porcentaje en "Administración", "Imprevistos" y "Utilidad". El valor del IVA se aplica sobre la Utilidad corresponde" Asi mismo, conforme a lo indicado en el literal g del numeral 4.3.3. OFERTA ECONÓMICA, de las reglas de participacion "Deberá diligenciar la totalidad de las casillas indicadas en el FORMATO No. 9." Dicho lo anterior no se acepta su observacion. | O14: RECHAZADO
B15: 6 | C15: =+'6 UNINGECOL'!C8 -> UNINGECOL S A NIT: 900.176.059 - 4 | L15: =+'6 UNINGECOL'!L31 -> El proponente cumple con los indicadores establecidos en las reglas de participación de conformidad con lo estabecido en el numeral 4.3 REQUISITOS MÍNIMOS HABILITANTES FINANCIEROS Y CAPACIDAD ORGANIZACIONAL de las reglas de participación | M15: =+'6 UNINGECOL'!I45 -> CUMPLE | N15: El proponente no diligencio las casillas correspondientes al porcentaje de AIU y esta inmerso en las causales de rechazo No.13 y no siguio las instrucciones dadas para el diligenciamiento del formato de oferta economica No. 9 numeral 2 Asignar valor en las casillas "VALOR UNITARIO SIN IVA" y el porcentaje en "Administración", "Imprevistos" y "Utilidad". El valor del IVA se aplica sobre la Utilidad corresponde. Adicionalmente el numeral 8.El oferente no podrá cambiar, eliminar la formulación. | O15: RECHAZADO
B16: 7 | C16: =+'7 CONSORCIO FONDO NACIONAL'!D5 -> CONSORCIO FONDO NACIONAL | L16: =+'7 CONSORCIO FONDO NACIONAL'!L31 -> El proponente cumple con los indicadores establecidos en las reglas de participación de conformidad con lo estabecido en el numeral 4.3 REQUISITOS MÍNIMOS HABILITANTES FINANCIEROS Y CAPACIDAD ORGANIZACIONAL de las reglas de participación | M16: =+'7 CONSORCIO FONDO NACIONAL'!I45 -> CUMPLE | N16: El proponente cumple con lo establecido en el numeral 4.3.3. OFERTA ECONÓMICA de las reglas de partipación. | O16: ='[2]2. ACTIVOS SAS'!$I$45 -> CUMPLE
B17: 8 | C17: {=+'8 CONSORCIO 2024 FNA'!D5:K5} -> CONSORCIO 2024 FNA | D17: 0 | E17: 0 | F17: 0 | G17: 0 | H17: 0 | I17: 0 | J17: 0 | L17: =+'8 CONSORCIO 2024 FNA'!L31 -> El proponente cumple con los indicadores establecidos en las reglas de participación de conformidad con lo estabecido en el numeral 4.3 REQUISITOS MÍNIMOS HABILITANTES FINANCIEROS Y CAPACIDAD ORGANIZACIONAL de las reglas de participación | M17: =+'8 CONSORCIO 2024 FNA'!I45 -> CUMPLE | N17: El proponente cumple con lo establecido en el numeral 4.3.3. OFERTA ECONÓMICA de las reglas de partipación. | O17: ='[2]2. ACTIVOS SAS'!$I$45 -> CUMPLE
B18: 9 | C18: {=+'9 INGEBYP'!D5:K5} -> INGEBYP SAS | D18: 0 | E18: 0 | F18: 0 | G18: 0 | H18: 0 | I18: 0 | J18: 0 | L18: =+'9 INGEBYP'!L31 -> El proponente cumple con los indicadores establecidos en las reglas de participación de conformidad con lo estabecido en el numeral 4.3 REQUISITOS MÍNIMOS HABILITANTES FINANCIEROS Y CAPACIDAD ORGANIZACIONAL de las reglas de participación | M18: =+'9 INGEBYP'!I45 -> CUMPLE | N18: El proponente cumple con lo establecido en el numeral 4.3.3. OFERTA ECONÓMICA de las reglas de partipación. | O18: ='[2]2. ACTIVOS SAS'!$I$45 -> CUMPLE
B19: 10 | C19: {=+'10 CONS OMNIA'!C8:K8} -> CONSORCIO OMNIA | D19: 0 | E19: 0 | F19: 0 | G19: 0 | H19: 0 | I19: 0 | J19: 0 | K19: 0 | L19: =+'10 CONS OMNIA'!L32 -> El proponente cumple con los indicadores establecidos en las reglas de participación de conformidad con lo estabecido en el numeral 4.3 4.3. REQUISITOS MÍNIMOS HABILITANTES FINANCIEROS Y CAPACIDAD ORGANIZACIONAL de las reglas de participación | M19: =+'10 CONS OMNIA'!I46 -> CUMPLE | N19: El proponente NO cumple con lo establecido en el numeral 4.3.3. OFERTA ECONÓMICA de las reglas de partipación y esta inmerso en la causal de rechazo No. 16 con los items refrencia en la evaluacion preliminar financiera. | O19: RECHAZADO
C21: Diana Ximena Diaz Ramirez Comité Evaluador Financiero Gerencia De Contratacion | M21: Elaboró:Lina Andrea Bastidas Profesional 02 Gerencia Contratación Fondo Nacional del Ahorro SA

Sheet 1 LIMACOR
A1: 1 | C1: FONDO NACIONAL DEL AHORRO
C3: OBJETO PROCESO | D3: =+'CONSOLIDADO FINANCIERO'!L5 -> REALIZAR LAS REPARACIONES LOCATIVAS DE LA INFRAESTRUCTURA FÍSICA DE LA SEDE PRINCIPAL - CNA DEL FONDO NACIONAL DEL AHORRO S.A.
C4: NUMERO DE PROCESO | D4: =+'CONSOLIDADO FINANCIERO'!D6 -> FNA-VGHA-CP-015-2024
C5: PROPONENTE | D5: =+'CONSOLIDADO FINANCIERO'!L7 -> 5282931966
C7: VERIFICACION EXPEDICIÓN REGISTRO UNICO DE PROPONENTES
C8: LIMACOR MY S.A.S. 900126632 1
C9: FECHA CIERRE PROCESO | D9: 45643
C10: FECHA EXPEDICION RUP | D10: 45617 | J10: =IF(D10>=O10,"CUMPLE","NO CUMPLE") -> CUMPLE | L10: mm / dd / aa | M10: =IF(J10="CUMPLE",0,1) -> 0 | N10: =+TODAY()-30 -> 45622 | O10: =+D9-30 -> 45613 | P10: 30 días anteriores
C11: FECHA ULTIMA RENOVACION | D11: 45377 | J11: =IF(D10>=O11,"CUMPLE","NO CUMPLE") -> CUMPLE | L11: mm / dd / aa | M11: =IF(J11="CUMPLE",0,1) -> 0 | O11: =+D11+15 -> 45392 | P11: 10 días hábiles
C12: FECHA DE LOS ESTADOS FINANCIEROS | D12: 45291 | J12: =IF(D10>=O12,"CUMPLE","NO CUMPLE") -> CUMPLE | L12: mm / dd / aa | M12: =IF(J12="CUMPLE",0,1) -> 0 | O12: =+D12+15 -> 45306
C15: FECHA CIERRE PROCESO | D15: 45638
C16: FECHA EXPEDICION RUP | D16: 45616 | J16: =IF(D16>=O16,"CUMPLE","NO CUMPLE") -> CUMPLE | L16: mm / dd / aa | M16: =IF(J16="CUMPLE",0,1) -> 0 | O16: =+D15-30 -> 45608 | P16: 30 días anteriores
C17: FECHA ULTIMA RENOVACION | D17: 45416 | J17: =IF(D16>=O17,"CUMPLE","NO CUMPLE") -> CUMPLE | L17: mm / dd / aa | M17: =IF(J17="CUMPLE",0,1) -> 0 | O17: =+D17+15 -> 45431 | P17: 10 días hábiles
C18: FECHA DE LOS ESTADOS FINANCIEROS | D18: 45291 | J18: =IF(D16>=O18,"CUMPLE","NO CUMPLE") -> CUMPLE | L18: mm / dd / aa | M18: =IF(J18="CUMPLE",0,1) -> 0 | O18: =+D18+15 -> 45306
C22: FECHA CIERRE PROCESO
C23: FECHA EXPEDICION RUP | L23: mm / dd / aa | M23: =IF(J23="CUMPLE",0,1) -> 1 | O23: =+D22-30 -> -30 | P23: 30 días anteriores
C24: FECHA ULTIMA RENOVACION | L24: mm / dd / aa | M24: =IF(J24="CUMPLE",0,1) -> 1 | O24: =+D24+15 -> 15 | P24: 10 días hábiles
C25: FECHA DE LOS ESTADOS FINANCIEROS | L25: mm / dd / aa | M25: =IF(J25="CUMPLE",0,1) -> 1 | O25: =+D25+15 -> 15
C27: VERIFICACIÓN REQUISITOS HABILITANTES FINANCIEROS
A29: NUMERAL | B29: VERIFICACIÓN DE LA CAPACIDAD FINANCIERA | C29: DESCRIPCION | D29: CRITERIO | E29: ITEM | F29: =+C8 -> LIMACOR MY S.A.S. 900126632 1 | G29: =+C14 -> 0 | I29: INDICADOR | J29: RESULTADO VERIFICACION | K29: DOCUMENTO ELECTRONICO | L29: OBSERVACIONES
F30: 1
A31: 4.3.1 | B31: 4.3.1 CAPACIDAD FINANCIERA | C31: Capital de Trabajo >= 25% POE | D31: ='CONSOLIDADO FINANCIERO'!L7*25% -> 1.320733e+09 | E31: Activo Corriente | F31: 5348324277 | I31: =(F31-F32)+(G31-G32) -> 2648479771 | J31: =IF(I31>=D31,"CUMPLE","NO CUMPLE") -> CUMPLE | K31: Registro Único de Proponentes | L31: El proponente cumple con los indicadores establecidos en las reglas de participación de conformidad con lo estabecido en el numeral 4.3 4.3. REQUISITOS MÍNIMOS HABILITANTES FINANCIEROS Y CAPACIDAD ORGANIZACIONAL de las reglas de participación | M31: =IF(J31="CUMPLE",0,1) -> 0
E32: Pasivo Corriente | F32: 2699844506
A33: 4.3.1 | B33: =B31 -> 4.3.1 CAPACIDAD FINANCIERA | C33: Índice de Liquidez | D33: 1.9 | E33: Activo Corriente | F33: =+F31 -> 5348324277 | I33: =+((F33*F30)+(G33*G30)+(H33*H30))/((F34*F30)+(G34*G30)+(H34*H30)) -> 1.9809749 | J33: =IF(I33>=D33,"CUMPLE","NO CUMPLE") -> CUMPLE | K33: Registro Único de Proponentes | M33: =IF(J33="CUMPLE",0,1) -> 0
E34: Pasivo Corriente | F34: =+F32 -> 2699844506
A35: 4.3.1 | B35: =B33 -> 4.3.1 CAPACIDAD FINANCIERA | C35: Nivel de Endeudamiento | D35: 0.6 | E35: Pasivo Total | F35: 3404978761 | I35: =((F35*F30)+(G35*G30)+(H35*H30))/((F36*F30)+(G36*G30)+(H36*H30)) -> 0.43012784 | J35: =IF(I35<=D35,"CUMPLE","NO CUMPLE") -> CUMPLE | K35: Registro Único de Proponentes | M35: =IF(J35="CUMPLE",0,1) -> 0
E36: Activo Total | F36: 7916201809
A37: 4.3.1 | B37: =B35 -> 4.3.1 CAPACIDAD FINANCIERA | C37: Razón de Cobertura de Intereses | D37: 1.49 | E37: Utilidad Operacional | F37: 3251179053 | I37: =((F37*F30)+(G37*G30)+(H37*H30))/((F38*F30)+(G38*G30)+(H38*H30)) -> 11.913363 | J37: =IF(I37>=D37,"CUMPLE","NO CUMPLE") -> CUMPLE | K37: Registro Único de Proponentes | M37: =IF(J37="CUMPLE",0,1) -> 0
E38: Gastos de Intereses | F38: 272901880
A39: 4.3.2 | B39: 4.3.2 capacidad Organizacional | C39: Rentabilidad sobre Patrimonio | D39: 0.11 | E39: Utilidad Operacional | F39: =+F37 -> 3251179053 | I39: =((F39*F30)+(G39*G30)+(H39*H30))/((F40*F30)+(G40*G30)+(H40*H30)) -> 0.72068683 | J39: =IF(I39>=D39,"CUMPLE","NO CUMPLE") -> CUMPLE | K39: Registro Único de Proponentes | M39: =IF(J39="CUMPLE",0,1) -> 0
E40: Patrimonio | F40: 4511223048
A41: 4.3.2 | B41: =+B39 -> 4.3.2 capacidad Organizacional | C41: Rentabilidad sobre Activo | D41: 0.05 | E41: Utilidad Operacional | F41: =+F37 -> 3251179053 | I41: =((F41*F30)+(G41*G30)+(H41*H30))/((F42*F30)+(G42*G30)+(H42*H30)) -> 0.41069936 | J41: =IF(I41>=D41,"CUMPLE","NO CUMPLE") -> CUMPLE | K41: Registro Único de Proponentes | M41: =IF(J41="CUMPLE",0,1) -> 0
E42: Activo total | F42: =+F36 -> 7916201809
A43: 4.3.1 | B43: =B31 -> 4.3.1 CAPACIDAD FINANCIERA | C43: Patrimonio ≥ 30% POE | D43: ='CONSOLIDADO FINANCIERO'!L7*30% -> 1.5848796e+09 | E43: Activo total | F43: =+F36 -> 7916201809 | I43: =(F43-F44)+(G43-G44) -> 4511223048 | J43: =IF(I43>=D43,"CUMPLE","NO CUMPLE") -> CUMPLE | K43: Registro Único de Proponentes | M43: =IF(J43="CUMPLE",0,1) -> 0
E44: Pasivo total | F44: =+F35 -> 3404978761
E45: RESULTADO | I45: =IF(M45>0,"NO CUMPLE","CUMPLE") -> CUMPLE | M45: =SUM(M31:M44) -> 0

Sheet OFERTA LIMACOR
E1: FONDO NACIONAL DEL AHORRO S.A.
A5: FORMATO No. 9 - PROPUESTA ECONOMICA
A6: Número del Proceso | E6: FNA-VGHA-CP-015-2024
A7: Descripción del Proceso: | E7: REALIZAR LAS REPARACIONES LOCATIVAS DE LA INFRAESTRUCTURA FÍSICA DE LA SEDE PRINCIPAL – CNA DEL FONDO NACIONAL DEL AHORRO S.A.
A8: Nombre del Oferente | E8: LIMACOR MY S.A.S.
A9: NIT | E9: 900126632-1
A10: Representante Legal | E10: MÓNICA MARCELA CORONADO RODRÍGUEZ
A11: C.C | E11: 53006409
A12: 1. El valor de la oferta económica deber ser expresado en PESOS COLOMBIANOS. 2. Asignar valor en las casillas "VALOR UNITARIO SIN IVA" y el porcentaje en "Administración", "Imprevistos" y "Utilidad". El valor del IVA se aplica sobre la Utilidad corresponde con la regulación tributaria vigente. 3. El oferente deberá tener en cuenta todos los gravámenes, impuestos tasas y demás contribuciones para la estimación del presupuesto. 4. No modificar, agregar o quitar ningún ítem o sub-ítem, so pena de encontrarse inmerso en causal de rechazo. 5. Todos los valores deberán estar ajustados al peso, es decir, sin decimales. Para el efecto, se aplicará la formula redondeo de Excel. 6. No podrá superar los VALORES UNITARIO SIN IVA REFERENCIA establecidos por la entidad ni tampoco podra ser cero (0) so pena de rechazo por encontrarse inmerso en causal de rechazo. 7. No podrá superar el Presupuesto Oficial Estimado so pena de encontrarse inmerso en causal de rechazo. 8.El oferente no podrá cambiar, eliminar la formulación. NOTA • El contratista deberá prever la proyección del presupuesto para el plazo de ejecución del contrato. El FNA no asumirán los costos adicionales generados por el IPC de los años subsiguientes o cualquier otro sistema de actualización de precios; en el caso que exista reglamentación gubernamental de incrementos salariales durante la ejecución del contrato, éstos deben ser contemplados por el contratista dentro del valor de la ofertado. • Tiempo estimado de ejecución: 12 meses • Los precios ofertados se deberán mantener durante la ejecución del contrato independientemente de la fecha de inicio de ejecución del contrato.
A14: ÍTEM | C14: ACTIVIDAD | F14: UNIDAD DE MEDIDA | G14: CANTIDAD | H14: VALOR UNITARIO SIN IVA (NO MODIFICAR) | I14: VALORES OFERTADOS
I15: VALOR UNITARIO SIN IVA | J15: VALOR TOTAL | K15: VERIFICACION PRECIOS TECHO | L15: VERIFICACION PRCIOS ARTIFIALMENTE BAJOS
A16: 1.1. | C16: Retiro, reparación y reposicion puntual de junta entre laminas (junta con factor forma 2cmx1cm), mediante el uso de fondo de junta tipo sika rod y sello elastomérico de poliuretano en color negro, con alta resistencia a la intemperie incluye andamio colgante o toda instalación provisional que permita el cumplimiento de la actividad. | F16: ml | G16: 2000 | H16: 16341 | I16: 13890 | J16: =+ROUND(I16*G16,0) -> 27780000 | K16: =+I16-H16 -> -2451 | L16: =+I16/H16 -> 0.85000918 | N16: =+IF(I16<H16,"OK",IF(I16=0," ")) -> OK
A17: 1.2. | C17: Pintura exterior tipo coraza para muros sobre pañete incluye toda instalación provisional que permita el cumplimiento de la actividad. | F17: m2 | G17: 300 | H17: 43227 | I17: 36743 | J17: =+ROUND(I17*G17,0) -> 11022900 | K17: =+I17-H17 -> -6484 | L17: =+I17/H17 -> 0.85000116 | N17: =+IF(I17<H17,"OK",IF(I17=0," ")) -> OK
A18: 2.1. | C18: Retiro de impermeabilización existente y mortero de nivelación. Incluye el retiro y disposición final de escombros (Edificio Convenciones y Edificio CNA zona "L"). | F18: m2 | G18: 2332.42 | H18: 30375 | I18: 25819 | J18: =+ROUND(I18*G18,0) -> 60220752 | K18: =+I18-H18 -> -4556 | L18: =+I18/H18 -> 0.85000823 | N18: =+IF(I18<H18,"OK",IF(I18=0," ")) -> OK
A19: 2.2. | C19: Instalación de mortero de nivelación con materiales de SIKA o similares características, previo a la instalación de la impermeabilización (Edificio Convenciones y Edificio CNA zona "L"). | F19: m2 | G19: 2332.42 | H19: 64685 | I19: 54982 | J19: =+ROUND(I19*G19,0) -> 128241116 | K19: =+I19-H19 -> -9703 | L19: =+I19/H19 -> 0.84999614 | N19: =+IF(I19<H19,"OK",IF(I19=0," ")) -> OK
A20: 2.3. | C20: Impermeabilización de placa de cubierta plana transitable, no ventilada, con piso fijo, tipo convencional, para tráfico peatonal privado. Tipo Sika o de similares características con uso de mantos asfálticos, tipo bicapa (Edificio Convenciones y Edificio CNA zona "L"). | F20: m2 | G20: 2332.42 | H20: 129968 | I20: 110473 | J20: =+ROUND(I20*G20,0) -> 257669435 | K20: =+I20-H20 -> -19495 | L20: =+I20/H20 -> 0.85000154 | N20: =+IF(I20<H20,"OK",IF(I20=0," ")) -> OK
A21: 2.4. | C21: Desmonte de ventaneria con vidrios en celosía ubicados en culata de cubierta en el edificio CNA. | F21: m2 | G21: 150 | H21: 53922 | I21: 45834 | J21: =+ROUND(I21*G21,0) -> 6875100 | K21: =+I21-H21 -> -8088 | L21: =+I21/H21 -> 0.85000556 | N21: =+IF(I21<H21,"OK",IF(I21=0," ")) -> OK
A22: 2.5. | C22: Suministro e instalación de sistema de ventanas en vidrio fijas (sin básculante) en reemplazo de las ventanas en vidrio retiradas, ubicados en culata de cubierta en el edificio CNA. | F22: m2 | G22: 150 | H22: 305942 | I22: 260051 | J22: =+ROUND(I22*G22,0) -> 39007650 | K22: =+I22-H22 -> -45891 | L22: =+I22/H22 -> 0.85000098 | N22: =+IF(I22<H22,"OK",IF(I22=0," ")) -> OK
A23: 2.6. | C23: Retiro de canaletas existentes y suministro e instalación de canaletas metálicas de sección trapezoidal elaboradas en acero galvanizado calibre 16 de acuerdo con las necesidades técnicas de la cubierta de aguas lluvia, incluye la instalación de la soportería para el anclaje de la canaleta en el edificio CNA. | F23: ml | G23: 231 | H23: 125271 | I23: 106480 | J23: =+ROUND(I23*G23,0) -> 24596880 | K23: =+I23-H23 -> -18791 | L23: =+I23/H23 -> 0.84999721 | N23: =+IF(I23<H23,"OK",IF(I23=0," ")) -> OK
A24: 2.7. | C24: Retiro de instalación existente y suministro e instalación de soscos para la bajante de agua lluvia ø 4" en PVC con su respectivo sifón para evitar malos olores, incluye la instalación de la soportería para el anclaje en el edificio CNA. | F24: und | G24: 50 | H24: 88909 | I24: 75573 | J24: =+ROUND(I24*G24,0) -> 3778650 | K24: =+I24-H24 -> -13336 | L24: =+I24/H24 -> 0.85000394 | N24: =+IF(I24<H24,"OK",IF(I24=0," ")) -> OK
A25: 2.8. | C25: Limpieza y mantenimientos de tubería bajante de agua lluvia ø 4" en PVC, en el edificio CNA. | F25: und | G25: 50 | H25: 97000 | I25: 82450 | J25: =+ROUND(I25*G25,0) -> 4122500 | K25: =+I25-H25 -> -14550 | L25: =+I25/H25 -> 0.85 | N25: =+IF(I25<H25,"OK",IF(I25=0," ")) -> OK
A26: 3.1. | C26: Desmonte de cielo raso en fibra mineral o en drywall incluye desmonte luminarias, retiro y disposición final de escombros. | F26: m2 | G26: 80 | H26: 38338 | I26: 32587 | J26: =+ROUND(I26*G26,0) -> 2606960 | K26: =+I26-H26 -> -5751 | L26: =+I26/H26 -> 0.84999217 | N26: =+IF(I26<H26,"OK",IF(I26=0," ")) -> OK
A27: 3.2. | C27: Mantenimiento de cielo raso en fibra mineral. Incluye cambio, pintura y/o reutilización de láminas en fibra mineral, instalación de anclajes y arreglo de perfilería descolgada y colocación de soportes. | F27: m2 | G27: 1800 | H27: 35000 | I27: 29750 | J27: =+ROUND(I27*G27,0) -> 53550000 | K27: =+I27-H27 -> -5250 | L27: =+I27/H27 -> 0.85 | N27: =+IF(I27<H27,"OK",IF(I27=0," ")) -> OK
... A38: 6.1. | C38: Resanes y pintura vinilo primera calidad tipo 1 a tres manos, aplica para muros interiores color blanco sobre pañete o repello liso. A todo costo. | F38: m2 | G38: 4500 | H38: 34663 | I38: 29464 | J38: =+ROUND(I38*G38,0) -> 132588000 | K38: =+I38-H38 -> -5199 | L38: =+I38/H38 -> 0.85001298 | N38: =+IF(I38<H38,"OK",IF(I38=0," ")) -> OK
A39: TOTAL REPARACIONES LOCATIVAS GENERALES SEDE PRINCIPAL | J39: =SUM(J16:J38) -> 1016097082 | K39: =+I39-H39 -> 0 | L39: =+I39/H39 -> #DIV/0! | N39: =+IF(I39<H39,"OK",IF(I39=0," "))
A40: 1.1. | C40: Demolición muros Drywall incluye la disposición final de los escombros. | F40: m2 | G40: 250 | H40: 49033 | I40: 41678 | J40: =+ROUND(I40*G40,0) -> 10419500 | K40: =+I40-H40 -> -7355 | L40: =+I40/H40 -> 0.84999898 | N40: =+IF(I40<H40,"OK",IF(I40=0," ")) -> OK
A41: 1.2. | C41: Desmonte de divisiones y puertas en vidrio incluye la disposición final o la disposición que el fondo Nacional del Ahorro indique. | F41: m2 | G41: 61 | H41: 50667 | I41: 43067 | J41: =+ROUND(I41*G41,0) -> 2627087 | K41: =+I41-H41 -> -7600 | L41: =+I41/H41 -> 0.85000099 | N41: =+IF(I41<H41,"OK",IF(I41=0," ")) -> OK
A42: 1.3. | C42: Desmonte de cielo raso en fibra mineral o en drywall incluye desmonte luminarias, retiro y disposición final de escombros. | F42: m2 | G42: 1070 | H42: 36183 | I42: 30756 | J42: =+ROUND(I42*G42,0) -> 32908920 | K42: =+I42-H42 -> -5427 | L42: =+I42/H42 -> 0.85001244 | N42: =+IF(I42<H42,"OK",IF(I42=0," ")) -> OK
A43: 1.4. | C43: Desmonte de redes eléctricas existentes. Incluye la disposición final de los escombros o la disposición que el fondo Nacional del Ahorro indique. | F43: glb | G43: 1 | H43: 13063210 | I43: 11103729 | J43: =+ROUND(I43*G43,0) -> 11103729 | K43: =+I43-H43 -> -1959481 | L43: =+I43/H43 -> 0.85000004 | N43: =+IF(I43<H43,"OK",IF(I43=0," ")) -> OK
A44: 1.5. | C44: Desmonte de puestos de trabajo tales como divisiones metálicas, superficies, cajoneras etc. Adicionalmente, incluye la disposición final de los escombros o la disposición que el fondo Nacional del Ahorro indique. | F44: und | G44: 135 | H44: 96339 | I44: 81888 | J44: =+ROUND(I44*G44,0) -> 11054880 | K44: =+I44-H44 -> -14451 | L44: =+I44/H44 -> 0.84999844 | N44: =+IF(I44<H44,"OK",IF(I44=0," ")) -> OK
A45: 1.6. | C45: Suministro e instalación de muro provisional en Drywall de 1/2" a una sola cara, incluye estructura, cinta, estuco. A todo costo. | F45: m2 | G45: 78 | H45: 95199 | I45: 80919 | J45: =+ROUND(I45*G45,0) -> 6311682 | K45: =+I45-H45 -> -14280 | L45: =+I45/H45 -> 0.84999842 | N45: =+IF(I45<H45,"OK",IF(I45=0," ")) -> OK
A46: 2.1. | C46: Suministro e instalación de columnetas metálicas en tubería cuadrada estructural de 100mmx100mm, calibre 12 acabado en pintura color negro semi-mate. Incluye platina soldada a la base y anclajes a placa de piso y retiro de escombros. | F46: ml | G46: 100 | H46: 203925 | I46: 173336 | J46: =+ROUND(I46*G46,0) -> 17333600 | K46: =+I46-H46 -> -30589 | L46: =+I46/H46 -> 0.84999877 | N46: =+IF(I46<H46,"OK",IF(I46=0," ")) -> OK
A47: 2.2. | C47: Suministro e instalación de viguetas metálicas en tubería cuadrada estructural de 100mmx100mm, calibre12 acabado en pintura color negro semi-mate. Incluye soldadura a columnetas y retiro de escombros. | F47: ml | G47: 130 | H47: 186288 | I47: 158345 | J47: =+ROUND(I47*G47,0) -> 20584850 | K47: =+I47-H47 -> -27943 | L47: =+I47/H47 -> 0.85000107 | N47: =+IF(I47<H47,"OK",IF(I47=0," ")) -> OK
A48: 3.1. | C48: Suministro e instalación de muro en Superboard de 8 mm, altura 2.40 m a dos caras. Incluye estructura metálica, anclaje, cinta, estuco y fondeo de acabado en pintura en vinilo tipo 1. | F48: m2 | G48: 30 | H48: 205133 | I48: 174363 | J48: =+ROUND(I48*G48,0) -> 5230890 | K48: =+I48-H48 -> -30770 | L48: =+I48/H48 -> 0.84999976 | N48: =+IF(I48<H48,"OK",IF(I48=0," ")) -> OK
A49: 4.1. | C49: Suministro e instalación de cielorraso en Drywall de 1/2" a una sola cara, incluye estructura, cinta, estuco, capa fondeo y pintura. A todo costo. | F49: m2 | G49: 1301 | H49: 131613 | I49: 111871 | J49: =+ROUND(I49*G49,0) -> 145544171 | K49: =+I49-H49 -> -19742 | L49: =+I49/H49 -> 0.84999962 | N49: =+IF(I49<H49,"OK",IF(I49=0," ")) -> OK
A50: 4.2. | C50: Suministro e instalación de Frescasa Eco Sin Papel 3 1/2″ para cielorraso en Drywall. A todo costo. | F50: m2 | G50: 1301 | H50: 33384 | I50: 28376 | J50: =+ROUND(I50*G50,0) -> 36917176 | K50: =+I50-H50 -> -5008 | L50: =+I50/H50 -> 0.84998802 | N50: =+IF(I50<H50,"OK",IF(I50=0," ")) -> OK
A51: 5.1. | C51: Suministro e instalación de piso laminado de alto tráfico de alta densidad (HDF) de 890 a 900 Kgms x cm3 y resistencia a la humedad. Incluye plástico aislante y yumbolon de acuerdo a las características técnicas y el guardaescobas. | F51: m2 | G51: 1070 | H51: 194913 | I51: 165676 | J51: =+ROUND(I51*G51,0) -> 177273320 | K51: =+I51-H51 -> -29237 | L51: =+I51/H51 -> 0.84999974 | N51: =+IF(I51<H51,"OK",IF(I51=0," ")) -> OK
... A72: 9.2. | C72: Pintura vinilo primera calidad tipo uno tres manos cielo falsos blanco. A todo costo, incluye lineales. | F72: m2 | G72: 230.61 | H72: 41123 | I72: 34955 | J72: =+ROUND(I72*G72,0) -> 8060973 | K72: =+I72-H72 -> -6168 | L72: =+I72/H72 -> 0.85001094 | N72: =+IF(I72<H72,"OK",IF(I72=0," ")) -> OK
A73: TOTAL REPARACIONES LOCATIVAS - EDIFICIO CNA - PISO 2 | J73: =SUM(J40:J72) -> 1059061029 | K73: =+I73-H73 -> 0 | L73: =+I73/H73 -> #DIV/0! | N73: =+IF(I73<H73,"OK",IF(I73=0," "))
A74: 5.5. | C74: Suministro e instalación de piso laminado de alto tráfico de alta densidad (HDF) de 890 a 900 Kgms x cm3 y resistencia a la humedad, para la zona de mesas del restaurante Incluye nivelación en zonas puntuales, plástico aislante, yumbolon de acuerdo con las características técnicas y el guardaescobas. | F74: m2 | G74: 450 | H74: 194913 | I74: 165676 | J74: =+ROUND(I74*G74,0) -> 74554200 | K74: =+I74-H74 -> -29237 | L74: =+I74/H74 -> 0.84999974 | N74: =+IF(I74<H74,"OK",IF(I74=0," ")) -> OK
A75: 9.1. | C75: Suministro e instalación de estructura decorativa para plantas colgantes de 6,85m ancho x 1,00 m de profundo con viguetas cada 0,76 m en tubería metálica cuadrada 50x50x2.0mm con acabado en pintura electrostática negro mate incluye 6 puntos de apoyo en guaya de tipo colgante. incluye 3 lamparas segun imagen. | F75: und | G75: 2 | H75: 3334200 | I75: 2834070 | J75: =+ROUND(I75*G75,0) -> 5668140 | K75: =+I75-H75 -> -500130 | L75: =+I75/H75 -> 0.85 | N75: =+IF(I75<H75,"OK",IF(I75=0," ")) -> OK
A76: 9.2. | C76: Suministro e instalación de estructura para microondas con módulos de 0,71 m de largo 0,56 m de profundo y 0,40 m de alto en tubería metálica cuadrada 50x50x3.0mm en pintura electrostática negro mate incluye 2 superficies en madera tipo madecor RH de 1" cada módulo y anclajes a la pared no visibles. | F76: und | G76: 12 | H76: 858374 | I76: 729618 | J76: =+ROUND(I76*G76,0) -> 8755416 | K76: =+I76-H76 -> -128756 | L76: =+I76/H76 -> 0.85000012 | N76: =+IF(I76<H76,"OK",IF(I76=0," ")) -> OK
A77: 11.1. | C77: Resanes y pintura vinilo primera calidad tipo 1 a tres manos, aplica para muros interiores color blanco sobre pañete o repello liso. Incluyen andamios, escaleras y sistemas de seguridad de operación. A todo costo. | F77: m2 | G77: 222.23 | H77: 34663 | I77: 29464 | J77: =+ROUND(I77*G77,0) -> 6547785 | K77: =+I77-H77 -> -5199 | L77: =+I77/H77 -> 0.85001298 | N77: =+IF(I77<H77,"OK",IF(I77=0," ")) -> OK
A78: TOTAL REPARACIONES LOCATIVAS CASINO - EDIFICIO CONVENCIONES | J78: =SUM(J74:J77) -> 95525541 | K78: =+I78-H78 -> 0 | L78: =+I78/H78 -> #DIV/0! | N78: =+IF(I78<H78,"OK",IF(I78=0," "))
A79: 1.1. | C79: Demolición muros Drywall incluye la disposición final de los escombros. | F79: m2 | G79: 161.58 | H79: 49033 | I79: 41678 | J79: =+ROUND(I79*G79,0) -> 6734331 | K79: =+I79-H79 -> -7355 | L79: =+I79/H79 -> 0.84999898 | N79: =+IF(I79<H79,"OK",IF(I79=0," ")) -> OK
A80: 1.2. | C80: Desmonte de divisiones y puertas en vidrio incluye la disposición final o la disposición que el fondo Nacional del Ahorro indique. | F80: m2 | G80: 246.96 | H80: 97950 | I80: 83258 | J80: =+ROUND(I80*G80,0) -> 20561396 | K80: =+I80-H80 -> -14692 | L80: =+I80/H80 -> 0.8500051 | N80: =+IF(I80<H80,"OK",IF(I80=0," ")) -> OK
A81: 1.3. | C81: Desmonte de cielo raso en fibra mineral o en drywall incluye desmonte luminarias, retiro y disposición final de escombros | F81: m2 | G81: 888.84 | H81: 36183 | I81: 30756 | J81: =+ROUND(I81*G81,0) -> 27337163 | K81: =+I81-H81 -> -5427 | L81: =+I81/H81 -> 0.85001244 | N81: =+IF(I81<H81,"OK",IF(I81=0," ")) -> OK
A82: 1.4. | C82: Desmonte de redes eléctricas existentes. Incluye la disposición final de los escombros o la disposición que el fondo Nacional del Ahorro indique. | F82: glb | G82: 1 | H82: 6960160 | I82: 5916136 | J82: =+ROUND(I82*G82,0) -> 5916136 | K82: =+I82-H82 -> -1044024 | L82: =+I82/H82 -> 0.85 | N82: =+IF(I82<H82,"OK",IF(I82=0," ")) -> OK
A83: 1.5. | C83: Desmonte puestos de trabajo tales como divisiones metálicas, superficies, cajoneras etc. Adicionalmente, incluye la disposición final de los escombros o la disposición que el Fondo Nacional del Ahorro S.A. indique. | F83: und | G83: 150 | H83: 96339 | I83: 81888 | J83: =+ROUND(I83*G83,0) -> 12283200 | K83: =+I83-H83 -> -14451 | L83: =+I83/H83 -> 0.84999844 | N83: =+IF(I83<H83,"OK",IF(I83=0," ")) -> OK
A84: 1.6. | C84: Suministro e instalación de muro provisional en Drywall de 1/2" a una sola cara, incluye estructura, cinta, estuco. A todo costo | F84: m2 | G84: 37.5 | H84: 95199 | I84: 80919 | J84: =+ROUND(I84*G84,0) -> 3034463 | K84: =+I84-H84 -> -14280 | L84: =+I84/H84 -> 0.84999842 | N84: =+IF(I84<H84,"OK",IF(I84=0," ")) -> OK
A85: 2.1. | C85: Suministro e instalación de columnetas metálicas en tubería cuadrada estructural de 100mmx100mm, calibre 12 acabado en pintura color negro semi-mate. Incluye platina soldada a la base y anclajes a placa de piso y retiro de escombros. | F85: ml | G85: 121 | H85: 203925 | I85: 173336 | J85: =+ROUND(I85*G85,0) -> 20973656 | K85: =+I85-H85 -> -30589 | L85: =+I85/H85 -> 0.84999877 | N85: =+IF(I85<H85,"OK",IF(I85=0," ")) -> OK
A86: 2.2. | C86: Suministro e instalación de viguetas metálicas en tubería cuadrada estructural de 100mmx100mm, calibre12 acabado en pintura color negro semi-mate. Incluye soldadura a columnetas y retiro de escombros. | F86: ml | G86: 145 | H86: 186288 | I86: 158345 | J86: =+ROUND(I86*G86,0) -> 22960025 | K86: =+I86-H86 -> -27943 | L86: =+I86/H86 -> 0.85000107 | N86: =+IF(I86<H86,"OK",IF(I86=0," ")) -> OK
A87: 2.3. | C87: Suministro e instalación perfiles WPC textura madera. Para instalar en muros divisorios de dimensiones 10 cm x 5 cm. Incluye estructura anclajes y retiro de escombros. | F87: m2 | G87: 40 | H87: 240790 | I87: 204672 | J87: =+ROUND(I87*G87,0) -> 8186880 | K87: =+I87-H87 -> -36118 | L87: =+I87/H87 -> 0.85000208 | N87: =+IF(I87<H87,"OK",IF(I87=0," ")) -> OK
A88: 3.1. | C88: Suministro e instalación de muro en Superboard, altura 2.40 m. a dos caras incluye estructura, anclaje, cinta, estuco y fondeo de acabado en pintura en vinilo tipo 1. | F88: m2 | G88: 5 | H88: 161174 | I88: 136998 | J88: =+ROUND(I88*G88,0) -> 684990 | K88: =+I88-H88 -> -24176 | L88: =+I88/H88 -> 0.85000062 | N88: =+IF(I88<H88,"OK",IF(I88=0," ")) -> OK
A89: 4.1. | C89: Suministro e instalación de cielo raso en Drywall de 1/2" en diferentes niveles a una sola cara, incluye estructura, cinta, estuco, capa fondeo y pintura a 3 manos. A todo costo. | F89: m2 | G89: 888.84 | H89: 116086 | I89: 98673 | J89: =+ROUND(I89*G89,0) -> 87704509 | K89: =+I89-H89 -> -17413 | L89: =+I89/H89 -> 0.84999914 | N89: =+IF(I89<H89,"OK",IF(I89=0," ")) -> OK
A90: 5.1. | C90: Suministro e instalación de piso laminado de alto tráfico de alta densidad (HDF) de 890 a 900 Kgms x cm3 y resistencia a la humedad Incluye plastico aislante y yumbolon, de acuerdo a las caracteristicas técnicas y el guardaescobas. | F90: m2 | G90: 888.84 | H90: 194913 | I90: 165676 | J90: =+ROUND(I90*G90,0) -> 147259456 | K90: =+I90-H90 -> -29237 | L90: =+I90/H90 -> 0.84999974 | N90: =+IF(I90<H90,"OK",IF(I90=0," ")) -> OK
... A117: 10.4. | C117: Pintura vinilo primera calidad tipo uno a tres manos en muros interiores verde institucional. A todo costo, incluye lineales. | F117: m2 | G117: 25 | H117: 38208 | I117: 32477 | J117: =+ROUND(I117*G117,0) -> 811925 | K117: =+I117-H117 -> -5731 | L117: =+I117/H117 -> 0.85000523 | N117: =+IF(I117<H117,"OK",IF(I117=0," ")) -> OK
A118: TOTAL REPARACIONES LOCATIVAS - EDIFICIO CONVENCIONES - PISO 4 | J118: =SUM(J79:J117) -> 809576589 | K118: =+I118-H118 -> 0 | L118: =+I118/H118 -> #DIV/0! | N118: =+IF(I118<H118,"OK",IF(I118=0," "))
A119: 1.1. | C119: Desmonte de cielo raso en fibra mineral o en drywall, incluye desmonte de 113 luminarias tipo panel Led de 60 x 60 luz neutra 4000K y retiro con su disposición final de escombros. | F119: m2 | G119: 860 | H119: 38338 | I119: 32587 | J119: =+ROUND(I119*G119,0) -> 28024820 | K119: =+I119-H119 -> -5751 | L119: =+I119/H119 -> 0.84999217 | N119: =+IF(I119<H119,"OK",IF(I119=0," ")) -> OK
A120: 1.2. | C120: Desmonte de puestos de trabajo tales como divisiones metálicas, superficies, cajoneras etc. Adicionalmente, incluye la disposición final de los escombros o la disposición que el fondo Nacional del Ahorro indique. | F120: und | G120: 180 | H120: 96339 | I120: 81888 | J120: =+ROUND(I120*G120,0) -> 14739840 | K120: =+I120-H120 -> -14451 | L120: =+I120/H120 -> 0.84999844 | N120: =+IF(I120<H120,"OK",IF(I120=0," ")) -> OK
A121: 1.3. | C121: Suministro e instalación de muro provisional en Drywall de 1/2" a una sola cara, incluye estructura, cinta, estuco. A todo costo. | F121: m2 | G121: 4 | H121: 95199 | I121: 80919 | J121: =+ROUND(I121*G121,0) -> 323676 | K121: =+I121-H121 -> -14280 | L121: =+I121/H121 -> 0.84999842 | N121: =+IF(I121<H121,"OK",IF(I121=0," ")) -> OK
A122: 2.1. | C122: Suministro e instalación de cielorraso en Drywall de 1/2" a una sola cara, incluye estructura, cinta, estuco y capa fondeo pintura. A todo costo. | F122: m2 | G122: 860 | H122: 130620 | I122: 111027 | J122: =+ROUND(I122*G122,0) -> 95483220 | K122: =+I122-H122 -> -19593 | L122: =+I122/H122 -> 0.85 | N122: =+IF(I122<H122,"OK",IF(I122=0," ")) -> OK
A123: 3.1. | C123: Suministro e instalación de piso laminado de alto tráfico de alta densidad (HDF) de 890 a 900 Kgms x cm3 y resistencia a la humedad. Incluye plástico aislante y yumbolon de acuerdo a las características técnicas y el guardaescobas. | F123: m2 | G123: 860 | H123: 194913 | I123: 165676 | J123: =+ROUND(I123*G123,0) -> 142481360 | K123: =+I123-H123 -> -29237 | L123: =+I123/H123 -> 0.84999974 | N123: =+IF(I123<H123,"OK",IF(I123=0," ")) -> OK
A124: 4.1. | C124: Suministro e instalación de lámpara de techo colgante lineal estilo cortina de luz, acabado negro y luz neutra. Dimensiones: 120x4x7cm. Largo de la guaya: 100cm, incluye acometida eléctrica y accesorios. | F124: und | G124: 20 | H124: 319533 | I124: 271603 | J124: =+ROUND(I124*G124,0) -> 5432060 | K124: =+I124-H124 -> -47930 | L124: =+I124/H124 -> 0.84999984 | N124: =+IF(I124<H124,"OK",IF(I124=0," ")) -> OK
A125: 4.2. | C125: Suministro e instalación de panel LED de incrustar redondo acabado blanco, 24 w, luz neutra 4000K, dimensiones : diámetro 30 cm. Incluye acometida eléctrica y accesorios. | F125: und | G125: 20 | H125: 233891 | I125: 198807 | J125: =+ROUND(I125*G125,0) -> 3976140 | K125: =+I125-H125 -> -35084 | L125: =+I125/H125 -> 0.8499985 | N125: =+IF(I125<H125,"OK",IF(I125=0," ")) -> OK
A126: 4.3. | C126: Reinstalación de panel LED cuadrado de dimensiones 60x60 cm luz neutra 4000K preexistentes. A todo costo, cumpliendo norma RETIE. | F126: und | G126: 113 | H126: 98830 | I126: 84006 | J126: =+ROUND(I126*G126,0) -> 9492678 | K126: =+I126-H126 -> -14824 | L126: =+I126/H126 -> 0.85000506 | N126: =+IF(I126<H126,"OK",IF(I126=0," ")) -> OK
A127: 4.4. | C127: Suministro e instalación de luminaria de emergencia con autonomía de 90 minutos certificada RETILAP. | F127: und | G127: 8 | H127: 215750 | I127: 183388 | J127: =+ROUND(I127*G127,0) -> 1467104 | K127: =+I127-H127 -> -32362 | L127: =+I127/H127 -> 0.85000232 | N127: =+IF(I127<H127,"OK",IF(I127=0," ")) -> OK
A128: 4.5. | C128: Suministro e instalación de luminaria de emergencia de aviso de evacuación con autonomía de 90 minutos certificada RETILAP. | F128: und | G128: 4 | H128: 200830 | I128: 170706 | J128: =+ROUND(I128*G128,0) -> 682824 | K128: =+I128-H128 -> -30124 | L128: =+I128/H128 -> 0.85000249 | N128: =+IF(I128<H128,"OK",IF(I128=0," ")) -> OK
A129: 5.1. | C129: Suministro e instalación de Puerta en madecor entamborada de 0,90 m de ancho por 2.20 m de alto, incluye marcos, chapa, cantonera y todo lo necesario para su instalación y funcionamiento. | F129: und | G129: 1 | H129: 1025000 | I129: 871250 | J129: =+ROUND(I129*G129,0) -> 871250 | K129: =+I129-H129 -> -153750 | L129: =+I129/H129 -> 0.85 | N129: =+IF(I129<H129,"OK",IF(I129=0," ")) -> OK
A130: 6.1. | C130: Pintura vinilo primera calidad tipo uno tres manos muros interiores blancos. A todo costo, incluye lineales. | F130: m2 | G130: 880 | H130: 35833 | I130: 30458 | J130: =+ROUND(I130*G130,0) -> 26803040 | K130: =+I130-H130 -> -5375 | L130: =+I130/H130 -> 0.8499986 | N130: =+IF(I130<H130,"OK",IF(I130=0," ")) -> OK
A131: TOTAL REPARACIONES LOCATIVAS - TORRE DE TECNOLOGÍA - PISO 2 | J131: =SUM(J119:J130) -> 329778012 | K131: =+I131-H131 -> 0 | L131: =+I131/H131 -> #DIV/0! | N131: =+IF(I131<H131,"OK",IF(I131=0," "))
A132: BOLSA DE ITEMS NO PREVISTOS (10%) | I132: 331003825 | J132: =+J118+J78+J73+J39+J131 -> 3310038253
A133: ADMINISTRACIÓN | E133: 0.12 | F133: 0.12 | I133: =+ROUND($I$132*F133,0) -> 39720459 | J133: =+ROUND($J$132*F133,0) -> 397204590 | K133: =+F133-E133 -> 0 | L133: =+F133/E133 -> 1
A134: IMPREVISTOS | E134: 0.03 | F134: 0.03 | I134: =+ROUND($I$132*F134,0) -> 9930115 | J134: =+ROUND($J$132*F134,0) -> 99301148 | K134: =+F134-E134 -> 0 | L134: =+F134/E134 -> 1
A135: UTILIDAD | E135: 0.07 | F135: 0.07 | I135: =+ROUND($I$132*F135,0) -> 23170268 | J135: =+ROUND($J$132*F135,0) -> 231702678 | K135: =+F135-E135 -> 0 | L135: =+F135/E135 -> 1
A136: IVA SOBRE UTILIDAD | E136: 0.19 | I136: =+ROUND(I135*E136,0) -> 4402351 | J136: =+ROUND(J135*E136,0) -> 44023509
A137: TOTAL + AIU + IVA SOBRE LA UTILIDAD | I137: 408227018 | J137: =SUM(J132:J136) -> 4082270178
A138: VALOR OFERTA ECONOMICA | J138: =+I137+J137 -> 4490497196 | K138: =+J138-'CONSOLIDADO FINANCIERO'!L7 -> -792434770 | L138: =+J138/'CONSOLIDADO FINANCIERO'!L7 -> 0.85000095 | N138: =+IF(I138<H138,"OK",IF(I138=0," "))
A140: Adicionalmente, declaro: a) Que los valores registrados en la presente oferta económica incluyen todos los costos, impuestos, gastos y erogaciones en los que incurra para el cumplimiento, cabal e íntegro cumplimiento de la presente propuesta, y por lo tanto EL FONDO NACIONAL DEL AHORRO SA no deberá reconocernos ningún valor adicional al que hemos registrado en la presente oferta, y por ningún concepto y no serán aumentados en ninguna forma durante la ejecución del contrato. b) Que he leído cuidadosamente los documentos del FNA y elaboré mi propuesta ajustada a los mismos. c) Que nos comprometemos a proveer al FONDO NACIONAL DEL AHORRO SA, en caso de resultar aceptada la presente, todos los servicios que hacen parte de la ofertar, la justificación de la necesidad y a garantizar la calidad de estos. d) Manifestamos que hemos realizado el examen completo y cuidadoso, y que hemos investigado plenamente las condiciones del contrato que nos comprometemos a ejecutar, así como los riesgos que del mismo se derivan y declaramos que se encuentra bajo nuestra responsabilidad y es nuestra especialidad técnica el conocimiento detallado de los servicios objeto de la presente contratación y en general que conocemos todos los factores determinantes de los costos de ejecución del contrato a suscribir, los cuales se encuentran incluidos en los términos de nuestra propuesta. e) Que los valores registrados en la presente oferta económica contienen las condiciones y especificaciones técnicas descritas en los documentos del proceso. f) Que durante la ejecución del contrato no se incrementaran los valores o tasas ofertadas g) Autorizo al FONDO NACIONAL DEL AHORRO SA a efectuar la verificación aritmética de las operaciones que se registran en la presente oferta económica, y en caso de presentarse error, le solicito que para todos los efectos legales asuma el valor corregido como valor propuesto. h) Que los valores aquí contemplados, obedecen a una estructura de costos y proyecciones estimadas para las vigencias requeridas (años estimados de ejecución: 2024 y 2025), teniendo en cuenta todas las variables que pueden afectar los precios, tales como los índices de inflación (IPC), salarios, TRM, cambios en la reglamentación gubernamental, entre otros, según aplique.
B143: Firma Representante legal
B144: Nombre: | C144: MÓNICA MARCELA CORONADO RODRIGUEZ

Sheet 2 UT AMF-ELATIN
A1: 2 | C1: FONDO NACIONAL DEL AHORRO
C3: OBJETO PROCESO | D3: =+'CONSOLIDADO FINANCIERO'!L5 -> REALIZAR LAS REPARACIONES LOCATIVAS DE LA INFRAESTRUCTURA FÍSICA DE LA SEDE PRINCIPAL - CNA DEL FONDO NACIONAL DEL AHORRO S.A.
C4: NUMERO DE PROCESO | D4: =+'CONSOLIDADO FINANCIERO'!D6 -> FNA-VGHA-CP-015-2024
C5: PROPONENTE | D5: =+'CONSOLIDADO FINANCIERO'!L7 -> 5282931966
C7: VERIFICACION EXPEDICIÓN REGISTRO UNICO DE PROPONENTES
C8: UNIÓN TEMPORAL AMF-ELATIN
C9: MARULANDA FERNANDEZ ARMANDO NIT:14565656-7
C10: FECHA CIERRE PROCESO | D10: 45643
C11: FECHA EXPEDICION RUP | D11: 45642 | J11: =IF(D11>=O11,"CUMPLE","NO CUMPLE") -> CUMPLE | L11: mm / dd / aa | M11: =IF(J11="CUMPLE",0,1) -> 0 | N11: =+TODAY()-30 -> 45622 | O11: =+D10-30 -> 45613 | P11: 30 días anteriores
C12: FECHA ULTIMA RENOVACION | D12: 45397 | J12: =IF(D11>=O12,"CUMPLE","NO CUMPLE") -> CUMPLE | L12: mm / dd / aa | M12: =IF(J12="CUMPLE",0,1) -> 0 | O12: =+D12+15 -> 45412 | P12: 10 días hábiles
C13: FECHA DE LOS ESTADOS FINANCIEROS | D13: 45291 | J13: =IF(D11>=O13,"CUMPLE","NO CUMPLE") -> CUMPLE | L13: mm / dd / aa | M13: =IF(J13="CUMPLE",0,1) -> 0 | O13: =+D13+15 -> 45306
C15: ELATIN S.A.S NIT:900424944-2
C16: FECHA CIERRE PROCESO | D16: 45643
C17: FECHA EXPEDICION RUP | D17: 45620 | J17: =IF(D17>=O17,"CUMPLE","NO CUMPLE") -> CUMPLE | L17: mm / dd / aa | M17: =IF(J17="CUMPLE",0,1) -> 0 | O17: =+D16-30 -> 45613 | P17: 30 días anteriores
C18: FECHA ULTIMA RENOVACION | D18: 45448 | J18: =IF(D17>=O18,"CUMPLE","NO CUMPLE") -> CUMPLE | L18: mm / dd / aa | M18: =IF(J18="CUMPLE",0,1) -> 0 | O18: =+D18+15 -> 45463 | P18: 10 días hábiles
C19: FECHA DE LOS ESTADOS FINANCIEROS | D19: 45291 | J19: =IF(D17>=O19,"CUMPLE","NO CUMPLE") -> CUMPLE | L19: mm / dd / aa | M19: =IF(J19="CUMPLE",0,1) -> 0 | O19: =+D19+15 -> 45306
C23: FECHA CIERRE PROCESO
C24: FECHA EXPEDICION RUP | L24: mm / dd / aa | M24: =IF(J24="CUMPLE",0,1) -> 1 | O24: =+D23-30 -> -30 | P24: 30 días anteriores
C25: FECHA ULTIMA RENOVACION | L25: mm / dd / aa | M25: =IF(J25="CUMPLE",0,1) -> 1 | O25: =+D25+15 -> 15 | P25: 10 días hábiles
C26: FECHA DE LOS ESTADOS FINANCIEROS | L26: mm / dd / aa | M26: =IF(J26="CUMPLE",0,1) -> 1 | O26: =+D26+15 -> 15
C28: VERIFICACIÓN REQUISITOS HABILITANTES FINANCIEROS
A30: NUMERAL | B30: VERIFICACIÓN DE LA CAPACIDAD FINANCIERA | C30: DESCRIPCION | D30: CRITERIO | E30: ITEM | F30: =+C9 -> MARULANDA FERNANDEZ ARMANDO NIT:14565656-7 | G30: =+C15 -> ELATIN S.A.S NIT:900424944-2 | I30: INDICADOR | J30: RESULTADO VERIFICACION | K30: DOCUMENTO ELECTRONICO | L30: OBSERVACIONES
F31: 0.01 | G31: 0.99
A32: 4.3.1 | B32: 4.3.1 CAPACIDAD FINANCIERA | C32: Capital de Trabajo >= 25% POE | D32: ='CONSOLIDADO FINANCIERO'!L7*25% -> 1.320733e+09 | E32: Activo Corriente | F32: 3077980730 | G32: 3397509015 | I32: =(F32-F33)+(G32-G33) -> 5064501301 | J32: =IF(I32>=D32,"CUMPLE","NO CUMPLE") -> CUMPLE | K32: Registro Único de Proponentes | L32: El proponente cumple con los indicadores establecidos en las reglas de participación de conformidad con lo estabecido en el numeral 4.3 4.3. REQUISITOS MÍNIMOS HABILITANTES FINANCIEROS Y CAPACIDAD ORGANIZACIONAL de las reglas de participación | M32: =IF(J32="CUMPLE",0,1) -> 0
E33: Pasivo Corriente | F33: 726909128 | G33: 684079316
A34: 4.3.1 | B34: =B32 -> 4.3.1 CAPACIDAD FINANCIERA | C34: Índice de Liquidez | D34: 1.9 | E34: Activo Corriente | F34: =+F32 -> 3077980730 | G34: =+G32 -> 3397509015 | I34: =+((F34*F31)+(G34*G31)+(H34*H31))/((F35*F31)+(G35*G31)+(H35*H31)) -> 4.9587669 | J34: =IF(I34>=D34,"CUMPLE","NO CUMPLE") -> CUMPLE | K34: Registro Único de Proponentes | M34: =IF(J34="CUMPLE",0,1) -> 0
E35: Pasivo Corriente | F35: =+F33 -> 726909128 | G35: =+G33 -> 684079316
A36: 4.3.1 | B36: =B34 -> 4.3.1 CAPACIDAD FINANCIERA | C36: Nivel de Endeudamiento | D36: 0.6 | E36: Pasivo Total | F36: 3254478062 | G36: 3426515229 | I36: =((F36*F31)+(G36*G31)+(H36*H31))/((F37*F31)+(G37*G31)+(H37*H31)) -> 0.46822101 | J36: =IF(I36<=D36,"CUMPLE","NO CUMPLE") -> CUMPLE | K36: Registro Único de Proponentes | M36: =IF(J36="CUMPLE",0,1) -> 0
E37: Activo Total | F37: 6534051721 | G37: 7322366695
A38: 4.3.1 | B38: =B36 -> 4.3.1 CAPACIDAD FINANCIERA | C38: Razón de Cobertura de Intereses | D38: 1.49 | E38: Utilidad Operacional | F38: 707805492 | G38: 1512548689 | I38: =((F38*F31)+(G38*G31)+(H38*H31))/((F39*F31)+(G39*G31)+(H39*H31)) -> 16.06884 | J38: =IF(I38>=D38,"CUMPLE","NO CUMPLE") -> CUMPLE | K38: Registro Único de Proponentes | M38: =IF(J38="CUMPLE",0,1) -> 0
E39: Gastos de Intereses | F39: 124101842 | G39: 93320678
A40: 4.3.2 | B40: 4.3.2 capacidad Organizacional | C40: Rentabilidad sobre Patrimonio | D40: 0.11 | E40: Utilidad Operacional | F40: =+F38 -> 707805492 | G40: =+G38 -> 1512548689 | I40: =((F40*F31)+(G40*G31)+(H40*H31))/((F41*F31)+(G41*G31)+(H41*H31)) -> 0.3867922 | J40: =IF(I40>=D40,"CUMPLE","NO CUMPLE") -> CUMPLE | K40: Registro Único de Proponentes | M40: =IF(J40="CUMPLE",0,1) -> 0
E41: Patrimonio | F41: 3279573659 | G41: 3895851466
A42: 4.3.2 | B42: =+B40 -> 4.3.2 capacidad Organizacional | C42: Rentabilidad sobre Activo | D42: 0.05 | E42: Utilidad Operacional | F42: =+F38 -> 707805492 | G42: =+G38 -> 1512548689 | I42: =((F42*F31)+(G42*G31)+(H42*H31))/((F43*F31)+(G43*G31)+(H43*H31)) -> 0.20568797 | J42: =IF(I42>=D42,"CUMPLE","NO CUMPLE") -> CUMPLE | K42: Registro Único de Proponentes | M42: =IF(J42="CUMPLE",0,1) -> 0
E43: Activo total | F43: =+F37 -> 6534051721 | G43: =+G37 -> 7322366695
A44: 4.3.1 | B44: =B32 -> 4.3.1 CAPACIDAD FINANCIERA | C44: Patrimonio ≥ 30% POE | D44: ='CONSOLIDADO FINANCIERO'!L7*30% -> 1.5848796e+09 | E44: Activo total | F44: =+F37 -> 6534051721 | G44: =+G37 -> 7322366695 | I44: =(F44-F45)+(G44-G45) -> 7175425125 | J44: =IF(I44>=D44,"CUMPLE","NO CUMPLE") -> CUMPLE | K44: Registro Único de Proponentes | M44: =IF(J44="CUMPLE",0,1) -> 0
E45: Pasivo total | F45: =+F36 -> 3254478062 | G45: =+G36 -> 3426515229
E46: RESULTADO | I46: =IF(M46>0,"NO CUMPLE","CUMPLE") -> CUMPLE | M46: =SUM(M32:M45) -> 0

Sheet OFERTA AMF-ELATIN
E1: FONDO NACIONAL DEL AHORRO S.A.
A5: FORMATO No. 9 - PROPUESTA ECONOMICA
A6: Número del Proceso | E6: FNA-VGHA-CP-015-2024
A7: Descripción del Proceso: | E7: REALIZAR LAS REPARACIONES LOCATIVAS DE LA INFRAESTRUCTURA FÍSICA DE LA SEDE PRINCIPAL – CNA DEL FONDO NACIONAL DEL AHORRO S.A.
A8: Nombre del Oferente | E8: UNIÓN TEMPORAL AMF-ELATIN
A9: NIT | E9: N/A
A10: Representante Legal | E10: JUAN DAVID TRUJILLO POTES
A11: C.C | E11: 18511653
A12: 1. El valor de la oferta económica deber ser expresado en PESOS COLOMBIANOS. 2. Asignar valor en las casillas "VALOR UNITARIO SIN IVA" y el porcentaje en "Administración", "Imprevistos" y "Utilidad". El valor del IVA se aplica sobre la Utilidad corresponde con la regulación tributaria vigente. 3. El oferente deberá tener en cuenta todos los gravámenes, impuestos tasas y demás contribuciones para la estimación del presupuesto. 4. No modificar, agregar o quitar ningún ítem o sub-ítem, so pena de encontrarse inmerso en causal de rechazo. 5. Todos los valores deberán estar ajustados al peso, es decir, sin decimales. Para el efecto, se aplicará la formula redondeo de Excel. 6. No podrá superar los VALORES UNITARIO SIN IVA REFERENCIA establecidos por la entidad ni tampoco podra ser cero (0) so pena de rechazo por encontrarse inmerso en causal de rechazo. 7. No podrá superar el Presupuesto Oficial Estimado so pena de encontrarse inmerso en causal de rechazo. 8.El oferente no podrá cambiar, eliminar la formulación. NOTA • El contratista deberá prever la proyección del presupuesto para el plazo de ejecución del contrato. El FNA no asumirán los costos adicionales generados por el IPC de los años subsiguientes o cualquier otro sistema de actualización de precios; en el caso que exista reglamentación gubernamental de incrementos salariales durante la ejecución del contrato, éstos deben ser contemplados por el contratista dentro del valor de la ofertado. • Tiempo estimado de ejecución: 12 meses • Los precios ofertados se deberán mantener durante la ejecución del contrato independientemente de la fecha de inicio de ejecución del contrato.
A14: ÍTEM | C14: ACTIVIDAD | F14: UNIDAD DE MEDIDA | G14: CANTIDAD | H14: VALOR UNITARIO SIN IVA (NO MODIFICAR) | I14: VALORES OFERTADOS
I15: VALOR UNITARIO SIN IVA | J15: VALOR TOTAL | K15: VERIFICACION PRECIOS TECHO | L15: VERIFICACION PRCIOS ARTIFIALMENTE BAJOS
A16: 1.1. | C16: Retiro, reparación y reposicion puntual de junta entre laminas (junta con factor forma 2cmx1cm), mediante el uso de fondo de junta tipo sika rod y sello elastomérico de poliuretano en color negro, con alta resistencia a la intemperie incluye andamio colgante o toda instalación provisional que permita el cumplimiento de la actividad. | F16: ml | G16: 2000 | H16: 16341 | I16: 14200 | J16: =+ROUND(I16*G16,0) -> 28400000 | K16: =+I16-H16 -> -2141 | L16: =+I16/H16 -> 0.86897987
A17: 1.2. | C17: Pintura exterior tipo coraza para muros sobre pañete incluye toda instalación provisional que permita el cumplimiento de la actividad. | F17: m2 | G17: 300 | H17: 43227 | I17: 37600 | J17: =+ROUND(I17*G17,0) -> 11280000 | K17: =+I17-H17 -> -5627 | L17: =+I17/H17 -> 0.86982673
A18: 2.1. | C18: Retiro de impermeabilización existente y mortero de nivelación. Incluye el retiro y disposición final de escombros (Edificio Convenciones y Edificio CNA zona "L"). | F18: m2 | G18: 2332.42 | H18: 30375 | I18: 26400 | J18: =+ROUND(I18*G18,0) -> 61575888 | K18: =+I18-H18 -> -3975 | L18: =+I18/H18 -> 0.8691358
A19: 2.2. | C19: Instalación de mortero de nivelación con materiales de SIKA o similares características, previo a la instalación de la impermeabilización (Edificio Convenciones y Edificio CNA zona "L"). | F19: m2 | G19: 2332.42 | H19: 64685 | I19: 56300 | J19: =+ROUND(I19*G19,0) -> 131315246 | K19: =+I19-H19 -> -8385 | L19: =+I19/H19 -> 0.8703718
A20: 2.3. | C20: Impermeabilización de placa de cubierta plana transitable, no ventilada, con piso fijo, tipo convencional, para tráfico peatonal privado. Tipo Sika o de similares características con uso de mantos asfálticos, tipo bicapa (Edificio Convenciones y Edificio CNA zona "L"). | F20: m2 | G20: 2332.42 | H20: 129968 | I20: 113100 | J20: =+ROUND(I20*G20,0) -> 263796702 | K20: =+I20-H20 -> -16868 | L20: =+I20/H20 -> 0.87021421
A21: 2.4. | C21: Desmonte de ventaneria con vidrios en celosía ubicados en culata de cubierta en el edificio CNA. | F21: m2 | G21: 150 | H21: 53922 | I21: 46900 | J21: =+ROUND(I21*G21,0) -> 7035000 | K21: =+I21-H21 -> -7022 | L21: =+I21/H21 -> 0.86977486
A22: 2.5. | C22: Suministro e instalación de sistema de ventanas en vidrio fijas (sin básculante) en reemplazo de las ventanas en vidrio retiradas, ubicados en culata de cubierta en el edificio CNA. | F22: m2 | G22: 150 | H22: 305942 | I22: 266200 | J22: =+ROUND(I22*G22,0) -> 39930000 | K22: =+I22-H22 -> -39742 | L22: =+I22/H22 -> 0.87009956
A23: 2.6. | C23: Retiro de canaletas existentes y suministro e instalación de canaletas metálicas de sección trapezoidal elaboradas en acero galvanizado calibre 16 de acuerdo con las necesidades técnicas de la cubierta de aguas lluvia, incluye la instalación de la soportería para el anclaje de la canaleta en el edificio CNA. | F23: ml | G23: 231 | H23: 125271 | I23: 109000 | J23: =+ROUND(I23*G23,0) -> 25179000 | K23: =+I23-H23 -> -16271 | L23: =+I23/H23 -> 0.87011359
A24: 2.7. | C24: Retiro de instalación existente y suministro e instalación de soscos para la bajante de agua lluvia ø 4" en PVC con su respectivo sifón para evitar malos olores, incluye la instalación de la soportería para el anclaje en el edificio CNA. | F24: und | G24: 50 | H24: 88909 | I24: 77400 | J24: =+ROUND(I24*G24,0) -> 3870000 | K24: =+I24-H24 -> -11509 | L24: =+I24/H24 -> 0.87055304
A25: 2.8. | C25: Limpieza y mantenimientos de tubería bajante de agua lluvia ø 4" en PVC, en el edificio CNA. | F25: und | G25: 50 | H25: 97000 | I25: 84400 | J25: =+ROUND(I25*G25,0) -> 4220000 | K25: =+I25-H25 -> -12600 | L25: =+I25/H25 -> 0.87010309
A26: 3.1. | C26: Desmonte de cielo raso en fibra mineral o en drywall incluye desmonte luminarias, retiro y disposición final de escombros. | F26: m2 | G26: 80 | H26: 38338 | I26: 33400 | J26: =+ROUND(I26*G26,0) -> 2672000 | K26: =+I26-H26 -> -4938 | L26: =+I26/H26 -> 0.87119829
A27: 3.2. | C27: Mantenimiento de cielo raso en fibra mineral. Incluye cambio, pintura y/o reutilización de láminas en fibra mineral, instalación de anclajes y arreglo de perfilería descolgada y colocación de soportes. | F27: m2 | G27: 1800 | H27: 35000 | I27: 30500 | J27: =+ROUND(I27*G27,0) -> 54900000 | K27: =+I27-H27 -> -4500 | L27: =+I27/H27 -> 0.87142857
... A38: 6.1. | C38: Resanes y pintura vinilo primera calidad tipo 1 a tres manos, aplica para muros interiores color blanco sobre pañete o repello liso. A todo costo. | F38: m2 | G38: 4500 | H38: 34663 | I38: 30200 | J38: =+ROUND(I38*G38,0) -> 135900000 | K38: =+I38-H38 -> -4463 | L38: =+I38/H38 -> 0.871246
A39: TOTAL REPARACIONES LOCATIVAS GENERALES SEDE PRINCIPAL | J39: =SUM(J16:J38) -> 1040328436 | K39: =+I39-H39 -> 0 | L39: =+I39/H39 -> #DIV/0!
A40: 1.1. | C40: Demolición muros Drywall incluye la disposición final de los escombros. | F40: m2 | G40: 250 | H40: 49033 | I40: 42700 | J40: =+ROUND(I40*G40,0) -> 10675000 | K40: =+I40-H40 -> -6333 | L40: =+I40/H40 -> 0.87084209
A41: 1.2. | C41: Desmonte de divisiones y puertas en vidrio incluye la disposición final o la disposición que el fondo Nacional del Ahorro indique. | F41: m2 | G41: 61 | H41: 50667 | I41: 44100 | J41: =+ROUND(I41*G41,0) -> 2690100 | K41: =+I41-H41 -> -6567 | L41: =+I41/H41 -> 0.87038901
A42: 1.3. | C42: Desmonte de cielo raso en fibra mineral o en drywall incluye desmonte luminarias, retiro y disposición final de escombros. | F42: m2 | G42: 1070 | H42: 36183 | I42: 31500 | J42: =+ROUND(I42*G42,0) -> 33705000 | K42: =+I42-H42 -> -4683 | L42: =+I42/H42 -> 0.87057458
A43: 1.4. | C43: Desmonte de redes eléctricas existentes. Incluye la disposición final de los escombros o la disposición que el fondo Nacional del Ahorro indique. | F43: glb | G43: 1 | H43: 13063210 | I43: 11365000 | J43: =+ROUND(I43*G43,0) -> 11365000 | K43: =+I43-H43 -> -1698210 | L43: =+I43/H43 -> 0.87000056
A44: 1.5. | C44: Desmonte de puestos de trabajo tales como divisiones metálicas, superficies, cajoneras etc. Adicionalmente, incluye la disposición final de los escombros o la disposición que el fondo Nacional del Ahorro indique. | F44: und | G44: 135 | H44: 96339 | I44: 83800 | J44: =+ROUND(I44*G44,0) -> 11313000 | K44: =+I44-H44 -> -12539 | L44: =+I44/H44 -> 0.86984503
A45: 1.6. | C45: Suministro e instalación de muro provisional en Drywall de 1/2" a una sola cara, incluye estructura, cinta, estuco. A todo costo. | F45: m2 | G45: 78 | H45: 95199 | I45: 82800 | J45: =+ROUND(I45*G45,0) -> 6458400 | K45: =+I45-H45 -> -12399 | L45: =+I45/H45 -> 0.86975704
A46: 2.1. | C46: Suministro e instalación de columnetas metálicas en tubería cuadrada estructural de 100mmx100mm, calibre 12 acabado en pintura color negro semi-mate. Incluye platina soldada a la base y anclajes a placa de piso y retiro de escombros. | F46: ml | G46: 100 | H46: 203925 | I46: 177400 | J46: =+ROUND(I46*G46,0) -> 17740000 | K46: =+I46-H46 -> -26525 | L46: =+I46/H46 -> 0.86992767
A47: 2.2. | C47: Suministro e instalación de viguetas metálicas en tubería cuadrada estructural de 100mmx100mm, calibre12 acabado en pintura color negro semi-mate. Incluye soldadura a columnetas y retiro de escombros. | F47: ml | G47: 130 | H47: 186288 | I47: 162100 | J47: =+ROUND(I47*G47,0) -> 21073000 | K47: =+I47-H47 -> -24188 | L47: =+I47/H47 -> 0.87015803
A48: 3.1. | C48: Suministro e instalación de muro en Superboard de 8 mm, altura 2.40 m a dos caras. Incluye estructura metálica, anclaje, cinta, estuco y fondeo de acabado en pintura en vinilo tipo 1. | F48: m2 | G48: 30 | H48: 205133 | I48: 178500 | J48: =+ROUND(I48*G48,0) -> 5355000 | K48: =+I48-H48 -> -26633 | L48: =+I48/H48 -> 0.87016716
A49: 4.1. | C49: Suministro e instalación de cielorraso en Drywall de 1/2" a una sola cara, incluye estructura, cinta, estuco, capa fondeo y pintura. A todo costo. | F49: m2 | G49: 1301 | H49: 131613 | I49: 114500 | J49: =+ROUND(I49*G49,0) -> 148964500 | K49: =+I49-H49 -> -17113 | L49: =+I49/H49 -> 0.86997485
A50: 4.2. | C50: Suministro e instalación de Frescasa Eco Sin Papel 3 1/2″ para cielorraso en Drywall. A todo costo. | F50: m2 | G50: 1301 | H50: 33384 | I50: 29000 | J50: =+ROUND(I50*G50,0) -> 37729000 | K50: =+I50-H50 -> -4384 | L50: =+I50/H50 -> 0.86867961
A51: 5.1. | C51: Suministro e instalación de piso laminado de alto tráfico de alta densidad (HDF) de 890 a 900 Kgms x cm3 y resistencia a la humedad. Incluye plástico aislante y yumbolon de acuerdo a las características técnicas y el guardaescobas. | F51: m2 | G51: 1070 | H51: 194913 | I51: 169600 | J51: =+ROUND(I51*G51,0) -> 181472000 | K51: =+I51-H51 -> -25313 | L51: =+I51/H51 -> 0.8701318
... A72: 9.2. | C72: Pintura vinilo primera calidad tipo uno tres manos cielo falsos blanco. A todo costo, incluye lineales. | F72: m2 | G72: 230.61 | H72: 41123 | I72: 35800 | J72: =+ROUND(I72*G72,0) -> 8255838 | K72: =+I72-H72 -> -5323 | L72: =+I72/H72 -> 0.87055905
A73: TOTAL REPARACIONES LOCATIVAS - EDIFICIO CNA - PISO 2 | J73: =SUM(J40:J72) -> 1083891338 | K73: =+I73-H73 -> 0 | L73: =+I73/H73 -> #DIV/0!
A74: 5.5. | C74: Suministro e instalación de piso laminado de alto tráfico de alta densidad (HDF) de 890 a 900 Kgms x cm3 y resistencia a la humedad, para la zona de mesas del restaurante Incluye nivelación en zonas puntuales, plástico aislante, yumbolon de acuerdo con las características técnicas y el guardaescobas. | F74: m2 | G74: 450 | H74: 194913 | I74: 169600 | J74: =+ROUND(I74*G74,0) -> 76320000 | K74: =+I74-H74 -> -25313 | L74: =+I74/H74 -> 0.8701318
A75: 9.1. | C75: Suministro e instalación de estructura decorativa para plantas colgantes de 6,85m ancho x 1,00 m de profundo con viguetas cada 0,76 m en tubería metálica cuadrada 50x50x2.0mm con acabado en pintura electrostática negro mate incluye 6 puntos de apoyo en guaya de tipo colgante. incluye 3 lamparas segun imagen. | F75: und | G75: 2 | H75: 3334200 | I75: 2900800 | J75: =+ROUND(I75*G75,0) -> 5801600 | K75: =+I75-H75 -> -433400 | L75: =+I75/H75 -> 0.8700138
A76: 9.2. | C76: Suministro e instalación de estructura para microondas con módulos de 0,71 m de largo 0,56 m de profundo y 0,40 m de alto en tubería metálica cuadrada 50x50x3.0mm en pintura electrostática negro mate incluye 2 superficies en madera tipo madecor RH de 1" cada módulo y anclajes a la pared no visibles. | F76: und | G76: 12 | H76: 858374 | I76: 746800 | J76: =+ROUND(I76*G76,0) -> 8961600 | K76: =+I76-H76 -> -111574 | L76: =+I76/H76 -> 0.87001703
A77: 11.1. | C77: Resanes y pintura vinilo primera calidad tipo 1 a tres manos, aplica para muros interiores color blanco sobre pañete o repello liso. Incluyen andamios, escaleras y sistemas de seguridad de operación. A todo costo. | F77: m2 | G77: 222.23 | H77: 34663 | I77: 30200 | J77: =+ROUND(I77*G77,0) -> 6711346 | K77: =+I77-H77 -> -4463 | L77: =+I77/H77 -> 0.871246
A78: TOTAL REPARACIONES LOCATIVAS CASINO - EDIFICIO CONVENCIONES | J78: =SUM(J74:J77) -> 97794546 | K78: =+I78-H78 -> 0 | L78: =+I78/H78 -> #DIV/0!
A79: 1.1. | C79: Demolición muros Drywall incluye la disposición final de los escombros. | F79: m2 | G79: 161.58 | H79: 49033 | I79: 42700 | J79: =+ROUND(I79*G79,0) -> 6899466 | K79: =+I79-H79 -> -6333 | L79: =+I79/H79 -> 0.87084209
A80: 1.2. | C80: Desmonte de divisiones y puertas en vidrio incluye la disposición final o la disposición que el fondo Nacional del Ahorro indique. | F80: m2 | G80: 246.96 | H80: 97950 | I80: 85200 | J80: =+ROUND(I80*G80,0) -> 21040992 | K80: =+I80-H80 -> -12750 | L80: =+I80/H80 -> 0.86983155
A81: 1.3. | C81: Desmonte de cielo raso en fibra mineral o en drywall incluye desmonte luminarias, retiro y disposición final de escombros | F81: m2 | G81: 888.84 | H81: 36183 | I81: 31500 | J81: =+ROUND(I81*G81,0) -> 27998460 | K81: =+I81-H81 -> -4683 | L81: =+I81/H81 -> 0.87057458
A82: 1.4. | C82: Desmonte de redes eléctricas existentes. Incluye la disposición final de los escombros o la disposición que el fondo Nacional del Ahorro indique. | F82: glb | G82: 1 | H82: 6960160 | I82: 6055300 | J82: =+ROUND(I82*G82,0) -> 6055300 | K82: =+I82-H82 -> -904860 | L82: =+I82/H82 -> 0.86999437
A83: 1.5. | C83: Desmonte puestos de trabajo tales como divisiones metálicas, superficies, cajoneras etc. Adicionalmente, incluye la disposición final de los escombros o la disposición que el Fondo Nacional del Ahorro S.A. indique. | F83: und | G83: 150 | H83: 96339 | I83: 83800 | J83: =+ROUND(I83*G83,0) -> 12570000 | K83: =+I83-H83 -> -12539 | L83: =+I83/H83 -> 0.86984503
A84: 1.6. | C84: Suministro e instalación de muro provisional en Drywall de 1/2" a una sola cara, incluye estructura, cinta, estuco. A todo costo | F84: m2 | G84: 37.5 | H84: 95199 | I84: 82800 | J84: =+ROUND(I84*G84,0) -> 3105000 | K84: =+I84-H84 -> -12399 | L84: =+I84/H84 -> 0.86975704
A85: 2.1. | C85: Suministro e instalación de columnetas metálicas en tubería cuadrada estructural de 100mmx100mm, calibre 12 acabado en pintura color negro semi-mate. Incluye platina soldada a la base y anclajes a placa de piso y retiro de escombros. | F85: ml | G85: 121 | H85: 203925 | I85: 177400 | J85: =+ROUND(I85*G85,0) -> 21465400 | K85: =+I85-H85 -> -26525 | L85: =+I85/H85 -> 0.86992767
A86: 2.2. | C86: Suministro e instalación de viguetas metálicas en tubería cuadrada estructural de 100mmx100mm, calibre12 acabado en pintura color negro semi-mate. Incluye soldadura a columnetas y retiro de escombros. | F86: ml | G86: 145 | H86: 186288 | I86: 162100 | J86: =+ROUND(I86*G86,0) -> 23504500 | K86: =+I86-H86 -> -24188 | L86: =+I86/H86 -> 0.87015803
A87: 2.3. | C87: Suministro e instalación perfiles WPC textura madera. Para instalar en muros divisorios de dimensiones 10 cm x 5 cm. Incluye estructura anclajes y retiro de escombros. | F87: m2 | G87: 40 | H87: 240790 | I87: 209500 | J87: =+ROUND(I87*G87,0) -> 8380000 | K87: =+I87-H87 -> -31290 | L87: =+I87/H87 -> 0.87005274
A88: 3.1. | C88: Suministro e instalación de muro en Superboard, altura 2.40 m. a dos caras incluye estructura, anclaje, cinta, estuco y fondeo de acabado en pintura en vinilo tipo 1. | F88: m2 | G88: 5 | H88: 161174 | I88: 140200 | J88: =+ROUND(I88*G88,0) -> 701000 | K88: =+I88-H88 -> -20974 | L88: =+I88/H88 -> 0.86986735
A89: 4.1. | C89: Suministro e instalación de cielo raso en Drywall de 1/2" en diferentes niveles a una sola cara, incluye estructura, cinta, estuco, capa fondeo y pintura a 3 manos. A todo costo. | F89: m2 | G89: 888.84 | H89: 116086 | I89: 101000 | J89: =+ROUND(I89*G89,0) -> 89772840 | K89: =+I89-H89 -> -15086 | L89: =+I89/H89 -> 0.87004462
A90: 5.1. | C90: Suministro e instalación de piso laminado de alto tráfico de alta densidad (HDF) de 890 a 900 Kgms x cm3 y resistencia a la humedad Incluye plastico aislante y yumbolon, de acuerdo a las caracteristicas técnicas y el guardaescobas. | F90: m2 | G90: 888.84 | H90: 194913 | I90: 169600 | J90: =+ROUND(I90*G90,0) -> 150747264 | K90: =+I90-H90 -> -25313 | L90: =+I90/H90 -> 0.8701318
... A117: 10.4. | C117: Pintura vinilo primera calidad tipo uno a tres manos en muros interiores verde institucional. A todo costo, incluye lineales. | F117: m2 | G117: 25 | H117: 38208 | I117: 33200 | J117: =+ROUND(I117*G117,0) -> 830000 | K117: =+I117-H117 -> -5008 | L117: =+I117/H117 -> 0.86892797
A118: TOTAL REPARACIONES LOCATIVAS - EDIFICIO CONVENCIONES - PISO 4 | J118: =SUM(J79:J117) -> 828602539 | K118: =+I118-H118 -> 0 | L118: =+I118/H118 -> #DIV/0!
A119: 1.1. | C119: Desmonte de cielo raso en fibra mineral o en drywall, incluye desmonte de 113 luminarias tipo panel Led de 60 x 60 luz neutra 4000K y retiro con su disposición final de escombros. | F119: m2 | G119: 860 | H119: 38338 | I119: 33400 | J119: =+ROUND(I119*G119,0) -> 28724000 | K119: =+I119-H119 -> -4938 | L119: =+I119/H119 -> 0.87119829
A120: 1.2. | C120: Desmonte de puestos de trabajo tales como divisiones metálicas, superficies, cajoneras etc. Adicionalmente, incluye la disposición final de los escombros o la disposición que el fondo Nacional del Ahorro indique. | F120: und | G120: 180 | H120: 96339 | I120: 83800 | J120: =+ROUND(I120*G120,0) -> 15084000 | K120: =+I120-H120 -> -12539 | L120: =+I120/H120 -> 0.86984503
A121: 1.3. | C121: Suministro e instalación de muro provisional en Drywall de 1/2" a una sola cara, incluye estructura, cinta, estuco. A todo costo. | F121: m2 | G121: 4 | H121: 95199 | I121: 82800 | J121: =+ROUND(I121*G121,0) -> 331200 | K121: =+I121-H121 -> -12399 | L121: =+I121/H121 -> 0.86975704
A122: 2.1. | C122: Suministro e instalación de cielorraso en Drywall de 1/2" a una sola cara, incluye estructura, cinta, estuco y capa fondeo pintura. A todo costo. | F122: m2 | G122: 860 | H122: 130620 | I122: 113600 | J122: =+ROUND(I122*G122,0) -> 97696000 | K122: =+I122-H122 -> -17020 | L122: =+I122/H122 -> 0.86969836
A123: 3.1. | C123: Suministro e instalación de piso laminado de alto tráfico de alta densidad (HDF) de 890 a 900 Kgms x cm3 y resistencia a la humedad. Incluye plástico aislante y yumbolon de acuerdo a las características técnicas y el guardaescobas. | F123: m2 | G123: 860 | H123: 194913 | I123: 169600 | J123: =+ROUND(I123*G123,0) -> 145856000 | K123: =+I123-H123 -> -25313 | L123: =+I123/H123 -> 0.8701318
A124: 4.1. | C124: Suministro e instalación de lámpara de techo colgante lineal estilo cortina de luz, acabado negro y luz neutra. Dimensiones: 120x4x7cm. Largo de la guaya: 100cm, incluye acometida eléctrica y accesorios. | F124: und | G124: 20 | H124: 319533 | I124: 278000 | J124: =+ROUND(I124*G124,0) -> 5560000 | K124: =+I124-H124 -> -41533 | L124: =+I124/H124 -> 0.87001968
A125: 4.2. | C125: Suministro e instalación de panel LED de incrustar redondo acabado blanco, 24 w, luz neutra 4000K, dimensiones : diámetro 30 cm. Incluye acometida eléctrica y accesorios. | F125: und | G125: 20 | H125: 233891 | I125: 203500 | J125: =+ROUND(I125*G125,0) -> 4070000 | K125: =+I125-H125 -> -30391 | L125: =+I125/H125 -> 0.87006341
A126: 4.3. | C126: Reinstalación de panel LED cuadrado de dimensiones 60x60 cm luz neutra 4000K preexistentes. A todo costo, cumpliendo norma RETIE. | F126: und | G126: 113 | H126: 98830 | I126: 86000 | J126: =+ROUND(I126*G126,0) -> 9718000 | K126: =+I126-H126 -> -12830 | L126: =+I126/H126 -> 0.87018112
A127: 4.4. | C127: Suministro e instalación de luminaria de emergencia con autonomía de 90 minutos certificada RETILAP. | F127: und | G127: 8 | H127: 215750 | I127: 187700 | J127: =+ROUND(I127*G127,0) -> 1501600 | K127: =+I127-H127 -> -28050 | L127: =+I127/H127 -> 0.86998841
A128: 4.5. | C128: Suministro e instalación de luminaria de emergencia de aviso de evacuación con autonomía de 90 minutos certificada RETILAP. | F128: und | G128: 4 | H128: 200830 | I128: 174700 | J128: =+ROUND(I128*G128,0) -> 698800 | K128: =+I128-H128 -> -26130 | L128: =+I128/H128 -> 0.86988996
A129: 5.1. | C129: Suministro e instalación de Puerta en madecor entamborada de 0,90 m de ancho por 2.20 m de alto, incluye marcos, chapa, cantonera y todo lo necesario para su instalación y funcionamiento. | F129: und | G129: 1 | H129: 1025000 | I129: 891800 | J129: =+ROUND(I129*G129,0) -> 891800 | K129: =+I129-H129 -> -133200 | L129: =+I129/H129 -> 0.87004878
A130: 6.1. | C130: Pintura vinilo primera calidad tipo uno tres manos muros interiores blancos. A todo costo, incluye lineales. | F130: m2 | G130: 880 | H130: 35833 | I130: 31200 | J130: =+ROUND(I130*G130,0) -> 27456000 | K130: =+I130-H130 -> -4633 | L130: =+I130/H130 -> 0.87070577
A131: TOTAL REPARACIONES LOCATIVAS - TORRE DE TECNOLOGÍA - PISO 2 | J131: =SUM(J119:J130) -> 337587400 | K131: =+I131-H131 -> 0 | L131: =+I131/H131 -> #DIV/0!
A132: BOLSA DE ITEMS NO PREVISTOS (10%) | I132: =+ROUND(J132*10%,0) -> 338820426 | J132: =+J118+J78+J73+J39+J131 -> 3388204259
A133: ADMINISTRACIÓN | E133: 0.12 | I133: 0.12 | J133: =J132*I133 -> 4.0658451e+08 | K133: =+I133-E133 -> 0 | L133: =+I133/E133 -> 1
A134: IMPREVISTOS | E134: 0.03 | I134: 0.03 | J134: =J132*I134 -> 1.0164613e+08 | K134: =+I134-E134 -> 0 | L134: =+I134/E134 -> 1
A135: UTILIDAD | E135: 0.07 | I135: 0.07 | J135: =J132*I135 -> 2.371743e+08 | K135: =+I135-E135 -> 0 | L135: =+I135/E135 -> 1
A136: IVA SOBRE UTILIDAD | E136: 0.19 | I136: 0.19 | J136: =J135*I136 -> 45063117
A137: TOTAL + AIU + IVA SOBRE LA UTILIDAD | I137: =SUM(I132:I136) -> 3.3882043e+08 | J137: =SUM(J132:J136) -> 4.1786723e+09
A138: VALOR OFERTA ECONOMICA | J138: =+I137+J137 -> 4.5174927e+09 | K138: =+J138-'CONSOLIDADO FINANCIERO'!L7 -> -7.6543923e+08 | L138: =+J138/'CONSOLIDADO FINANCIERO'!L7 -> 0.85511091 | M138: =+L138-1 -> -0.14488909
A140: Adicionalmente, declaro: a) Que los valores registrados en la presente oferta económica incluyen todos los costos, impuestos, gastos y erogaciones en los que incurra para el cumplimiento, cabal e íntegro cumplimiento de la presente propuesta, y por lo tanto EL FONDO NACIONAL DEL AHORRO SA no deberá reconocernos ningún valor adicional al que hemos registrado en la presente oferta, y por ningún concepto y no serán aumentados en ninguna forma durante la ejecución del contrato. b) Que he leído cuidadosamente los documentos del FNA y elaboré mi propuesta ajustada a los mismos. c) Que nos comprometemos a proveer al FONDO NACIONAL DEL AHORRO SA, en caso de resultar aceptada la presente, todos los servicios que hacen parte de la ofertar, la justificación de la necesidad y a garantizar la calidad de estos. d) Manifestamos que hemos realizado el examen completo y cuidadoso, y que hemos investigado plenamente las condiciones del contrato que nos comprometemos a ejecutar, así como los riesgos que del mismo se derivan y declaramos que se encuentra bajo nuestra responsabilidad y es nuestra especialidad técnica el conocimiento detallado de los servicios objeto de la presente contratación y en general que conocemos todos los factores determinantes de los costos de ejecución del contrato a suscribir, los cuales se encuentran incluidos en los términos de nuestra propuesta. e) Que los valores registrados en la presente oferta económica contienen las condiciones y especificaciones técnicas descritas en los documentos del proceso. f) Que durante la ejecución del contrato no se incrementaran los valores o tasas ofertadas g) Autorizo al FONDO NACIONAL DEL AHORRO SA a efectuar la verificación aritmética de las operaciones que se registran en la presente oferta económica, y en caso de presentarse error, le solicito que para todos los efectos legales asuma el valor corregido como valor propuesto. h) Que los valores aquí contemplados, obedecen a una estructura de costos y proyecciones estimadas para las vigencias requeridas (años estimados de ejecución: 2024 y 2025), teniendo en cuenta todas las variables que pueden afectar los precios, tales como los índices de inflación (IPC), salarios, TRM, cambios en la reglamentación gubernamental, entre otros, según aplique.
A142: Atentamente,
A145: Firma _________________________________________________________
A146: Nombre o Razón Social del Oferente UNIÓN TEMPORAL AMF-ELATIN
A147: Nombre del Representante Legal JUAN DAVID TRUJILLO POTES
A148: Nit o Cédula de Ciudadanía No18.511.653
A149: Dirección Carrera 16 BIS # 11-34
A150: Ciudad Pereira - Risaralda
A151: Teléfono 3122371175
A152: Fax N/A Correo electrónico jdtrujillo@elatin.co

Sheet 3 DIARQCO
A1: 3 | C1: FONDO NACIONAL DEL AHORRO
C3: OBJETO PROCESO | D3: =+'CONSOLIDADO FINANCIERO'!L5 -> REALIZAR LAS REPARACIONES LOCATIVAS DE LA INFRAESTRUCTURA FÍSICA DE LA SEDE PRINCIPAL - CNA DEL FONDO NACIONAL DEL AHORRO S.A.
C4: NUMERO DE PROCESO | D4: =+'CONSOLIDADO FINANCIERO'!D6 -> FNA-VGHA-CP-015-2024
C5: PROPONENTE | D5: =+'CONSOLIDADO FINANCIERO'!L7 -> 5282931966
C7: VERIFICACION EXPEDICIÓN REGISTRO UNICO DE PROPONENTES
C8: DIARQCO CONSTRUCTORES SAS NIT: 900185357 2
C9: FECHA CIERRE PROCESO | D9: 45643
C10: FECHA EXPEDICION RUP | D10: 45621 | J10: =IF(D10>=O10,"CUMPLE","NO CUMPLE") -> CUMPLE | L10: mm / dd / aa | M10: =IF(J10="CUMPLE",0,1) -> 0 | N10: =+TODAY()-30 -> 45622 | O10: =+D9-30 -> 45613 | P10: 30 días anteriores
C11: FECHA ULTIMA RENOVACION | D11: 45383 | J11: =IF(D10>=O11,"CUMPLE","NO CUMPLE") -> CUMPLE | L11: mm / dd / aa | M11: =IF(J11="CUMPLE",0,1) -> 0 | O11: =+D11+15 -> 45398 | P11: 10 días hábiles
C12: FECHA DE LOS ESTADOS FINANCIEROS | D12: 45291 | J12: =IF(D10>=O12,"CUMPLE","NO CUMPLE") -> CUMPLE | L12: mm / dd / aa | M12: =IF(J12="CUMPLE",0,1) -> 0 | O12: =+D12+15 -> 45306
C15: FECHA CIERRE PROCESO | D15: 45638
C16: FECHA EXPEDICION RUP | D16: 45616 | J16: =IF(D16>=O16,"CUMPLE","NO CUMPLE") -> CUMPLE | L16: mm / dd / aa | M16: =IF(J16="CUMPLE",0,1) -> 0 | O16: =+D15-30 -> 45608 | P16: 30 días anteriores
C17: FECHA ULTIMA RENOVACION | D17: 45416 | J17: =IF(D16>=O17,"CUMPLE","NO CUMPLE") -> CUMPLE | L17: mm / dd / aa | M17: =IF(J17="CUMPLE",0,1) -> 0 | O17: =+D17+15 -> 45431 | P17: 10 días hábiles
C18: FECHA DE LOS ESTADOS FINANCIEROS | D18: 45291 | J18: =IF(D16>=O18,"CUMPLE","NO CUMPLE") -> CUMPLE | L18: mm / dd / aa | M18: =IF(J18="CUMPLE",0,1) -> 0 | O18: =+D18+15 -> 45306
C22: FECHA CIERRE PROCESO
C23: FECHA EXPEDICION RUP | L23: mm / dd / aa | M23: =IF(J23="CUMPLE",0,1) -> 1 | O23: =+D22-30 -> -30 | P23: 30 días anteriores
C24: FECHA ULTIMA RENOVACION | L24: mm / dd / aa | M24: =IF(J24="CUMPLE",0,1) -> 1 | O24: =+D24+15 -> 15 | P24: 10 días hábiles
C25: FECHA DE LOS ESTADOS FINANCIEROS | L25: mm / dd / aa | M25: =IF(J25="CUMPLE",0,1) -> 1 | O25: =+D25+15 -> 15
C27: VERIFICACIÓN REQUISITOS HABILITANTES FINANCIEROS
A29: NUMERAL | B29: VERIFICACIÓN DE LA CAPACIDAD FINANCIERA | C29: DESCRIPCION | D29: CRITERIO | E29: ITEM | F29: =+C8 -> DIARQCO CONSTRUCTORES SAS NIT: 900185357 2 | I29: INDICADOR | J29: RESULTADO VERIFICACION | K29: DOCUMENTO ELECTRONICO | L29: OBSERVACIONES
F30: 1
A31: 4.3.1 | B31: 4.3.1 CAPACIDAD FINANCIERA | C31: Capital de Trabajo >= 25% POE | D31: ='CONSOLIDADO FINANCIERO'!L7*25% -> 1.320733e+09 | E31: Activo Corriente | F31: 14423697000 | I31: =(F31-F32)+(G31-G32) -> 13748950000 | J31: =IF(I31>=D31,"CUMPLE","NO CUMPLE") -> CUMPLE | K31: Registro Único de Proponentes | L31: El proponente cumple con los indicadores establecidos en las reglas de participación de conformidad con lo estabecido en el numeral 4.3 4.3. REQUISITOS MÍNIMOS HABILITANTES FINANCIEROS Y CAPACIDAD ORGANIZACIONAL de las reglas de participación | M31: =IF(J31="CUMPLE",0,1) -> 0
E32: Pasivo Corriente | F32: 674747000
A33: 4.3.1 | B33: =B31 -> 4.3.1 CAPACIDAD FINANCIERA | C33: Índice de Liquidez | D33: 1.9 | E33: Activo Corriente | F33: =+F31 -> 14423697000 | I33: =+((F33*F30)+(G33*G30)+(H33*H30))/((F34*F30)+(G34*G30)+(H34*H30)) -> 21.376452 | J33: =IF(I33>=D33,"CUMPLE","NO CUMPLE") -> CUMPLE | K33: Registro Único de Proponentes | M33: =IF(J33="CUMPLE",0,1) -> 0
E34: Pasivo Corriente | F34: =+F32 -> 674747000
A35: 4.3.1 | B35: =B33 -> 4.3.1 CAPACIDAD FINANCIERA | C35: Nivel de Endeudamiento | D35: 0.6 | E35: Pasivo Total | F35: 7736060000 | I35: =((F35*F30)+(G35*G30)+(H35*H30))/((F36*F30)+(G36*G30)+(H36*H30)) -> 0.48399382 | J35: =IF(I35<=D35,"CUMPLE","NO CUMPLE") -> CUMPLE | K35: Registro Único de Proponentes | M35: =IF(J35="CUMPLE",0,1) -> 0
E36: Activo Total | F36: 15983799000
A37: 4.3.1 | B37: =B35 -> 4.3.1 CAPACIDAD FINANCIERA | C37: Razón de Cobertura de Intereses | D37: 1.49 | E37: Utilidad Operacional | F37: 1843373000 | I37: =((F37*F30)+(G37*G30)+(H37*H30))/((F38*F30)+(G38*G30)+(H38*H30)) -> 5.2766549 | J37: =IF(I37>=D37,"CUMPLE","NO CUMPLE") -> CUMPLE | K37: Registro Único de Proponentes | M37: =IF(J37="CUMPLE",0,1) -> 0
E38: Gastos de Intereses | F38: 349345000
A39: 4.3.2 | B39: 4.3.2 capacidad Organizacional | C39: Rentabilidad sobre Patrimonio | D39: 0.11 | E39: Utilidad Operacional | F39: =+F37 -> 1843373000 | I39: =((F39*F30)+(G39*G30)+(H39*H30))/((F40*F30)+(G40*G30)+(H40*H30)) -> 0.2235004 | J39: =IF(I39>=D39,"CUMPLE","NO CUMPLE") -> CUMPLE | K39: Registro Único de Proponentes | M39: =IF(J39="CUMPLE",0,1) -> 0
E40: Patrimonio | F40: 8247739000
A41: 4.3.2 | B41: =+B39 -> 4.3.2 capacidad Organizacional | C41: Rentabilidad sobre Activo | D41: 0.05 | E41: Utilidad Operacional | F41: =+F37 -> 1843373000 | I41: =((F41*F30)+(G41*G30)+(H41*H30))/((F42*F30)+(G42*G30)+(H42*H30)) -> 0.11532759 | J41: =IF(I41>=D41,"CUMPLE","NO CUMPLE") -> CUMPLE | K41: Registro Único de Proponentes | M41: =IF(J41="CUMPLE",0,1) -> 0
E42: Activo total | F42: =+F36 -> 15983799000
A43: 4.3.1 | B43: =B31 -> 4.3.1 CAPACIDAD FINANCIERA | C43: Patrimonio ≥ 30% POE | D43: ='CONSOLIDADO FINANCIERO'!L7*30% -> 1.5848796e+09 | E43: Activo total | F43: =+F36 -> 15983799000 | I43: =(F43-F44)+(G43-G44) -> 8247739000 | J43: =IF(I43>=D43,"CUMPLE","NO CUMPLE") -> CUMPLE | K43: Registro Único de Proponentes | M43: =IF(J43="CUMPLE",0,1) -> 0
E44: Pasivo total | F44: =+F35 -> 7736060000
E45: RESULTADO | I45: =IF(M45>0,"NO CUMPLE","CUMPLE") -> CUMPLE | M45: =SUM(M31:M44) -> 0

Sheet OFERTA DIARQCO
E1: FONDO NACIONAL DEL AHORRO S.A.
A5: FORMATO No. 9 - PROPUESTA ECONOMICA
A6: Número del Proceso | E6: FNA-VGHA-CP-015-2024
A7: Descripción del Proceso: | E7: REALIZAR LAS REPARACIONES LOCATIVAS DE LA INFRAESTRUCTURA FÍSICA DE LA SEDE PRINCIPAL – CNA DEL FONDO NACIONAL DEL AHORRO S.A.
A8: Nombre del Oferente | E8: DIARQCO CONSTRUCTORES S.A.S
A9: NIT | E9: 900.185.357-2
A10: Representante Legal | E10: Carmen Elisa Rodriguez Gonzalez
A11: C.C | E11: 39.620.686 de Fusagasugá
A12: 1. El valor de la oferta económica deber ser expresado en PESOS COLOMBIANOS. 2. Asignar valor en las casillas "VALOR UNITARIO SIN IVA" y el porcentaje en "Administración", "Imprevistos" y "Utilidad". El valor del IVA se aplica sobre la Utilidad corresponde con la regulación tributaria vigente. 3. El oferente deberá tener en cuenta todos los gravámenes, impuestos tasas y demás contribuciones para la estimación del presupuesto. 4. No modificar, agregar o quitar ningún ítem o sub-ítem, so pena de encontrarse inmerso en causal de rechazo. 5. Todos los valores deberán estar ajustados al peso, es decir, sin decimales. Para el efecto, se aplicará la formula redondeo de Excel. 6. No podrá superar los VALORES UNITARIO SIN IVA REFERENCIA establecidos por la entidad ni tampoco podra ser cero (0) so pena de rechazo por encontrarse inmerso en causal de rechazo. 7. No podrá superar el Presupuesto Oficial Estimado so pena de encontrarse inmerso en causal de rechazo. 8.El oferente no podrá cambiar, eliminar la formulación. NOTA • El contratista deberá prever la proyección del presupuesto para el plazo de ejecución del contrato. El FNA no asumirán los costos adicionales generados por el IPC de los años subsiguientes o cualquier otro sistema de actualización de precios; en el caso que exista reglamentación gubernamental de incrementos salariales durante la ejecución del contrato, éstos deben ser contemplados por el contratista dentro del valor de la ofertado. • Tiempo estimado de ejecución: 12 meses • Los precios ofertados se deberán mantener durante la ejecución del contrato independientemente de la fecha de inicio de ejecución del contrato.
A14: ÍTEM | C14: ACTIVIDAD | F14: UNIDAD DE MEDIDA | G14: CANTIDAD | H14: VALOR UNITARIO SIN IVA (NO MODIFICAR) | I14: VALORES OFERTADOS
I15: VALOR UNITARIO SIN IVA | J15: VALOR TOTAL | K15: VERIFICACION PRECIOS TECHO | L15: VERIFICACION PRCIOS ARTIFIALMENTE BAJOS
A16: 1.1. | C16: Retiro, reparación y reposicion puntual de junta entre laminas (junta con factor forma 2cmx1cm), mediante el uso de fondo de junta tipo sika rod y sello elastomérico de poliuretano en color negro, con alta resistencia a la intemperie incluye andamio colgante o toda instalación provisional que permita el cumplimiento de la actividad. | F16: ml | G16: 2000 | H16: 16341 | I16: 15747 | J16: =+ROUND(I16*G16,0) -> 31494000 | K16: =+I16-H16 -> -594 | L16: =+I16/H16 -> 0.96364972
A17: 1.2. | C17: Pintura exterior tipo coraza para muros sobre pañete incluye toda instalación provisional que permita el cumplimiento de la actividad. | F17: m2 | G17: 300 | H17: 43227 | I17: 41656 | J17: =+ROUND(I17*G17,0) -> 12496800 | K17: =+I17-H17 -> -1571 | L17: =+I17/H17 -> 0.96365697
A18: 2.1. | C18: Retiro de impermeabilización existente y mortero de nivelación. Incluye el retiro y disposición final de escombros (Edificio Convenciones y Edificio CNA zona "L"). | F18: m2 | G18: 2332.42 | H18: 30375 | I18: 29271 | J18: =+ROUND(I18*G18,0) -> 68272266 | K18: =+I18-H18 -> -1104 | L18: =+I18/H18 -> 0.96365432
A19: 2.2. | C19: Instalación de mortero de nivelación con materiales de SIKA o similares características, previo a la instalación de la impermeabilización (Edificio Convenciones y Edificio CNA zona "L"). | F19: m2 | G19: 2332.42 | H19: 64685 | I19: 62334 | J19: =+ROUND(I19*G19,0) -> 145389068 | K19: =+I19-H19 -> -2351 | L19: =+I19/H19 -> 0.96365463
A20: 2.3. | C20: Impermeabilización de placa de cubierta plana transitable, no ventilada, con piso fijo, tipo convencional, para tráfico peatonal privado. Tipo Sika o de similares características con uso de mantos asfálticos, tipo bicapa (Edificio Convenciones y Edificio CNA zona "L"). | F20: m2 | G20: 2332.42 | H20: 129968 | I20: 125244 | J20: =+ROUND(I20*G20,0) -> 292121610 | K20: =+I20-H20 -> -4724 | L20: =+I20/H20 -> 0.96365259
A21: 2.4. | C21: Desmonte de ventaneria con vidrios en celosía ubicados en culata de cubierta en el edificio CNA. | F21: m2 | G21: 150 | H21: 53922 | I21: 51962 | J21: =+ROUND(I21*G21,0) -> 7794300 | K21: =+I21-H21 -> -1960 | L21: =+I21/H21 -> 0.9636512
A22: 2.5. | C22: Suministro e instalación de sistema de ventanas en vidrio fijas (sin básculante) en reemplazo de las ventanas en vidrio retiradas, ubicados en culata de cubierta en el edificio CNA. | F22: m2 | G22: 150 | H22: 305942 | I22: 294821 | J22: =+ROUND(I22*G22,0) -> 44223150 | K22: =+I22-H22 -> -11121 | L22: =+I22/H22 -> 0.96364997
A23: 2.6. | C23: Retiro de canaletas existentes y suministro e instalación de canaletas metálicas de sección trapezoidal elaboradas en acero galvanizado calibre 16 de acuerdo con las necesidades técnicas de la cubierta de aguas lluvia, incluye la instalación de la soportería para el anclaje de la canaleta en el edificio CNA. | F23: ml | G23: 231 | H23: 125271 | I23: 120717 | J23: =+ROUND(I23*G23,0) -> 27885627 | K23: =+I23-H23 -> -4554 | L23: =+I23/H23 -> 0.96364681
A24: 2.7. | C24: Retiro de instalación existente y suministro e instalación de soscos para la bajante de agua lluvia ø 4" en PVC con su respectivo sifón para evitar malos olores, incluye la instalación de la soportería para el anclaje en el edificio CNA. | F24: und | G24: 50 | H24: 88909 | I24: 85677 | J24: =+ROUND(I24*G24,0) -> 4283850 | K24: =+I24-H24 -> -3232 | L24: =+I24/H24 -> 0.96364822
A25: 2.8. | C25: Limpieza y mantenimientos de tubería bajante de agua lluvia ø 4" en PVC, en el edificio CNA. | F25: und | G25: 50 | H25: 97000 | I25: 93474 | J25: =+ROUND(I25*G25,0) -> 4673700 | K25: =+I25-H25 -> -3526 | L25: =+I25/H25 -> 0.96364948
A26: 3.1. | C26: Desmonte de cielo raso en fibra mineral o en drywall incluye desmonte luminarias, retiro y disposición final de escombros. | F26: m2 | G26: 80 | H26: 38338 | I26: 36944 | J26: =+ROUND(I26*G26,0) -> 2955520 | K26: =+I26-H26 -> -1394 | L26: =+I26/H26 -> 0.96363921
A27: 3.2. | C27: Mantenimiento de cielo raso en fibra mineral. Incluye cambio, pintura y/o reutilización de láminas en fibra mineral, instalación de anclajes y arreglo de perfilería descolgada y colocación de soportes. | F27: m2 | G27: 1800 | H27: 35000 | I27: 33728 | J27: =+ROUND(I27*G27,0) -> 60710400 | K27: =+I27-H27 -> -1272 | L27: =+I27/H27 -> 0.96365714
... A38: 6.1. | C38: Resanes y pintura vinilo primera calidad tipo 1 a tres manos, aplica para muros interiores color blanco sobre pañete o repello liso. A todo costo. | F38: m2 | G38: 4500 | H38: 34663 | I38: 33403 | J38: =+ROUND(I38*G38,0) -> 150313500 | K38: =+I38-H38 -> -1260 | L38: =+I38/H38 -> 0.96365
A39: TOTAL REPARACIONES LOCATIVAS GENERALES SEDE PRINCIPAL | J39: =SUM(J16:J38) -> 1151954128 | K39: =+I39-H39 -> 0 | L39: =+I39/H39 -> #DIV/0!
A40: 1.1. | C40: Demolición muros Drywall incluye la disposición final de los escombros. | F40: m2 | G40: 250 | H40: 49033 | I40: 47251 | J40: =+ROUND(I40*G40,0) -> 11812750 | K40: =+I40-H40 -> -1782 | L40: =+I40/H40 -> 0.96365713
A41: 1.2. | C41: Desmonte de divisiones y puertas en vidrio incluye la disposición final o la disposición que el fondo Nacional del Ahorro indique. | F41: m2 | G41: 61 | H41: 50667 | I41: 48825 | J41: =+ROUND(I41*G41,0) -> 2978325 | K41: =+I41-H41 -> -1842 | L41: =+I41/H41 -> 0.96364498
A42: 1.3. | C42: Desmonte de cielo raso en fibra mineral o en drywall incluye desmonte luminarias, retiro y disposición final de escombros. | F42: m2 | G42: 1070 | H42: 36183 | I42: 34868 | J42: =+ROUND(I42*G42,0) -> 37308760 | K42: =+I42-H42 -> -1315 | L42: =+I42/H42 -> 0.96365697
A43: 1.4. | C43: Desmonte de redes eléctricas existentes. Incluye la disposición final de los escombros o la disposición que el fondo Nacional del Ahorro indique. | F43: glb | G43: 1 | H43: 13063210 | I43: 12588362 | J43: =+ROUND(I43*G43,0) -> 12588362 | K43: =+I43-H43 -> -474848 | L43: =+I43/H43 -> 0.96364998
A44: 1.5. | C44: Desmonte de puestos de trabajo tales como divisiones metálicas, superficies, cajoneras etc. Adicionalmente, incluye la disposición final de los escombros o la disposición que el fondo Nacional del Ahorro indique. | F44: und | G44: 135 | H44: 96339 | I44: 92837 | J44: =+ROUND(I44*G44,0) -> 12532995 | K44: =+I44-H44 -> -3502 | L44: =+I44/H44 -> 0.9636492
A45: 1.6. | C45: Suministro e instalación de muro provisional en Drywall de 1/2" a una sola cara, incluye estructura, cinta, estuco. A todo costo. | F45: m2 | G45: 78 | H45: 95199 | I45: 91739 | J45: =+ROUND(I45*G45,0) -> 7155642 | K45: =+I45-H45 -> -3460 | L45: =+I45/H45 -> 0.96365508
A46: 2.1. | C46: Suministro e instalación de columnetas metálicas en tubería cuadrada estructural de 100mmx100mm, calibre 12 acabado en pintura color negro semi-mate. Incluye platina soldada a la base y anclajes a placa de piso y retiro de escombros. | F46: ml | G46: 100 | H46: 203925 | I46: 196512 | J46: =+ROUND(I46*G46,0) -> 19651200 | K46: =+I46-H46 -> -7413 | L46: =+I46/H46 -> 0.9636484
A47: 2.2. | C47: Suministro e instalación de viguetas metálicas en tubería cuadrada estructural de 100mmx100mm, calibre12 acabado en pintura color negro semi-mate. Incluye soldadura a columnetas y retiro de escombros. | F47: ml | G47: 130 | H47: 186288 | I47: 179516 | J47: =+ROUND(I47*G47,0) -> 23337080 | K47: =+I47-H47 -> -6772 | L47: =+I47/H47 -> 0.96364769
A48: 3.1. | C48: Suministro e instalación de muro en Superboard de 8 mm, altura 2.40 m a dos caras. Incluye estructura metálica, anclaje, cinta, estuco y fondeo de acabado en pintura en vinilo tipo 1. | F48: m2 | G48: 30 | H48: 205133 | I48: 197676 | J48: =+ROUND(I48*G48,0) -> 5930280 | K48: =+I48-H48 -> -7457 | L48: =+I48/H48 -> 0.96364797
A49: 4.1. | C49: Suministro e instalación de cielorraso en Drywall de 1/2" a una sola cara, incluye estructura, cinta, estuco, capa fondeo y pintura. A todo costo. | F49: m2 | G49: 1301 | H49: 131613 | I49: 126829 | J49: =+ROUND(I49*G49,0) -> 165004529 | K49: =+I49-H49 -> -4784 | L49: =+I49/H49 -> 0.96365101
A50: 4.2. | C50: Suministro e instalación de Frescasa Eco Sin Papel 3 1/2″ para cielorraso en Drywall. A todo costo. | F50: m2 | G50: 1301 | H50: 33384 | I50: 32170 | J50: =+ROUND(I50*G50,0) -> 41853170 | K50: =+I50-H50 -> -1214 | L50: =+I50/H50 -> 0.96363527
A51: 5.1. | C51: Suministro e instalación de piso laminado de alto tráfico de alta densidad (HDF) de 890 a 900 Kgms x cm3 y resistencia a la humedad. Incluye plástico aislante y yumbolon de acuerdo a las características técnicas y el guardaescobas. | F51: m2 | G51: 1070 | H51: 194913 | I51: 187828 | J51: =+ROUND(I51*G51,0) -> 200975960 | K51: =+I51-H51 -> -7085 | L51: =+I51/H51 -> 0.96365045
... A72: 9.2. | C72: Pintura vinilo primera calidad tipo uno tres manos cielo falsos blanco. A todo costo, incluye lineales. | F72: m2 | G72: 230.61 | H72: 41123 | I72: 39628 | J72: =+ROUND(I72*G72,0) -> 9138613 | K72: =+I72-H72 -> -1495 | L72: =+I72/H72 -> 0.96364565
A73: TOTAL REPARACIONES LOCATIVAS - EDIFICIO CNA - PISO 2 | J73: =SUM(J40:J72) -> 1200662509 | K73: =+I73-H73 -> 0 | L73: =+I73/H73 -> #DIV/0!
A74: 5.5. | C74: Suministro e instalación de piso laminado de alto tráfico de alta densidad (HDF) de 890 a 900 Kgms x cm3 y resistencia a la humedad, para la zona de mesas del restaurante Incluye nivelación en zonas puntuales, plástico aislante, yumbolon de acuerdo con las características técnicas y el guardaescobas. | F74: m2 | G74: 450 | H74: 194913 | I74: 187828 | J74: =+ROUND(I74*G74,0) -> 84522600 | K74: =+I74-H74 -> -7085 | L74: =+I74/H74 -> 0.96365045
A75: 9.1. | C75: Suministro e instalación de estructura decorativa para plantas colgantes de 6,85m ancho x 1,00 m de profundo con viguetas cada 0,76 m en tubería metálica cuadrada 50x50x2.0mm con acabado en pintura electrostática negro mate incluye 6 puntos de apoyo en guaya de tipo colgante. incluye 3 lamparas segun imagen. | F75: und | G75: 2 | H75: 3334200 | I75: 3213002 | J75: =+ROUND(I75*G75,0) -> 6426004 | K75: =+I75-H75 -> -121198 | L75: =+I75/H75 -> 0.96365005
A76: 9.2. | C76: Suministro e instalación de estructura para microondas con módulos de 0,71 m de largo 0,56 m de profundo y 0,40 m de alto en tubería metálica cuadrada 50x50x3.0mm en pintura electrostática negro mate incluye 2 superficies en madera tipo madecor RH de 1" cada módulo y anclajes a la pared no visibles. | F76: und | G76: 12 | H76: 858374 | I76: 827172 | J76: =+ROUND(I76*G76,0) -> 9926064 | K76: =+I76-H76 -> -31202 | L76: =+I76/H76 -> 0.96364988
A77: 11.1. | C77: Resanes y pintura vinilo primera calidad tipo 1 a tres manos, aplica para muros interiores color blanco sobre pañete o repello liso. Incluyen andamios, escaleras y sistemas de seguridad de operación. A todo costo. | F77: m2 | G77: 222.23 | H77: 34663 | I77: 33403 | J77: =+ROUND(I77*G77,0) -> 7423149 | K77: =+I77-H77 -> -1260 | L77: =+I77/H77 -> 0.96365
A78: TOTAL REPARACIONES LOCATIVAS CASINO - EDIFICIO CONVENCIONES | J78: =SUM(J74:J77) -> 108297817 | K78: =+I78-H78 -> 0 | L78: =+I78/H78 -> #DIV/0!
A79: 1.1. | C79: Demolición muros Drywall incluye la disposición final de los escombros. | F79: m2 | G79: 161.58 | H79: 49033 | I79: 47251 | J79: =+ROUND(I79*G79,0) -> 7634817 | K79: =+I79-H79 -> -1782 | L79: =+I79/H79 -> 0.96365713
A80: 1.2. | C80: Desmonte de divisiones y puertas en vidrio incluye la disposición final o la disposición que el fondo Nacional del Ahorro indique. | F80: m2 | G80: 246.96 | H80: 97950 | I80: 94390 | J80: =+ROUND(I80*G80,0) -> 23310554 | K80: =+I80-H80 -> -3560 | L80: =+I80/H80 -> 0.96365493
A81: 1.3. | C81: Desmonte de cielo raso en fibra mineral o en drywall incluye desmonte luminarias, retiro y disposición final de escombros | F81: m2 | G81: 888.84 | H81: 36183 | I81: 34868 | J81: =+ROUND(I81*G81,0) -> 30992073 | K81: =+I81-H81 -> -1315 | L81: =+I81/H81 -> 0.96365697
A82: 1.4. | C82: Desmonte de redes eléctricas existentes. Incluye la disposición final de los escombros o la disposición que el fondo Nacional del Ahorro indique. | F82: glb | G82: 1 | H82: 6960160 | I82: 6707158 | J82: =+ROUND(I82*G82,0) -> 6707158 | K82: =+I82-H82 -> -253002 | L82: =+I82/H82 -> 0.96364997
A83: 1.5. | C83: Desmonte puestos de trabajo tales como divisiones metálicas, superficies, cajoneras etc. Adicionalmente, incluye la disposición final de los escombros o la disposición que el Fondo Nacional del Ahorro S.A. indique. | F83: und | G83: 150 | H83: 96339 | I83: 92837 | J83: =+ROUND(I83*G83,0) -> 13925550 | K83: =+I83-H83 -> -3502 | L83: =+I83/H83 -> 0.9636492
A84: 1.6. | C84: Suministro e instalación de muro provisional en Drywall de 1/2" a una sola cara, incluye estructura, cinta, estuco. A todo costo | F84: m2 | G84: 37.5 | H84: 95199 | I84: 91739 | J84: =+ROUND(I84*G84,0) -> 3440213 | K84: =+I84-H84 -> -3460 | L84: =+I84/H84 -> 0.96365508
A85: 2.1. | C85: Suministro e instalación de columnetas metálicas en tubería cuadrada estructural de 100mmx100mm, calibre 12 acabado en pintura color negro semi-mate. Incluye platina soldada a la base y anclajes a placa de piso y retiro de escombros. | F85: ml | G85: 121 | H85: 203925 | I85: 196512 | J85: =+ROUND(I85*G85,0) -> 23777952 | K85: =+I85-H85 -> -7413 | L85: =+I85/H85 -> 0.9636484
A86: 2.2. | C86: Suministro e instalación de viguetas metálicas en tubería cuadrada estructural de 100mmx100mm, calibre12 acabado en pintura color negro semi-mate. Incluye soldadura a columnetas y retiro de escombros. | F86: ml | G86: 145 | H86: 186288 | I86: 179516 | J86: =+ROUND(I86*G86,0) -> 26029820 | K86: =+I86-H86 -> -6772 | L86: =+I86/H86 -> 0.96364769
A87: 2.3. | C87: Suministro e instalación perfiles WPC textura madera. Para instalar en muros divisorios de dimensiones 10 cm x 5 cm. Incluye estructura anclajes y retiro de escombros. | F87: m2 | G87: 40 | H87: 240790 | I87: 232037 | J87: =+ROUND(I87*G87,0) -> 9281480 | K87: =+I87-H87 -> -8753 | L87: =+I87/H87 -> 0.96364882
A88: 3.1. | C88: Suministro e instalación de muro en Superboard, altura 2.40 m. a dos caras incluye estructura, anclaje, cinta, estuco y fondeo de acabado en pintura en vinilo tipo 1. | F88: m2 | G88: 5 | H88: 161174 | I88: 155315 | J88: =+ROUND(I88*G88,0) -> 776575 | K88: =+I88-H88 -> -5859 | L88: =+I88/H88 -> 0.96364798
A89: 4.1. | C89: Suministro e instalación de cielo raso en Drywall de 1/2" en diferentes niveles a una sola cara, incluye estructura, cinta, estuco, capa fondeo y pintura a 3 manos. A todo costo. | F89: m2 | G89: 888.84 | H89: 116086 | I89: 111866 | J89: =+ROUND(I89*G89,0) -> 99430975 | K89: =+I89-H89 -> -4220 | L89: =+I89/H89 -> 0.96364764
A90: 5.1. | C90: Suministro e instalación de piso laminado de alto tráfico de alta densidad (HDF) de 890 a 900 Kgms x cm3 y resistencia a la humedad Incluye plastico aislante y yumbolon, de acuerdo a las caracteristicas técnicas y el guardaescobas. | F90: m2 | G90: 888.84 | H90: 194913 | I90: 187828 | J90: =+ROUND(I90*G90,0) -> 166949040 | K90: =+I90-H90 -> -7085 | L90: =+I90/H90 -> 0.96365045
... A117: 10.4. | C117: Pintura vinilo primera calidad tipo uno a tres manos en muros interiores verde institucional. A todo costo, incluye lineales. | F117: m2 | G117: 25 | H117: 38208 | I117: 36819 | J117: =+ROUND(I117*G117,0) -> 920475 | K117: =+I117-H117 -> -1389 | L117: =+I117/H117 -> 0.96364636
A118: TOTAL REPARACIONES LOCATIVAS - EDIFICIO CONVENCIONES - PISO 4 | J118: =SUM(J79:J117) -> 917820511 | K118: =+I118-H118 -> 0 | L118: =+I118/H118 -> #DIV/0!
A119: 1.1. | C119: Desmonte de cielo raso en fibra mineral o en drywall, incluye desmonte de 113 luminarias tipo panel Led de 60 x 60 luz neutra 4000K y retiro con su disposición final de escombros. | F119: m2 | G119: 860 | H119: 38338 | I119: 36944 | J119: =+ROUND(I119*G119,0) -> 31771840 | K119: =+I119-H119 -> -1394 | L119: =+I119/H119 -> 0.96363921
A120: 1.2. | C120: Desmonte de puestos de trabajo tales como divisiones metálicas, superficies, cajoneras etc. Adicionalmente, incluye la disposición final de los escombros o la disposición que el fondo Nacional del Ahorro indique. | F120: und | G120: 180 | H120: 96339 | I120: 92837 | J120: =+ROUND(I120*G120,0) -> 16710660 | K120: =+I120-H120 -> -3502 | L120: =+I120/H120 -> 0.9636492
A121: 1.3. | C121: Suministro e instalación de muro provisional en Drywall de 1/2" a una sola cara, incluye estructura, cinta, estuco. A todo costo. | F121: m2 | G121: 4 | H121: 95199 | I121: 91739 | J121: =+ROUND(I121*G121,0) -> 366956 | K121: =+I121-H121 -> -3460 | L121: =+I121/H121 -> 0.96365508
A122: 2.1. | C122: Suministro e instalación de cielorraso en Drywall de 1/2" a una sola cara, incluye estructura, cinta, estuco y capa fondeo pintura. A todo costo. | F122: m2 | G122: 860 | H122: 130620 | I122: 125872 | J122: =+ROUND(I122*G122,0) -> 108249920 | K122: =+I122-H122 -> -4748 | L122: =+I122/H122 -> 0.96365028
A123: 3.1. | C123: Suministro e instalación de piso laminado de alto tráfico de alta densidad (HDF) de 890 a 900 Kgms x cm3 y resistencia a la humedad. Incluye plástico aislante y yumbolon de acuerdo a las características técnicas y el guardaescobas. | F123: m2 | G123: 860 | H123: 194913 | I123: 187828 | J123: =+ROUND(I123*G123,0) -> 161532080 | K123: =+I123-H123 -> -7085 | L123: =+I123/H123 -> 0.96365045
A124: 4.1. | C124: Suministro e instalación de lámpara de techo colgante lineal estilo cortina de luz, acabado negro y luz neutra. Dimensiones: 120x4x7cm. Largo de la guaya: 100cm, incluye acometida eléctrica y accesorios. | F124: und | G124: 20 | H124: 319533 | I124: 307918 | J124: =+ROUND(I124*G124,0) -> 6158360 | K124: =+I124-H124 -> -11615 | L124: =+I124/H124 -> 0.96365008
A125: 4.2. | C125: Suministro e instalación de panel LED de incrustar redondo acabado blanco, 24 w, luz neutra 4000K, dimensiones : diámetro 30 cm. Incluye acometida eléctrica y accesorios. | F125: und | G125: 20 | H125: 233891 | I125: 225389 | J125: =+ROUND(I125*G125,0) -> 4507780 | K125: =+I125-H125 -> -8502 | L125: =+I125/H125 -> 0.96364973
A126: 4.3. | C126: Reinstalación de panel LED cuadrado de dimensiones 60x60 cm luz neutra 4000K preexistentes. A todo costo, cumpliendo norma RETIE. | F126: und | G126: 113 | H126: 98830 | I126: 95238 | J126: =+ROUND(I126*G126,0) -> 10761894 | K126: =+I126-H126 -> -3592 | L126: =+I126/H126 -> 0.96365476
A127: 4.4. | C127: Suministro e instalación de luminaria de emergencia con autonomía de 90 minutos certificada RETILAP. | F127: und | G127: 8 | H127: 215750 | I127: 207907 | J127: =+ROUND(I127*G127,0) -> 1663256 | K127: =+I127-H127 -> -7843 | L127: =+I127/H127 -> 0.96364774
A128: 4.5. | C128: Suministro e instalación de luminaria de emergencia de aviso de evacuación con autonomía de 90 minutos certificada RETILAP. | F128: und | G128: 4 | H128: 200830 | I128: 193530 | J128: =+ROUND(I128*G128,0) -> 774120 | K128: =+I128-H128 -> -7300 | L128: =+I128/H128 -> 0.96365085
A129: 5.1. | C129: Suministro e instalación de Puerta en madecor entamborada de 0,90 m de ancho por 2.20 m de alto, incluye marcos, chapa, cantonera y todo lo necesario para su instalación y funcionamiento. | F129: und | G129: 1 | H129: 1025000 | I129: 987741 | J129: =+ROUND(I129*G129,0) -> 987741 | K129: =+I129-H129 -> -37259 | L129: =+I129/H129 -> 0.96364976
A130: 6.1. | C130: Pintura vinilo primera calidad tipo uno tres manos muros interiores blancos. A todo costo, incluye lineales. | F130: m2 | G130: 880 | H130: 35833 | I130: 34530 | J130: =+ROUND(I130*G130,0) -> 30386400 | K130: =+I130-H130 -> -1303 | L130: =+I130/H130 -> 0.96363687
A131: TOTAL REPARACIONES LOCATIVAS - TORRE DE TECNOLOGÍA - PISO 2 | J131: =SUM(J119:J130) -> 373871007 | K131: =+I131-H131 -> 0 | L131: =+I131/H131 -> #DIV/0!
A132: BOLSA DE ITEMS NO PREVISTOS (10%) | I132: 375260597 | J132: =+J118+J78+J73+J39+J131 -> 3752605972
A133: ADMINISTRACIÓN | E133: 0.12 | F133: 0.12 | I133: 45031272 | J133: =+ROUND($J$132*F133,0) -> 450312717 | K133: =+F133-E133 -> 0 | L133: =+F133/E133 -> 1
A134: IMPREVISTOS | E134: 0.03 | F134: 0.03 | I134: 11257818 | J134: =+ROUND($J$132*F134,0) -> 112578179 | K134: =+F134-E134 -> 0 | L134: =+F134/E134 -> 1
A135: UTILIDAD | E135: 0.07 | F135: 0.07 | I135: 26268242 | J135: =+ROUND($J$132*F135,0) -> 262682418 | K135: =+F135-E135 -> 0 | L135: =+F135/E135 -> 1
A136: IVA SOBRE UTILIDAD | E136: 0.19 | I136: 4990966 | J136: =+ROUND(J135*E136,0) -> 49909659
A137: TOTAL + AIU + IVA SOBRE LA UTILIDAD | I137: 462808895 | J137: =SUM(J132:J136) -> 4628088945
A138: VALOR OFERTA ECONOMICA | J138: =+I137+J137 -> 5090897840 | K138: =+J138-'CONSOLIDADO FINANCIERO'!L7 -> -192034126 | L138: =+J138/'CONSOLIDADO FINANCIERO'!L7 -> 0.96365009 | M138: =+L138-1 -> -0.036349915
A140: Adicionalmente, declaro: a) Que los valores registrados en la presente oferta económica incluyen todos los costos, impuestos, gastos y erogaciones en los que incurra para el cumplimiento, cabal e íntegro cumplimiento de la presente propuesta, y por lo tanto EL FONDO NACIONAL DEL AHORRO SA no deberá reconocernos ningún valor adicional al que hemos registrado en la presente oferta, y por ningún concepto y no serán aumentados en ninguna forma durante la ejecución del contrato. b) Que he leído cuidadosamente los documentos del FNA y elaboré mi propuesta ajustada a los mismos. c) Que nos comprometemos a proveer al FONDO NACIONAL DEL AHORRO SA, en caso de resultar aceptada la presente, todos los servicios que hacen parte de la ofertar, la justificación de la necesidad y a garantizar la calidad de estos. d) Manifestamos que hemos realizado el examen completo y cuidadoso, y que hemos investigado plenamente las condiciones del contrato que nos comprometemos a ejecutar, así como los riesgos que del mismo se derivan y declaramos que se encuentra bajo nuestra responsabilidad y es nuestra especialidad técnica el conocimiento detallado de los servicios objeto de la presente contratación y en general que conocemos todos los factores determinantes de los costos de ejecución del contrato a suscribir, los cuales se encuentran incluidos en los términos de nuestra propuesta. e) Que los valores registrados en la presente oferta económica contienen las condiciones y especificaciones técnicas descritas en los documentos del proceso. f) Que durante la ejecución del contrato no se incrementaran los valores o tasas ofertadas g) Autorizo al FONDO NACIONAL DEL AHORRO SA a efectuar la verificación aritmética de las operaciones que se registran en la presente oferta económica, y en caso de presentarse error, le solicito que para todos los efectos legales asuma el valor corregido como valor propuesto. h) Que los valores aquí contemplados, obedecen a una estructura de costos y proyecciones estimadas para las vigencias requeridas (años estimados de ejecución: 2024 y 2025), teniendo en cuenta todas las variables que pueden afectar los precios, tales como los índices de inflación (IPC), salarios, TRM, cambios en la reglamentación gubernamental, entre otros, según aplique.
B143: Firma Representante legal
B144: Nombre: Carmen Elisa Rodriguez Gonzalez

Sheet 4 INSOL 
A1: 4 | C1: FONDO NACIONAL DEL AHORRO
C3: OBJETO PROCESO | D3: =+'CONSOLIDADO FINANCIERO'!L5 -> REALIZAR LAS REPARACIONES LOCATIVAS DE LA INFRAESTRUCTURA FÍSICA DE LA SEDE PRINCIPAL - CNA DEL FONDO NACIONAL DEL AHORRO S.A.
C4: NUMERO DE PROCESO | D4: =+'CONSOLIDADO FINANCIERO'!D6 -> FNA-VGHA-CP-015-2024
C5: PROPONENTE | D5: =+'CONSOLIDADO FINANCIERO'!L7 -> 5282931966
C7: VERIFICACION EXPEDICIÓN REGISTRO UNICO DE PROPONENTES
C8: INGENIERIA Y SOLUCIONES INSOL SAS N.I.T: 900.139.747-6
C9: FECHA CIERRE PROCESO | D9: 45643
C10: FECHA EXPEDICION RUP | D10: 45629 | J10: =IF(D10>=O10,"CUMPLE","NO CUMPLE") -> CUMPLE | L10: mm / dd / aa | M10: =IF(J10="CUMPLE",0,1) -> 0 | N10: =+TODAY()-30 -> 45622 | O10: =+D9-30 -> 45613 | P10: 30 días anteriores
C11: FECHA ULTIMA RENOVACION | J11: =IF(D10>=O11,"CUMPLE","NO CUMPLE") -> CUMPLE | L11: mm / dd / aa | M11: =IF(J11="CUMPLE",0,1) -> 0 | O11: =+D11+15 -> 15 | P11: 10 días hábiles
C12: FECHA DE LOS ESTADOS FINANCIEROS | D12: 45291 | J12: =IF(D10>=O12,"CUMPLE","NO CUMPLE") -> CUMPLE | L12: mm / dd / aa | M12: =IF(J12="CUMPLE",0,1) -> 0 | O12: =+D12+15 -> 45306
C15: FECHA CIERRE PROCESO | D15: 45638
C16: FECHA EXPEDICION RUP | D16: 45616 | J16: =IF(D16>=O16,"CUMPLE","NO CUMPLE") -> CUMPLE | L16: mm / dd / aa | M16: =IF(J16="CUMPLE",0,1) -> 0 | O16: =+D15-30 -> 45608 | P16: 30 días anteriores
C17: FECHA ULTIMA RENOVACION | D17: 45416 | J17: =IF(D16>=O17,"CUMPLE","NO CUMPLE") -> CUMPLE | L17: mm / dd / aa | M17: =IF(J17="CUMPLE",0,1) -> 0 | O17: =+D17+15 -> 45431 | P17: 10 días hábiles
C18: FECHA DE LOS ESTADOS FINANCIEROS | D18: 45291 | J18: =IF(D16>=O18,"CUMPLE","NO CUMPLE") -> CUMPLE | L18: mm / dd / aa | M18: =IF(J18="CUMPLE",0,1) -> 0 | O18: =+D18+15 -> 45306
C22: FECHA CIERRE PROCESO
C23: FECHA EXPEDICION RUP | L23: mm / dd / aa | M23: =IF(J23="CUMPLE",0,1) -> 1 | O23: =+D22-30 -> -30 | P23: 30 días anteriores
C24: FECHA ULTIMA RENOVACION | L24: mm / dd / aa | M24: =IF(J24="CUMPLE",0,1) -> 1 | O24: =+D24+15 -> 15 | P24: 10 días hábiles
C25: FECHA DE LOS ESTADOS FINANCIEROS | L25: mm / dd / aa | M25: =IF(J25="CUMPLE",0,1) -> 1 | O25: =+D25+15 -> 15
C27: VERIFICACIÓN REQUISITOS HABILITANTES FINANCIEROS
A29: NUMERAL | B29: VERIFICACIÓN DE LA CAPACIDAD FINANCIERA | C29: DESCRIPCION | D29: CRITERIO | E29: ITEM | F29: =+C8 -> INGENIERIA Y SOLUCIONES INSOL SAS N.I.T: 900.139.747-6 | I29: INDICADOR | J29: RESULTADO VERIFICACION | K29: DOCUMENTO ELECTRONICO | L29: OBSERVACIONES
F30: 1
A31: 4.3.1 | B31: 4.3.1 CAPACIDAD FINANCIERA | C31: Capital de Trabajo >= 25% POE | D31: ='CONSOLIDADO FINANCIERO'!L7*25% -> 1.320733e+09 | E31: Activo Corriente | F31: 6071430171 | I31: =(F31-F32)+(G31-G32) -> 4025806192 | J31: =IF(I31>=D31,"CUMPLE","NO CUMPLE") -> CUMPLE | K31: Registro Único de Proponentes | L31: El proponente cumple con los indicadores establecidos en las reglas de participación de conformidad con lo estabecido en el numeral 4.3 4.3. REQUISITOS MÍNIMOS HABILITANTES FINANCIEROS Y CAPACIDAD ORGANIZACIONAL de las reglas de participación | M31: =IF(J31="CUMPLE",0,1) -> 0
E32: Pasivo Corriente | F32: 2045623979
A33: 4.3.1 | B33: =B31 -> 4.3.1 CAPACIDAD FINANCIERA | C33: Índice de Liquidez | D33: 1.9 | E33: Activo Corriente | F33: =+F31 -> 6071430171 | I33: =+((F33*F30)+(G33*G30)+(H33*H30))/((F34*F30)+(G34*G30)+(H34*H30)) -> 2.9680089 | J33: =IF(I33>=D33,"CUMPLE","NO CUMPLE") -> CUMPLE | K33: Registro Único de Proponentes | M33: =IF(J33="CUMPLE",0,1) -> 0
E34: Pasivo Corriente | F34: =+F32 -> 2045623979
A35: 4.3.1 | B35: =B33 -> 4.3.1 CAPACIDAD FINANCIERA | C35: Nivel de Endeudamiento | D35: 0.6 | E35: Pasivo Total | F35: 2427164831 | I35: =((F35*F30)+(G35*G30)+(H35*H30))/((F36*F30)+(G36*G30)+(H36*H30)) -> 0.3763896 | J35: =IF(I35<=D35,"CUMPLE","NO CUMPLE") -> CUMPLE | K35: Registro Único de Proponentes | M35: =IF(J35="CUMPLE",0,1) -> 0
E36: Activo Total | F36: 6448543771
A37: 4.3.1 | B37: =B35 -> 4.3.1 CAPACIDAD FINANCIERA | C37: Razón de Cobertura de Intereses | D37: 1.49 | E37: Utilidad Operacional | F37: 6014719357 | I37: =((F37*F30)+(G37*G30)+(H37*H30))/((F38*F30)+(G38*G30)+(H38*H30)) -> 58.270558 | J37: =IF(I37>=D37,"CUMPLE","NO CUMPLE") -> CUMPLE | K37: Registro Único de Proponentes | M37: =IF(J37="CUMPLE",0,1) -> 0
E38: Gastos de Intereses | F38: 103220556
A39: 4.3.2 | B39: 4.3.2 capacidad Organizacional | C39: Rentabilidad sobre Patrimonio | D39: 0.11 | E39: Utilidad Operacional | F39: =+F37 -> 6014719357 | I39: =((F39*F30)+(G39*G30)+(H39*H30))/((F40*F30)+(G40*G30)+(H40*H30)) -> 1.4956858 | J39: =IF(I39>=D39,"CUMPLE","NO CUMPLE") -> CUMPLE | K39: Registro Único de Proponentes | M39: =IF(J39="CUMPLE",0,1) -> 0
E40: Patrimonio | F40: 4021378940
A41: 4.3.2 | B41: =+B39 -> 4.3.2 capacidad Organizacional | C41: Rentabilidad sobre Activo | D41: 0.05 | E41: Utilidad Operacional | F41: =+F37 -> 6014719357 | I41: =((F41*F30)+(G41*G30)+(H41*H30))/((F42*F30)+(G42*G30)+(H42*H30)) -> 0.93272521 | J41: =IF(I41>=D41,"CUMPLE","NO CUMPLE") -> CUMPLE | K41: Registro Único de Proponentes | M41: =IF(J41="CUMPLE",0,1) -> 0
E42: Activo total | F42: =+F36 -> 6448543771
A43: 4.3.1 | B43: =B31 -> 4.3.1 CAPACIDAD FINANCIERA | C43: Patrimonio ≥ 30% POE | D43: ='CONSOLIDADO FINANCIERO'!L7*30% -> 1.5848796e+09 | E43: Activo total | F43: =+F36 -> 6448543771 | I43: =(F43-F44)+(G43-G44) -> 4021378940 | J43: =IF(I43>=D43,"CUMPLE","NO CUMPLE") -> CUMPLE | K43: Registro Único de Proponentes | M43: =IF(J43="CUMPLE",0,1) -> 0
E44: Pasivo total | F44: =+F35 -> 2427164831
E45: RESULTADO | I45: =IF(M45>0,"NO CUMPLE","CUMPLE") -> CUMPLE | M45: =SUM(M31:M44) -> 0

Sheet OFERTA INSOL
E1: FONDO NACIONAL DEL AHORRO S.A.
A5: FORMATO No. 9 - PROPUESTA ECONOMICA
A6: Número del Proceso | E6: FNA-VGHA-CP-015-2024
A7: Descripción del Proceso: | E7: REALIZAR LAS REPARACIONES LOCATIVAS DE LA INFRAESTRUCTURA FÍSICA DE LA SEDE PRINCIPAL – CNA DEL FONDO NACIONAL DEL AHORRO S.A.
A8: Nombre del Oferente | E8: INGENERIA Y SOLUCIONES INSOL
A9: NIT | E9: 900139747-6
A10: Representante Legal | E10: LUIS ALBERTO RAMIREZ RIVERA
A11: C.C | E11: 8160622
A12: 1. El valor de la oferta económica deber ser expresado en PESOS COLOMBIANOS. 2. Asignar valor en las casillas "VALOR UNITARIO SIN IVA" y el porcentaje en "Administración", "Imprevistos" y "Utilidad". El valor del IVA se aplica sobre la Utilidad corresponde con la regulación tributaria vigente. 3. El oferente deberá tener en cuenta todos los gravámenes, impuestos tasas y demás contribuciones para la estimación del presupuesto. 4. No modificar, agregar o quitar ningún ítem o sub-ítem, so pena de encontrarse inmerso en causal de rechazo. 5. Todos los valores deberán estar ajustados al peso, es decir, sin decimales. Para el efecto, se aplicará la formula redondeo de Excel. 6. No podrá superar los VALORES UNITARIO SIN IVA REFERENCIA establecidos por la entidad ni tampoco podra ser cero (0) so pena de rechazo por encontrarse inmerso en causal de rechazo. 7. No podrá superar el Presupuesto Oficial Estimado so pena de encontrarse inmerso en causal de rechazo. 8.El oferente no podrá cambiar, eliminar la formulación. NOTA • El contratista deberá prever la proyección del presupuesto para el plazo de ejecución del contrato. El FNA no asumirán los costos adicionales generados por el IPC de los años subsiguientes o cualquier otro sistema de actualización de precios; en el caso que exista reglamentación gubernamental de incrementos salariales durante la ejecución del contrato, éstos deben ser contemplados por el contratista dentro del valor de la ofertado. • Tiempo estimado de ejecución: 12 meses • Los precios ofertados se deberán mantener durante la ejecución del contrato independientemente de la fecha de inicio de ejecución del contrato.
A14: ÍTEM | C14: ACTIVIDAD | F14: UNIDAD DE MEDIDA | G14: CANTIDAD | H14: VALOR UNITARIO SIN IVA (NO MODIFICAR) | I14: VALORES OFERTADOS
I15: VALOR UNITARIO SIN IVA | J15: CORRECCION ARITMETICA | K15: VALOR TOTAL | L15: CORRECCION ARITMETICA | M15: VERIFICACION PRECIO TECHO | N15: VERIFICACION PRCIOS ARTIFIALMENTE BAJOS | O15: 0.0309 | P15: =100%-O15 -> 0.9691
A16: 1.1. | C16: Retiro, reparación y reposicion puntual de junta entre laminas (junta con factor forma 2cmx1cm), mediante el uso de fondo de junta tipo sika rod y sello elastomérico de poliuretano en color negro, con alta resistencia a la intemperie incluye andamio colgante o toda instalación provisional que permita el cumplimiento de la actividad. | F16: ml | G16: 2000 | H16: 16341 | I16: 15836.063 | J16: =+ROUND(I16,0) -> 15836 | K16: =+ROUND(I16*G16,0) -> 31672126 | L16: =+ROUND(J16*G16,0) -> 31672000 | M16: =+J16-H16 -> -505 | N16: =+J16/H16 -> 0.96909614
A17: 1.2. | C17: Pintura exterior tipo coraza para muros sobre pañete incluye toda instalación provisional que permita el cumplimiento de la actividad. | F17: m2 | G17: 300 | H17: 43227 | I17: 41891.286 | J17: =+ROUND(I17,0) -> 41891 | K17: =+ROUND(I17*G17,0) -> 12567386 | L17: =+ROUND(J17*G17,0) -> 12567300 | M17: =+J17-H17 -> -1336 | N17: =+J17/H17 -> 0.96909339
A18: 2.1. | C18: Retiro de impermeabilización existente y mortero de nivelación. Incluye el retiro y disposición final de escombros (Edificio Convenciones y Edificio CNA zona "L"). | F18: m2 | G18: 2332.42 | H18: 30375 | I18: 29436.412 | J18: =+ROUND(I18,0) -> 29436 | K18: =+ROUND(I18*G18,0) -> 68658077 | L18: =+ROUND(J18*G18,0) -> 68657115 | M18: =+J18-H18 -> -939 | N18: =+J18/H18 -> 0.96908642
A19: 2.2. | C19: Instalación de mortero de nivelación con materiales de SIKA o similares características, previo a la instalación de la impermeabilización (Edificio Convenciones y Edificio CNA zona "L"). | F19: m2 | G19: 2332.42 | H19: 64685 | I19: 62686.233 | J19: =+ROUND(I19,0) -> 62686 | K19: =+ROUND(I19*G19,0) -> 146210625 | L19: =+ROUND(J19*G19,0) -> 146210080 | M19: =+J19-H19 -> -1999 | N19: =+J19/H19 -> 0.96909639
A20: 2.3. | C20: Impermeabilización de placa de cubierta plana transitable, no ventilada, con piso fijo, tipo convencional, para tráfico peatonal privado. Tipo Sika o de similares características con uso de mantos asfálticos, tipo bicapa (Edificio Convenciones y Edificio CNA zona "L"). | F20: m2 | G20: 2332.42 | H20: 129968 | I20: 125951.99 | J20: =+ROUND(I20,0) -> 125952 | K20: =+ROUND(I20*G20,0) -> 293772938 | L20: =+ROUND(J20*G20,0) -> 293772964 | M20: =+J20-H20 -> -4016 | N20: =+J20/H20 -> 0.96910009
A21: 2.4. | C21: Desmonte de ventaneria con vidrios en celosía ubicados en culata de cubierta en el edificio CNA. | F21: m2 | G21: 150 | H21: 53922 | I21: 52255.81 | J21: =+ROUND(I21,0) -> 52256 | K21: =+ROUND(I21*G21,0) -> 7838372 | L21: =+ROUND(J21*G21,0) -> 7838400 | M21: =+J21-H21 -> -1666 | N21: =+J21/H21 -> 0.96910352
A22: 2.5. | C22: Suministro e instalación de sistema de ventanas en vidrio fijas (sin básculante) en reemplazo de las ventanas en vidrio retiradas, ubicados en culata de cubierta en el edificio CNA. | F22: m2 | G22: 150 | H22: 305942 | I22: 296488.39 | J22: =+ROUND(I22,0) -> 296488 | K22: =+ROUND(I22*G22,0) -> 44473259 | L22: =+ROUND(J22*G22,0) -> 44473200 | M22: =+J22-H22 -> -9454 | N22: =+J22/H22 -> 0.96909872
A23: 2.6. | C23: Retiro de canaletas existentes y suministro e instalación de canaletas metálicas de sección trapezoidal elaboradas en acero galvanizado calibre 16 de acuerdo con las necesidades técnicas de la cubierta de aguas lluvia, incluye la instalación de la soportería para el anclaje de la canaleta en el edificio CNA. | F23: ml | G23: 231 | H23: 125271 | I23: 121400.13 | J23: =+ROUND(I23,0) -> 121400 | K23: =+ROUND(I23*G23,0) -> 28043429 | L23: =+ROUND(J23*G23,0) -> 28043400 | M23: =+J23-H23 -> -3871 | N23: =+J23/H23 -> 0.96909899
A24: 2.7. | C24: Retiro de instalación existente y suministro e instalación de soscos para la bajante de agua lluvia ø 4" en PVC con su respectivo sifón para evitar malos olores, incluye la instalación de la soportería para el anclaje en el edificio CNA. | F24: und | G24: 50 | H24: 88909 | I24: 86161.712 | J24: =+ROUND(I24,0) -> 86162 | K24: =+ROUND(I24*G24,0) -> 4308086 | L24: =+ROUND(J24*G24,0) -> 4308100 | M24: =+J24-H24 -> -2747 | N24: =+J24/H24 -> 0.96910324
A25: 2.8. | C25: Limpieza y mantenimientos de tubería bajante de agua lluvia ø 4" en PVC, en el edificio CNA. | F25: und | G25: 50 | H25: 97000 | I25: 94002.7 | J25: =+ROUND(I25,0) -> 94003 | K25: =+ROUND(I25*G25,0) -> 4700135 | L25: =+ROUND(J25*G25,0) -> 4700150 | M25: =+J25-H25 -> -2997 | N25: =+J25/H25 -> 0.96910309
A26: 3.1. | C26: Desmonte de cielo raso en fibra mineral o en drywall incluye desmonte luminarias, retiro y disposición final de escombros. | F26: m2 | G26: 80 | H26: 38338 | I26: 37153.356 | J26: =+ROUND(I26,0) -> 37153 | K26: =+ROUND(I26*G26,0) -> 2972268 | L26: =+ROUND(J26*G26,0) -> 2972240 | M26: =+J26-H26 -> -1185 | N26: =+J26/H26 -> 0.96909072
A27: 3.2. | C27: Mantenimiento de cielo raso en fibra mineral. Incluye cambio, pintura y/o reutilización de láminas en fibra mineral, instalación de anclajes y arreglo de perfilería descolgada y colocación de soportes. | F27: m2 | G27: 1800 | H27: 35000 | I27: 33918.5 | J27: =+ROUND(I27,0) -> 33919 | K27: =+ROUND(I27*G27,0) -> 61053300 | L27: =+ROUND(J27*G27,0) -> 61054200 | M27: =+J27-H27 -> -1081 | N27: =+J27/H27 -> 0.96911429
... A38: 6.1. | C38: Resanes y pintura vinilo primera calidad tipo 1 a tres manos, aplica para muros interiores color blanco sobre pañete o repello liso. A todo costo. | F38: m2 | G38: 4500 | H38: 34663 | I38: 33591.913 | J38: =+ROUND(I38,0) -> 33592 | K38: =+ROUND(I38*G38,0) -> 151163610 | L38: =+ROUND(J38*G38,0) -> 151164000 | M38: =+J38-H38 -> -1071 | N38: =+J38/H38 -> 0.9691025
A39: TOTAL REPARACIONES LOCATIVAS GENERALES SEDE PRINCIPAL | J39: =+ROUND(I39,0) -> 0 | K39: =SUM(K16:K38) -> 1158466833 | L39: =SUM(L16:L38) -> 1158466310 | M39: =+J39-H39 -> 0 | N39: =+J39/H39 -> #DIV/0!
A40: 1.1. | C40: Demolición muros Drywall incluye la disposición final de los escombros. | F40: m2 | G40: 250 | H40: 49033 | I40: 47517.88 | J40: =+ROUND(I40,0) -> 47518 | K40: =+ROUND(I40*G40,0) -> 11879470 | L40: =+ROUND(J40*G40,0) -> 11879500 | M40: =+J40-H40 -> -1515 | N40: =+J40/H40 -> 0.96910244
A41: 1.2. | C41: Desmonte de divisiones y puertas en vidrio incluye la disposición final o la disposición que el fondo Nacional del Ahorro indique. | F41: m2 | G41: 61 | H41: 50667 | I41: 49101.39 | J41: =+ROUND(I41,0) -> 49101 | K41: =+ROUND(I41*G41,0) -> 2995185 | L41: =+ROUND(J41*G41,0) -> 2995161 | M41: =+J41-H41 -> -1566 | N41: =+J41/H41 -> 0.96909231
A42: 1.3. | C42: Desmonte de cielo raso en fibra mineral o en drywall incluye desmonte luminarias, retiro y disposición final de escombros. | F42: m2 | G42: 1070 | H42: 36183 | I42: 35064.945 | J42: =+ROUND(I42,0) -> 35065 | K42: =+ROUND(I42*G42,0) -> 37519491 | L42: =+ROUND(J42*G42,0) -> 37519550 | M42: =+J42-H42 -> -1118 | N42: =+J42/H42 -> 0.96910151
A43: 1.4. | C43: Desmonte de redes eléctricas existentes. Incluye la disposición final de los escombros o la disposición que el fondo Nacional del Ahorro indique. | F43: glb | G43: 1 | H43: 13063210 | I43: 12659557 | J43: =+ROUND(I43,0) -> 12659557 | K43: =+ROUND(I43*G43,0) -> 12659557 | L43: =+ROUND(J43*G43,0) -> 12659557 | M43: =+J43-H43 -> -403653 | N43: =+J43/H43 -> 0.96910001
A44: 1.5. | C44: Desmonte de puestos de trabajo tales como divisiones metálicas, superficies, cajoneras etc. Adicionalmente, incluye la disposición final de los escombros o la disposición que el fondo Nacional del Ahorro indique. | F44: und | G44: 135 | H44: 96339 | I44: 93362.125 | J44: =+ROUND(I44,0) -> 93362 | K44: =+ROUND(I44*G44,0) -> 12603887 | L44: =+ROUND(J44*G44,0) -> 12603870 | M44: =+J44-H44 -> -2977 | N44: =+J44/H44 -> 0.9690987
A45: 1.6. | C45: Suministro e instalación de muro provisional en Drywall de 1/2" a una sola cara, incluye estructura, cinta, estuco. A todo costo. | F45: m2 | G45: 78 | H45: 95199 | I45: 92257.351 | J45: =+ROUND(I45,0) -> 92257 | K45: =+ROUND(I45*G45,0) -> 7196073 | L45: =+ROUND(J45*G45,0) -> 7196046 | M45: =+J45-H45 -> -2942 | N45: =+J45/H45 -> 0.96909631
A46: 2.1. | C46: Suministro e instalación de columnetas metálicas en tubería cuadrada estructural de 100mmx100mm, calibre 12 acabado en pintura color negro semi-mate. Incluye platina soldada a la base y anclajes a placa de piso y retiro de escombros. | F46: ml | G46: 100 | H46: 203925 | I46: 197623.72 | J46: =+ROUND(I46,0) -> 197624 | K46: =+ROUND(I46*G46,0) -> 19762372 | L46: =+ROUND(J46*G46,0) -> 19762400 | M46: =+J46-H46 -> -6301 | N46: =+J46/H46 -> 0.96910139
A47: 2.2. | C47: Suministro e instalación de viguetas metálicas en tubería cuadrada estructural de 100mmx100mm, calibre12 acabado en pintura color negro semi-mate. Incluye soldadura a columnetas y retiro de escombros. | F47: ml | G47: 130 | H47: 186288 | I47: 180531.7 | J47: =+ROUND(I47,0) -> 180532 | K47: =+ROUND(I47*G47,0) -> 23469121 | L47: =+ROUND(J47*G47,0) -> 23469160 | M47: =+J47-H47 -> -5756 | N47: =+J47/H47 -> 0.96910161
A48: 3.1. | C48: Suministro e instalación de muro en Superboard de 8 mm, altura 2.40 m a dos caras. Incluye estructura metálica, anclaje, cinta, estuco y fondeo de acabado en pintura en vinilo tipo 1. | F48: m2 | G48: 30 | H48: 205133 | I48: 198794.39 | J48: =+ROUND(I48,0) -> 198794 | K48: =+ROUND(I48*G48,0) -> 5963832 | L48: =+ROUND(J48*G48,0) -> 5963820 | M48: =+J48-H48 -> -6339 | N48: =+J48/H48 -> 0.9690981
A49: 4.1. | C49: Suministro e instalación de cielorraso en Drywall de 1/2" a una sola cara, incluye estructura, cinta, estuco, capa fondeo y pintura. A todo costo. | F49: m2 | G49: 1301 | H49: 131613 | I49: 127546.16 | J49: =+ROUND(I49,0) -> 127546 | K49: =+ROUND(I49*G49,0) -> 165937552 | L49: =+ROUND(J49*G49,0) -> 165937346 | M49: =+J49-H49 -> -4067 | N49: =+J49/H49 -> 0.9690988
A50: 4.2. | C50: Suministro e instalación de Frescasa Eco Sin Papel 3 1/2″ para cielorraso en Drywall. A todo costo. | F50: m2 | G50: 1301 | H50: 33384 | I50: 32352.434 | J50: =+ROUND(I50,0) -> 32352 | K50: =+ROUND(I50*G50,0) -> 42090517 | L50: =+ROUND(J50*G50,0) -> 42089952 | M50: =+J50-H50 -> -1032 | N50: =+J50/H50 -> 0.96908699
A51: 5.1. | C51: Suministro e instalación de piso laminado de alto tráfico de alta densidad (HDF) de 890 a 900 Kgms x cm3 y resistencia a la humedad. Incluye plástico aislante y yumbolon de acuerdo a las características técnicas y el guardaescobas. | F51: m2 | G51: 1070 | H51: 194913 | I51: 188890.19 | J51: =+ROUND(I51,0) -> 188890 | K51: =+ROUND(I51*G51,0) -> 202112501 | L51: =+ROUND(J51*G51,0) -> 202112300 | M51: =+J51-H51 -> -6023 | N51: =+J51/H51 -> 0.96909903
... A72: 9.2. | C72: Pintura vinilo primera calidad tipo uno tres manos cielo falsos blanco. A todo costo, incluye lineales. | F72: m2 | G72: 230.61 | H72: 41123 | I72: 39852.299 | J72: =+ROUND(I72,0) -> 39852 | K72: =+ROUND(I72*G72,0) -> 9190339 | L72: =+ROUND(J72*G72,0) -> 9190270 | M72: =+J72-H72 -> -1271 | N72: =+J72/H72 -> 0.96909272
A73: TOTAL REPARACIONES LOCATIVAS - EDIFICIO CNA - PISO 2 | J73: =+ROUND(I73,0) -> 0 | K73: =SUM(K40:K72) -> 1207454042 | L73: =SUM(L40:L72) -> 1207452976 | M73: =+J73-H73 -> 0 | N73: =+J73/H73 -> #DIV/0!
A74: 5.5. | C74: Suministro e instalación de piso laminado de alto tráfico de alta densidad (HDF) de 890 a 900 Kgms x cm3 y resistencia a la humedad, para la zona de mesas del restaurante Incluye nivelación en zonas puntuales, plástico aislante, yumbolon de acuerdo con las características técnicas y el guardaescobas. | F74: m2 | G74: 450 | H74: 194913 | I74: 188890.19 | J74: =+ROUND(I74,0) -> 188890 | K74: =+ROUND(I74*G74,0) -> 85000585 | L74: =+ROUND(J74*G74,0) -> 85000500 | M74: =+J74-H74 -> -6023 | N74: =+J74/H74 -> 0.96909903
A75: 9.1. | C75: Suministro e instalación de estructura decorativa para plantas colgantes de 6,85m ancho x 1,00 m de profundo con viguetas cada 0,76 m en tubería metálica cuadrada 50x50x2.0mm con acabado en pintura electrostática negro mate incluye 6 puntos de apoyo en guaya de tipo colgante. incluye 3 lamparas segun imagen. | F75: und | G75: 2 | H75: 3334200 | I75: 3231173.2 | J75: =+ROUND(I75,0) -> 3231173 | K75: =+ROUND(I75*G75,0) -> 6462346 | L75: =+ROUND(J75*G75,0) -> 6462346 | M75: =+J75-H75 -> -103027 | N75: =+J75/H75 -> 0.96909993
A76: 9.2. | C76: Suministro e instalación de estructura para microondas con módulos de 0,71 m de largo 0,56 m de profundo y 0,40 m de alto en tubería metálica cuadrada 50x50x3.0mm en pintura electrostática negro mate incluye 2 superficies en madera tipo madecor RH de 1" cada módulo y anclajes a la pared no visibles. | F76: und | G76: 12 | H76: 858374 | I76: 831850.24 | J76: =+ROUND(I76,0) -> 831850 | K76: =+ROUND(I76*G76,0) -> 9982203 | L76: =+ROUND(J76*G76,0) -> 9982200 | M76: =+J76-H76 -> -26524 | N76: =+J76/H76 -> 0.96909972
A77: 11.1. | C77: Resanes y pintura vinilo primera calidad tipo 1 a tres manos, aplica para muros interiores color blanco sobre pañete o repello liso. Incluyen andamios, escaleras y sistemas de seguridad de operación. A todo costo. | F77: m2 | G77: 222.23 | H77: 34663 | I77: 33591.913 | J77: =+ROUND(I77,0) -> 33592 | K77: =+ROUND(I77*G77,0) -> 7465131 | L77: =+ROUND(J77*G77,0) -> 7465150 | M77: =+J77-H77 -> -1071 | N77: =+J77/H77 -> 0.9691025
A78: TOTAL REPARACIONES LOCATIVAS CASINO - EDIFICIO CONVENCIONES | J78: =+ROUND(I78,0) -> 0 | K78: =SUM(K74:K77) -> 108910265 | L78: =SUM(L74:L77) -> 108910196 | M78: =+J78-H78 -> 0 | N78: =+J78/H78 -> #DIV/0!
A79: 1.1. | C79: Demolición muros Drywall incluye la disposición final de los escombros. | F79: m2 | G79: 161.58 | H79: 49033 | I79: 47517.88 | J79: =+ROUND(I79,0) -> 47518 | K79: =+ROUND(I79*G79,0) -> 7677939 | L79: =+ROUND(J79*G79,0) -> 7677958 | M79: =+J79-H79 -> -1515 | N79: =+J79/H79 -> 0.96910244
A80: 1.2. | C80: Desmonte de divisiones y puertas en vidrio incluye la disposición final o la disposición que el fondo Nacional del Ahorro indique. | F80: m2 | G80: 246.96 | H80: 97950 | I80: 94923.345 | J80: =+ROUND(I80,0) -> 94923 | K80: =+ROUND(I80*G80,0) -> 23442269 | L80: =+ROUND(J80*G80,0) -> 23442184 | M80: =+J80-H80 -> -3027 | N80: =+J80/H80 -> 0.96909648
A81: 1.3. | C81: Desmonte de cielo raso en fibra mineral o en drywall incluye desmonte luminarias, retiro y disposición final de escombros | F81: m2 | G81: 888.84 | H81: 36183 | I81: 35064.945 | J81: =+ROUND(I81,0) -> 35065 | K81: =+ROUND(I81*G81,0) -> 31167126 | L81: =+ROUND(J81*G81,0) -> 31167175 | M81: =+J81-H81 -> -1118 | N81: =+J81/H81 -> 0.96910151
A82: 1.4. | C82: Desmonte de redes eléctricas existentes. Incluye la disposición final de los escombros o la disposición que el fondo Nacional del Ahorro indique. | F82: glb | G82: 1 | H82: 6960160 | I82: 6745091.1 | J82: =+ROUND(I82,0) -> 6745091 | K82: =+ROUND(I82*G82,0) -> 6745091 | L82: =+ROUND(J82*G82,0) -> 6745091 | M82: =+J82-H82 -> -215069 | N82: =+J82/H82 -> 0.96909999
A83: 1.5. | C83: Desmonte puestos de trabajo tales como divisiones metálicas, superficies, cajoneras etc. Adicionalmente, incluye la disposición final de los escombros o la disposición que el Fondo Nacional del Ahorro S.A. indique. | F83: und | G83: 150 | H83: 96339 | I83: 93362.125 | J83: =+ROUND(I83,0) -> 93362 | K83: =+ROUND(I83*G83,0) -> 14004319 | L83: =+ROUND(J83*G83,0) -> 14004300 | M83: =+J83-H83 -> -2977 | N83: =+J83/H83 -> 0.9690987
A84: 1.6. | C84: Suministro e instalación de muro provisional en Drywall de 1/2" a una sola cara, incluye estructura, cinta, estuco. A todo costo | F84: m2 | G84: 37.5 | H84: 95199 | I84: 92257.351 | J84: =+ROUND(I84,0) -> 92257 | K84: =+ROUND(I84*G84,0) -> 3459651 | L84: =+ROUND(J84*G84,0) -> 3459638 | M84: =+J84-H84 -> -2942 | N84: =+J84/H84 -> 0.96909631
A85: 2.1. | C85: Suministro e instalación de columnetas metálicas en tubería cuadrada estructural de 100mmx100mm, calibre 12 acabado en pintura color negro semi-mate. Incluye platina soldada a la base y anclajes a placa de piso y retiro de escombros. | F85: ml | G85: 121 | H85: 203925 | I85: 197623.72 | J85: =+ROUND(I85,0) -> 197624 | K85: =+ROUND(I85*G85,0) -> 23912470 | L85: =+ROUND(J85*G85,0) -> 23912504 | M85: =+J85-H85 -> -6301 | N85: =+J85/H85 -> 0.96910139
A86: 2.2. | C86: Suministro e instalación de viguetas metálicas en tubería cuadrada estructural de 100mmx100mm, calibre12 acabado en pintura color negro semi-mate. Incluye soldadura a columnetas y retiro de escombros. | F86: ml | G86: 145 | H86: 186288 | I86: 180531.7 | J86: =+ROUND(I86,0) -> 180532 | K86: =+ROUND(I86*G86,0) -> 26177097 | L86: =+ROUND(J86*G86,0) -> 26177140 | M86: =+J86-H86 -> -5756 | N86: =+J86/H86 -> 0.96910161
A87: 2.3. | C87: Suministro e instalación perfiles WPC textura madera. Para instalar en muros divisorios de dimensiones 10 cm x 5 cm. Incluye estructura anclajes y retiro de escombros. | F87: m2 | G87: 40 | H87: 240790 | I87: 233349.59 | J87: =+ROUND(I87,0) -> 233350 | K87: =+ROUND(I87*G87,0) -> 9333984 | L87: =+ROUND(J87*G87,0) -> 9334000 | M87: =+J87-H87 -> -7440 | N87: =+J87/H87 -> 0.96910171
A88: 3.1. | C88: Suministro e instalación de muro en Superboard, altura 2.40 m. a dos caras incluye estructura, anclaje, cinta, estuco y fondeo de acabado en pintura en vinilo tipo 1. | F88: m2 | G88: 5 | H88: 161174 | I88: 156193.72 | J88: =+ROUND(I88,0) -> 156194 | K88: =+ROUND(I88*G88,0) -> 780969 | L88: =+ROUND(J88*G88,0) -> 780970 | M88: =+J88-H88 -> -4980 | N88: =+J88/H88 -> 0.96910172
A89: 4.1. | C89: Suministro e instalación de cielo raso en Drywall de 1/2" en diferentes niveles a una sola cara, incluye estructura, cinta, estuco, capa fondeo y pintura a 3 manos. A todo costo. | F89: m2 | G89: 888.84 | H89: 116086 | I89: 112498.94 | J89: =+ROUND(I89,0) -> 112499 | K89: =+ROUND(I89*G89,0) -> 99993560 | L89: =+ROUND(J89*G89,0) -> 99993611 | M89: =+J89-H89 -> -3587 | N89: =+J89/H89 -> 0.96910049
A90: 5.1. | C90: Suministro e instalación de piso laminado de alto tráfico de alta densidad (HDF) de 890 a 900 Kgms x cm3 y resistencia a la humedad Incluye plastico aislante y yumbolon, de acuerdo a las caracteristicas técnicas y el guardaescobas. | F90: m2 | G90: 888.84 | H90: 194913 | I90: 188890.19 | J90: =+ROUND(I90,0) -> 188890 | K90: =+ROUND(I90*G90,0) -> 167893155 | L90: =+ROUND(J90*G90,0) -> 167892988 | M90: =+J90-H90 -> -6023 | N90: =+J90/H90 -> 0.96909903
... A117: 10.4. | C117: Pintura vinilo primera calidad tipo uno a tres manos en muros interiores verde institucional. A todo costo, incluye lineales. | F117: m2 | G117: 25 | H117: 38208 | I117: 37027.373 | J117: =+ROUND(I117,0) -> 37027 | K117: =+ROUND(I117*G117,0) -> 925684 | L117: =+ROUND(J117*G117,0) -> 925675 | M117: =+J117-H117 -> -1181 | N117: =+J117/H117 -> 0.96909024
A118: TOTAL REPARACIONES LOCATIVAS - EDIFICIO CONVENCIONES - PISO 4 | J118: =+ROUND(I118,0) -> 0 | K118: =SUM(K79:K117) -> 923011571 | L118: =SUM(L79:L117) -> 923011169 | M118: =+J118-H118 -> 0 | N118: =+J118/H118 -> #DIV/0!
A119: 1.1. | C119: Desmonte de cielo raso en fibra mineral o en drywall, incluye desmonte de 113 luminarias tipo panel Led de 60 x 60 luz neutra 4000K y retiro con su disposición final de escombros. | F119: m2 | G119: 860 | H119: 38338 | I119: 37153.356 | J119: =+ROUND(I119,0) -> 37153 | K119: =+ROUND(I119*G119,0) -> 31951886 | L119: =+ROUND(J119*G119,0) -> 31951580 | M119: =+J119-H119 -> -1185 | N119: =+J119/H119 -> 0.96909072
A120: 1.2. | C120: Desmonte de puestos de trabajo tales como divisiones metálicas, superficies, cajoneras etc. Adicionalmente, incluye la disposición final de los escombros o la disposición que el fondo Nacional del Ahorro indique. | F120: und | G120: 180 | H120: 96339 | I120: 93362.125 | J120: =+ROUND(I120,0) -> 93362 | K120: =+ROUND(I120*G120,0) -> 16805182 | L120: =+ROUND(J120*G120,0) -> 16805160 | M120: =+J120-H120 -> -2977 | N120: =+J120/H120 -> 0.9690987
A121: 1.3. | C121: Suministro e instalación de muro provisional en Drywall de 1/2" a una sola cara, incluye estructura, cinta, estuco. A todo costo. | F121: m2 | G121: 4 | H121: 95199 | I121: 92257.351 | J121: =+ROUND(I121,0) -> 92257 | K121: =+ROUND(I121*G121,0) -> 369029 | L121: =+ROUND(J121*G121,0) -> 369028 | M121: =+J121-H121 -> -2942 | N121: =+J121/H121 -> 0.96909631
A122: 2.1. | C122: Suministro e instalación de cielorraso en Drywall de 1/2" a una sola cara, incluye estructura, cinta, estuco y capa fondeo pintura. A todo costo. | F122: m2 | G122: 860 | H122: 130620 | I122: 126583.84 | J122: =+ROUND(I122,0) -> 126584 | K122: =+ROUND(I122*G122,0) -> 108862104 | L122: =+ROUND(J122*G122,0) -> 108862240 | M122: =+J122-H122 -> -4036 | N122: =+J122/H122 -> 0.96910121
A123: 3.1. | C123: Suministro e instalación de piso laminado de alto tráfico de alta densidad (HDF) de 890 a 900 Kgms x cm3 y resistencia a la humedad. Incluye plástico aislante y yumbolon de acuerdo a las características técnicas y el guardaescobas. | F123: m2 | G123: 860 | H123: 194913 | I123: 188890.19 | J123: =+ROUND(I123,0) -> 188890 | K123: =+ROUND(I123*G123,0) -> 162445562 | L123: =+ROUND(J123*G123,0) -> 162445400 | M123: =+J123-H123 -> -6023 | N123: =+J123/H123 -> 0.96909903
A124: 4.1. | C124: Suministro e instalación de lámpara de techo colgante lineal estilo cortina de luz, acabado negro y luz neutra. Dimensiones: 120x4x7cm. Largo de la guaya: 100cm, incluye acometida eléctrica y accesorios. | F124: und | G124: 20 | H124: 319533 | I124: 309659.43 | J124: =+ROUND(I124,0) -> 309659 | K124: =+ROUND(I124*G124,0) -> 6193189 | L124: =+ROUND(J124*G124,0) -> 6193180 | M124: =+J124-H124 -> -9874 | N124: =+J124/H124 -> 0.96909865
A125: 4.2. | C125: Suministro e instalación de panel LED de incrustar redondo acabado blanco, 24 w, luz neutra 4000K, dimensiones : diámetro 30 cm. Incluye acometida eléctrica y accesorios. | F125: und | G125: 20 | H125: 233891 | I125: 226663.77 | J125: =+ROUND(I125,0) -> 226664 | K125: =+ROUND(I125*G125,0) -> 4533275 | L125: =+ROUND(J125*G125,0) -> 4533280 | M125: =+J125-H125 -> -7227 | N125: =+J125/H125 -> 0.96910099
A126: 4.3. | C126: Reinstalación de panel LED cuadrado de dimensiones 60x60 cm luz neutra 4000K preexistentes. A todo costo, cumpliendo norma RETIE. | F126: und | G126: 113 | H126: 98830 | I126: 95776.153 | J126: =+ROUND(I126,0) -> 95776 | K126: =+ROUND(I126*G126,0) -> 10822705 | L126: =+ROUND(J126*G126,0) -> 10822688 | M126: =+J126-H126 -> -3054 | N126: =+J126/H126 -> 0.96909845
A127: 4.4. | C127: Suministro e instalación de luminaria de emergencia con autonomía de 90 minutos certificada RETILAP. | F127: und | G127: 8 | H127: 215750 | I127: 209083.32 | J127: =+ROUND(I127,0) -> 209083 | K127: =+ROUND(I127*G127,0) -> 1672667 | L127: =+ROUND(J127*G127,0) -> 1672664 | M127: =+J127-H127 -> -6667 | N127: =+J127/H127 -> 0.96909849
A128: 4.5. | C128: Suministro e instalación de luminaria de emergencia de aviso de evacuación con autonomía de 90 minutos certificada RETILAP. | F128: und | G128: 4 | H128: 200830 | I128: 194624.35 | J128: =+ROUND(I128,0) -> 194624 | K128: =+ROUND(I128*G128,0) -> 778497 | L128: =+ROUND(J128*G128,0) -> 778496 | M128: =+J128-H128 -> -6206 | N128: =+J128/H128 -> 0.96909824
A129: 5.1. | C129: Suministro e instalación de Puerta en madecor entamborada de 0,90 m de ancho por 2.20 m de alto, incluye marcos, chapa, cantonera y todo lo necesario para su instalación y funcionamiento. | F129: und | G129: 1 | H129: 1025000 | I129: 993327.5 | J129: =+ROUND(I129,0) -> 993328 | K129: =+ROUND(I129*G129,0) -> 993328 | L129: =+ROUND(J129*G129,0) -> 993328 | M129: =+J129-H129 -> -31672 | N129: =+J129/H129 -> 0.96910049
A130: 6.1. | C130: Pintura vinilo primera calidad tipo uno tres manos muros interiores blancos. A todo costo, incluye lineales. | F130: m2 | G130: 880 | H130: 35833 | I130: 34725.76 | J130: =+ROUND(I130,0) -> 34726 | K130: =+ROUND(I130*G130,0) -> 30558669 | L130: =+ROUND(J130*G130,0) -> 30558880 | M130: =+J130-H130 -> -1107 | N130: =+J130/H130 -> 0.96910669
A131: TOTAL REPARACIONES LOCATIVAS - TORRE DE TECNOLOGÍA - PISO 2 | K131: =SUM(K119:K130) -> 375986093 | L131: =SUM(L119:L130) -> 375985924 | M131: =+I131-H131 -> 0 | N131: =+I131/H131 -> #DIV/0!
A132: BOLSA DE ITEMS NO PREVISTOS (10%) | I132: =+ROUND(K132*10%,0) -> 377382880 | J132: =+ROUND(L132*10%,0) -> 377382658 | K132: =+K118+K78+K73+K39+K131 -> 3773828804 | L132: =+L118+L78+L73+L39+L131 -> 3773826575
A133: ADMINISTRACIÓN | E133: 0.12 | F133: 0.12 | I133: =+ROUND($I$132*F133,0) -> 45285946 | J133: =+ROUND($J$132*F133,0) -> 45285919 | K133: =+ROUND($K$132*F133,0) -> 452859456 | L133: =+ROUND($L$132*F133,0) -> 452859189 | M133: =+F133-E133 -> 0 | N133: =+F133/E133 -> 1
A134: IMPREVISTOS | E134: 0.03 | F134: 0.03 | I134: =+ROUND($I$132*F134,0) -> 11321486 | J134: =+ROUND($J$132*F134,0) -> 11321480 | K134: =+ROUND($K$132*F134,0) -> 113214864 | L134: =+ROUND($L$132*F134,0) -> 113214797 | M134: =+F134-E134 -> 0 | N134: =+F134/E134 -> 1
A135: UTILIDAD | E135: 0.07 | F135: 0.07 | I135: =+ROUND($I$132*F135,0) -> 26416802 | J135: =+ROUND($J$132*F135,0) -> 26416786 | K135: =+ROUND($K$132*F135,0) -> 264168016 | L135: =+ROUND($L$132*F135,0) -> 264167860 | M135: =+F135-E135 -> 0 | N135: =+F135/E135 -> 1
A136: IVA SOBRE UTILIDAD | E136: 0.19 | I136: =+ROUND(I135*E136,0) -> 5019192 | J136: =+ROUND(J135*E136,0) -> 5019189 | K136: =+ROUND(K135*E136,0) -> 50191923 | L136: =+ROUND(L135*E136,0) -> 50191893
A137: TOTAL + AIU + IVA SOBRE LA UTILIDAD | I137: =SUM(I132:I136) -> 465426306 | J137: =SUM(J132:J136) -> 465426032 | K137: =SUM(K132:K136) -> 4654263063 | L137: =SUM(L132:L136) -> 4654260314
A138: VALOR OFERTA ECONOMICA | K138: =+I137+K137 -> 5119689369 | L138: =+J137+L137 -> 5119686346 | M138: =+L138-'CONSOLIDADO FINANCIERO'!L7 -> -163245620 | N138: =+L138/'CONSOLIDADO FINANCIERO'!L7 -> 0.96909943
A140: Adicionalmente, declaro: a) Que los valores registrados en la presente oferta económica incluyen todos los costos, impuestos, gastos y erogaciones en los que incurra para el cumplimiento, cabal e íntegro cumplimiento de la presente propuesta, y por lo tanto EL FONDO NACIONAL DEL AHORRO SA no deberá reconocernos ningún valor adicional al que hemos registrado en la presente oferta, y por ningún concepto y no serán aumentados en ninguna forma durante la ejecución del contrato. b) Que he leído cuidadosamente los documentos del FNA y elaboré mi propuesta ajustada a los mismos. c) Que nos comprometemos a proveer al FONDO NACIONAL DEL AHORRO SA, en caso de resultar aceptada la presente, todos los servicios que hacen parte de la ofertar, la justificación de la necesidad y a garantizar la calidad de estos. d) Manifestamos que hemos realizado el examen completo y cuidadoso, y que hemos investigado plenamente las condiciones del contrato que nos comprometemos a ejecutar, así como los riesgos que del mismo se derivan y declaramos que se encuentra bajo nuestra responsabilidad y es nuestra especialidad técnica el conocimiento detallado de los servicios objeto de la presente contratación y en general que conocemos todos los factores determinantes de los costos de ejecución del contrato a suscribir, los cuales se encuentran incluidos en los términos de nuestra propuesta. e) Que los valores registrados en la presente oferta económica contienen las condiciones y especificaciones técnicas descritas en los documentos del proceso. f) Que durante la ejecución del contrato no se incrementaran los valores o tasas ofertadas g) Autorizo al FONDO NACIONAL DEL AHORRO SA a efectuar la verificación aritmética de las operaciones que se registran en la presente oferta económica, y en caso de presentarse error, le solicito que para todos los efectos legales asuma el valor corregido como valor propuesto. h) Que los valores aquí contemplados, obedecen a una estructura de costos y proyecciones estimadas para las vigencias requeridas (años estimados de ejecución: 2024 y 2025), teniendo en cuenta todas las variables que pueden afectar los precios, tales como los índices de inflación (IPC), salarios, TRM, cambios en la reglamentación gubernamental, entre otros, según aplique.
B143: Firma Representante legal
B144: Nombre: LUIS ALBERTO RAMIREZ R/L INSOL S.A.S

Sheet 5 CASTILLA Y LEON
A1: 5 | C1: FONDO NACIONAL DEL AHORRO
C3: OBJETO PROCESO | D3: =+'CONSOLIDADO FINANCIERO'!L5 -> REALIZAR LAS REPARACIONES LOCATIVAS DE LA INFRAESTRUCTURA FÍSICA DE LA SEDE PRINCIPAL - CNA DEL FONDO NACIONAL DEL AHORRO S.A.
C4: NUMERO DE PROCESO | D4: =+'CONSOLIDADO FINANCIERO'!D6 -> FNA-VGHA-CP-015-2024
C5: PROPONENTE | D5: CONSTRUCCION Y MANTENIMIENTO CASTILLA Y LEON G&G S.L
C7: VERIFICACION EXPEDICIÓN REGISTRO UNICO DE PROPONENTES
C8: CONSTRUCCION Y MANTENIMIENTO CASTILLA Y LEON G&G S.L NIT:830.108.787 - 4
C9: FECHA CIERRE PROCESO | D9: 45643
C10: FECHA EXPEDICION RUP | D10: 45641 | J10: =IF(D10>=O10,"CUMPLE","NO CUMPLE") -> CUMPLE | L10: mm / dd / aa | M10: =IF(J10="CUMPLE",0,1) -> 0 | N10: =+TODAY()-30 -> 45622 | O10: =+D9-30 -> 45613 | P10: 30 días anteriores
C11: FECHA ULTIMA RENOVACION | D11: 45386 | J11: =IF(D10>=O11,"CUMPLE","NO CUMPLE") -> CUMPLE | L11: mm / dd / aa | M11: =IF(J11="CUMPLE",0,1) -> 0 | O11: =+D11+15 -> 45401 | P11: 10 días hábiles
C12: FECHA DE LOS ESTADOS FINANCIEROS | D12: 45291 | J12: =IF(D10>=O12,"CUMPLE","NO CUMPLE") -> CUMPLE | L12: mm / dd / aa | M12: =IF(J12="CUMPLE",0,1) -> 0 | O12: =+D12+15 -> 45306
C15: FECHA CIERRE PROCESO | D15: 45638
C16: FECHA EXPEDICION RUP | D16: 45616 | J16: =IF(D16>=O16,"CUMPLE","NO CUMPLE") -> CUMPLE | L16: mm / dd / aa | M16: =IF(J16="CUMPLE",0,1) -> 0 | O16: =+D15-30 -> 45608 | P16: 30 días anteriores
C17: FECHA ULTIMA RENOVACION | D17: 45416 | J17: =IF(D16>=O17,"CUMPLE","NO CUMPLE") -> CUMPLE | L17: mm / dd / aa | M17: =IF(J17="CUMPLE",0,1) -> 0 | O17: =+D17+15 -> 45431 | P17: 10 días hábiles
C18: FECHA DE LOS ESTADOS FINANCIEROS | D18: 45291 | J18: =IF(D16>=O18,"CUMPLE","NO CUMPLE") -> CUMPLE | L18: mm / dd / aa | M18: =IF(J18="CUMPLE",0,1) -> 0 | O18: =+D18+15 -> 45306
C22: FECHA CIERRE PROCESO
C23: FECHA EXPEDICION RUP | L23: mm / dd / aa | M23: =IF(J23="CUMPLE",0,1) -> 1 | O23: =+D22-30 -> -30 | P23: 30 días anteriores
C24: FECHA ULTIMA RENOVACION | L24: mm / dd / aa | M24: =IF(J24="CUMPLE",0,1) -> 1 | O24: =+D24+15 -> 15 | P24: 10 días hábiles
C25: FECHA DE LOS ESTADOS FINANCIEROS | L25: mm / dd / aa | M25: =IF(J25="CUMPLE",0,1) -> 1 | O25: =+D25+15 -> 15
C27: VERIFICACIÓN REQUISITOS HABILITANTES FINANCIEROS
A29: NUMERAL | B29: VERIFICACIÓN DE LA CAPACIDAD FINANCIERA | C29: DESCRIPCION | D29: CRITERIO | E29: ITEM | F29: =+C8 -> CONSTRUCCION Y MANTENIMIENTO CASTILLA Y LEON G&G S.L NIT:830.108.787 - 4 | G29: =+C14 -> 0 | I29: INDICADOR | J29: RESULTADO VERIFICACION | K29: DOCUMENTO ELECTRONICO | L29: OBSERVACIONES
F30: 1
A31: 4.3 | B31: 4.3.1 CAPACIDAD FINANCIERA | C31: Capital de Trabajo >= 25% POE | D31: ='[3]CONSOLIDADO FINANCIERO'!L7*25% -> 1.320733e+09 | E31: Activo Corriente | F31: 8533308679 | I31: =(F31-F32)+(G31-G32) -> 6961551077 | J31: =IF(I31>=D31,"CUMPLE","NO CUMPLE") -> CUMPLE | K31: Registro Único de Proponentes | L31: El proponente cumple con los indicadores establecidos en las reglas de participación de conformidad con lo estabecido en el numeral 4.3 REQUISITOS MÍNIMOS HABILITANTES FINANCIEROS Y CAPACIDAD ORGANIZACIONAL de las reglas de participación | M31: =IF(J31="CUMPLE",0,1) -> 0
E32: Pasivo Corriente | F32: 1571757602
A33: 4.3 | B33: =B31 -> 4.3.1 CAPACIDAD FINANCIERA | C33: Índice de Liquidez | D33: 1.9 | E33: Activo Corriente | F33: =+F31 -> 8533308679 | I33: =+((F33*F30)+(G33*G30)+(H33*H30))/((F34*F30)+(G34*G30)+(H34*H30)) -> 5.4291506 | J33: =IF(I33>=D33,"CUMPLE","NO CUMPLE") -> CUMPLE | K33: Registro Único de Proponentes | M33: =IF(J33="CUMPLE",0,1) -> 0
E34: Pasivo Corriente | F34: =+F32 -> 1571757602
A35: 4.3 | B35: =B33 -> 4.3.1 CAPACIDAD FINANCIERA | C35: Nivel de Endeudamiento | D35: 0.6 | E35: Pasivo Total | F35: 1702163601 | I35: =((F35*F30)+(G35*G30)+(H35*H30))/((F36*F30)+(G36*G30)+(H36*H30)) -> 0.16828886 | J35: =IF(I35<=D35,"CUMPLE","NO CUMPLE") -> CUMPLE | K35: Registro Único de Proponentes | M35: =IF(J35="CUMPLE",0,1) -> 0
E36: Activo Total | F36: 10114535018
A37: 4.3 | B37: =B35 -> 4.3.1 CAPACIDAD FINANCIERA | C37: Razón de Cobertura de Intereses | D37: 1.49 | E37: Utilidad Operacional | F37: 7949765417 | I37: =F37/F38 -> 17.305153 | J37: =IF(I37>=D37,"CUMPLE","NO CUMPLE") -> CUMPLE | K37: Registro Único de Proponentes | M37: =IF(J37="CUMPLE",0,1) -> 0
E38: Gastos de Intereses | F38: 459387184
A39: 4.3 | B39: 4.3.2 capacidad Organizacional | C39: Rentabilidad sobre Patrimonio | D39: 0.11 | E39: Utilidad Operacional | F39: =+F37 -> 7949765417 | I39: =((F39*F30)+(G39*G30)+(H39*H30))/((F40*F30)+(G40*G30)+(H40*H30)) -> 0.94500885 | J39: =IF(I39>=D39,"CUMPLE","NO CUMPLE") -> CUMPLE | K39: Registro Único de Proponentes | M39: =IF(J39="CUMPLE",0,1) -> 0
E40: Patrimonio | F40: 8412371417
A41: 4.3 | B41: =+B39 -> 4.3.2 capacidad Organizacional | C41: Rentabilidad sobre Activo | D41: 0.05 | E41: Utilidad Operacional | F41: =+F37 -> 7949765417 | I41: =((F41*F30)+(G41*G30)+(H41*H30))/((F42*F30)+(G42*G30)+(H42*H30)) -> 0.78597438 | J41: =IF(I41>=D41,"CUMPLE","NO CUMPLE") -> CUMPLE | K41: Registro Único de Proponentes | M41: =IF(J41="CUMPLE",0,1) -> 0
E42: Activo total | F42: =+F36 -> 10114535018
A43: 4.3 | B43: =B31 -> 4.3.1 CAPACIDAD FINANCIERA | C43: Patrimonio ≥ 30% POE | D43: ='[3]CONSOLIDADO FINANCIERO'!L7*30% -> 1.5848796e+09 | E43: Activo total | F43: =+F36 -> 10114535018 | I43: =(F43-F44)+(G43-G44) -> 8412371417 | J43: =IF(I43>=D43,"CUMPLE","NO CUMPLE") -> CUMPLE | K43: Registro Único de Proponentes | M43: =IF(J43="CUMPLE",0,1) -> 0
E44: Pasivo total | F44: =+F35 -> 1702163601
E45: RESULTADO | I45: =IF(M45>0,"NO CUMPLE","CUMPLE") -> CUMPLE | M45: =SUM(M31:M44) -> 0

Sheet OFERTA CASTILLA Y LEON
E1: FONDO NACIONAL DEL AHORRO S.A.
A5: FORMATO No. 9 - PROPUESTA ECONOMICA | M5: 0.97485
A6: Número del Proceso
A7: Descripción del Proceso: | E7: REALIZAR LAS REPARACIONES LOCATIVAS DE LA INFRAESTRUCTURA FÍSICA DE LA SEDE PRINCIPAL – CNA DEL FONDO NACIONAL DEL AHORRO S.A.
A8: Nombre del Oferente
A9: NIT
A10: Representante Legal
A11: C.C
A12: 1. El valor de la oferta económica deber ser expresado en PESOS COLOMBIANOS. 2. Asignar valor en las casillas "VALOR UNITARIO SIN IVA" y el porcentaje en "Administración", "Imprevistos" y "Utilidad". El valor del IVA se aplica sobre la Utilidad corresponde con la regulación tributaria vigente. 3. El oferente deberá tener en cuenta todos los gravámenes, impuestos tasas y demás contribuciones para la estimación del presupuesto. 4. No modificar, agregar o quitar ningún ítem o sub-ítem, so pena de encontrarse inmerso en causal de rechazo. 5. Todos los valores deberán estar ajustados al peso, es decir, sin decimales. Para el efecto, se aplicará la formula redondeo de Excel. 6. No podrá superar los VALORES UNITARIO SIN IVA REFERENCIA establecidos por la entidad ni tampoco podra ser cero (0) so pena de rechazo por encontrarse inmerso en causal de rechazo. 7. No podrá superar el Presupuesto Oficial Estimado so pena de encontrarse inmerso en causal de rechazo. 8.El oferente no podrá cambiar, eliminar la formulación. NOTA • El contratista deberá prever la proyección del presupuesto para el plazo de ejecución del contrato. El FNA no asumirán los costos adicionales generados por el IPC de los años subsiguientes o cualquier otro sistema de actualización de precios; en el caso que exista reglamentación gubernamental de incrementos salariales durante la ejecución del contrato, éstos deben ser contemplados por el contratista dentro del valor de la ofertado. • Tiempo estimado de ejecución: 12 meses • Los precios ofertados se deberán mantener durante la ejecución del contrato independientemente de la fecha de inicio de ejecución del contrato.
A14: ÍTEM | C14: ACTIVIDAD | F14: UNIDAD DE MEDIDA | G14: CANTIDAD | H14: VALOR UNITARIO SIN IVA (NO MODIFICAR) | I14: VALORES OFERTADOS
I15: VALOR UNITARIO SIN IVA | J15: VALOR TOTAL | K15: VERIFICACION PRECIOS TECHO | L15: VERIFICACION PRECIOS ARTIFIALMENTE BAJOS
A16: 1.1. | C16: Retiro, reparación y reposicion puntual de junta entre laminas (junta con factor forma 2cmx1cm), mediante el uso de fondo de junta tipo sika rod y sello elastomérico de poliuretano en color negro, con alta resistencia a la intemperie incluye andamio colgante o toda instalación provisional que permita el cumplimiento de la actividad. | F16: ml | G16: 2000 | H16: 16341 | I16: =ROUND($M$5*H16,0) -> 15930 | J16: =+ROUND(I16*G16,0) -> 31860000 | K16: =I16-H16 -> -411 | L16: =I16/H16 -> 0.97484854 | O16: =+IF(I16<H16,"OK",IF(I16=0," ")) -> OK
A17: 1.2. | C17: Pintura exterior tipo coraza para muros sobre pañete incluye toda instalación provisional que permita el cumplimiento de la actividad. | F17: m2 | G17: 300 | H17: 43227 | I17: =ROUND($M$5*H17,0) -> 42140 | J17: =+ROUND(I17*G17,0) -> 12642000 | K17: =I17-H17 -> -1087 | L17: =I17/H17 -> 0.97485368 | O17: =+IF(I17<H17,"OK",IF(I17=0," ")) -> OK
A18: 2.1. | C18: Retiro de impermeabilización existente y mortero de nivelación. Incluye el retiro y disposición final de escombros (Edificio Convenciones y Edificio CNA zona "L"). | F18: m2 | G18: 2332.42 | H18: 30375 | I18: =ROUND($M$5*H18,0) -> 29611 | J18: =+ROUND(I18*G18,0) -> 69065289 | K18: =I18-H18 -> -764 | L18: =I18/H18 -> 0.97484774 | O18: =+IF(I18<H18,"OK",IF(I18=0," ")) -> OK
A19: 2.2. | C19: Instalación de mortero de nivelación con materiales de SIKA o similares características, previo a la instalación de la impermeabilización (Edificio Convenciones y Edificio CNA zona "L"). | F19: m2 | G19: 2332.42 | H19: 64685 | I19: =ROUND($M$5*H19,0) -> 63058 | J19: =+ROUND(I19*G19,0) -> 147077740 | K19: =I19-H19 -> -1627 | L19: =I19/H19 -> 0.97484734 | O19: =+IF(I19<H19,"OK",IF(I19=0," ")) -> OK
A20: 2.3. | C20: Impermeabilización de placa de cubierta plana transitable, no ventilada, con piso fijo, tipo convencional, para tráfico peatonal privado. Tipo Sika o de similares características con uso de mantos asfálticos, tipo bicapa (Edificio Convenciones y Edificio CNA zona "L"). | F20: m2 | G20: 2332.42 | H20: 129968 | I20: =ROUND($M$5*H20,0) -> 126699 | J20: =+ROUND(I20*G20,0) -> 295515282 | K20: =I20-H20 -> -3269 | L20: =I20/H20 -> 0.97484765 | O20: =+IF(I20<H20,"OK",IF(I20=0," ")) -> OK
A21: 2.4. | C21: Desmonte de ventaneria con vidrios en celosía ubicados en culata de cubierta en el edificio CNA. | F21: m2 | G21: 150 | H21: 53922 | I21: =ROUND($M$5*H21,0) -> 52566 | J21: =+ROUND(I21*G21,0) -> 7884900 | K21: =I21-H21 -> -1356 | L21: =I21/H21 -> 0.97485256 | O21: =+IF(I21<H21,"OK",IF(I21=0," ")) -> OK
A22: 2.5. | C22: Suministro e instalación de sistema de ventanas en vidrio fijas (sin básculante) en reemplazo de las ventanas en vidrio retiradas, ubicados en culata de cubierta en el edificio CNA. | F22: m2 | G22: 150 | H22: 305942 | I22: =ROUND($M$5*H22,0) -> 298248 | J22: =+ROUND(I22*G22,0) -> 44737200 | K22: =I22-H22 -> -7694 | L22: =I22/H22 -> 0.97485144 | O22: =+IF(I22<H22,"OK",IF(I22=0," ")) -> OK
A23: 2.6. | C23: Retiro de canaletas existentes y suministro e instalación de canaletas metálicas de sección trapezoidal elaboradas en acero galvanizado calibre 16 de acuerdo con las necesidades técnicas de la cubierta de aguas lluvia, incluye la instalación de la soportería para el anclaje de la canaleta en el edificio CNA. | F23: ml | G23: 231 | H23: 125271 | I23: =ROUND($M$5*H23,0) -> 122120 | J23: =+ROUND(I23*G23,0) -> 28209720 | K23: =I23-H23 -> -3151 | L23: =I23/H23 -> 0.97484653 | O23: =+IF(I23<H23,"OK",IF(I23=0," ")) -> OK
A24: 2.7. | C24: Retiro de instalación existente y suministro e instalación de soscos para la bajante de agua lluvia ø 4" en PVC con su respectivo sifón para evitar malos olores, incluye la instalación de la soportería para el anclaje en el edificio CNA. | F24: und | G24: 50 | H24: 88909 | I24: =ROUND($M$5*H24,0) -> 86673 | J24: =+ROUND(I24*G24,0) -> 4333650 | K24: =I24-H24 -> -2236 | L24: =I24/H24 -> 0.97485069 | O24: =+IF(I24<H24,"OK",IF(I24=0," ")) -> OK
A25: 2.8. | C25: Limpieza y mantenimientos de tubería bajante de agua lluvia ø 4" en PVC, en el edificio CNA. | F25: und | G25: 50 | H25: 97000 | I25: =ROUND($M$5*H25,0) -> 94560 | J25: =+ROUND(I25*G25,0) -> 4728000 | K25: =I25-H25 -> -2440 | L25: =I25/H25 -> 0.97484536 | O25: =+IF(I25<H25,"OK",IF(I25=0," ")) -> OK
A26: 3.1. | C26: Desmonte de cielo raso en fibra mineral o en drywall incluye desmonte luminarias, retiro y disposición final de escombros. | F26: m2 | G26: 80 | H26: 38338 | I26: =ROUND($M$5*H26,0) -> 37374 | J26: =+ROUND(I26*G26,0) -> 2989920 | K26: =I26-H26 -> -964 | L26: =I26/H26 -> 0.97485524 | O26: =+IF(I26<H26,"OK",IF(I26=0," ")) -> OK
A27: 3.2. | C27: Mantenimiento de cielo raso en fibra mineral. Incluye cambio, pintura y/o reutilización de láminas en fibra mineral, instalación de anclajes y arreglo de perfilería descolgada y colocación de soportes. | F27: m2 | G27: 1800 | H27: 35000 | I27: =ROUND($M$5*H27,0) -> 34120 | J27: =+ROUND(I27*G27,0) -> 61416000 | K27: =I27-H27 -> -880 | L27: =I27/H27 -> 0.97485714 | O27: =+IF(I27<H27,"OK",IF(I27=0," ")) -> OK
... A38: 6.1. | C38: Resanes y pintura vinilo primera calidad tipo 1 a tres manos, aplica para muros interiores color blanco sobre pañete o repello liso. A todo costo. | F38: m2 | G38: 4500 | H38: 34663 | I38: =ROUND($M$5*H38,0) -> 33791 | J38: =+ROUND(I38*G38,0) -> 152059500 | K38: =I38-H38 -> -872 | L38: =I38/H38 -> 0.97484349 | O38: =+IF(I38<H38,"OK",IF(I38=0," ")) -> OK
A39: TOTAL REPARACIONES LOCATIVAS GENERALES SEDE PRINCIPAL | J39: =SUM(J16:J38) -> 1165338609 | K39: =I39-H39 -> 0 | L39: =I39/H39 -> #DIV/0! | O39: =+IF(I39<H39,"OK",IF(I39=0," "))
A40: 1.1. | C40: Demolición muros Drywall incluye la disposición final de los escombros. | F40: m2 | G40: 250 | H40: 49033 | I40: =ROUND($M$5*H40,0) -> 47800 | J40: =+ROUND(I40*G40,0) -> 11950000 | K40: =I40-H40 -> -1233 | L40: =I40/H40 -> 0.97485367 | O40: =+IF(I40<H40,"OK",IF(I40=0," ")) -> OK
A41: 1.2. | C41: Desmonte de divisiones y puertas en vidrio incluye la disposición final o la disposición que el fondo Nacional del Ahorro indique. | F41: m2 | G41: 61 | H41: 50667 | I41: =ROUND($M$5*H41,0) -> 49393 | J41: =+ROUND(I41*G41,0) -> 3012973 | K41: =I41-H41 -> -1274 | L41: =I41/H41 -> 0.97485543 | O41: =+IF(I41<H41,"OK",IF(I41=0," ")) -> OK
A42: 1.3. | C42: Desmonte de cielo raso en fibra mineral o en drywall incluye desmonte luminarias, retiro y disposición final de escombros. | F42: m2 | G42: 1070 | H42: 36183 | I42: =ROUND($M$5*H42,0) -> 35273 | J42: =+ROUND(I42*G42,0) -> 37742110 | K42: =I42-H42 -> -910 | L42: =I42/H42 -> 0.97485007 | O42: =+IF(I42<H42,"OK",IF(I42=0," ")) -> OK
A43: 1.4. | C43: Desmonte de redes eléctricas existentes. Incluye la disposición final de los escombros o la disposición que el fondo Nacional del Ahorro indique. | F43: glb | G43: 1 | H43: 13063210 | I43: =ROUND($M$5*H43,0) -> 12734670 | J43: =+ROUND(I43*G43,0) -> 12734670 | K43: =I43-H43 -> -328540 | L43: =I43/H43 -> 0.97484998 | O43: =+IF(I43<H43,"OK",IF(I43=0," ")) -> OK
A44: 1.5. | C44: Desmonte de puestos de trabajo tales como divisiones metálicas, superficies, cajoneras etc. Adicionalmente, incluye la disposición final de los escombros o la disposición que el fondo Nacional del Ahorro indique. | F44: und | G44: 135 | H44: 96339 | I44: =ROUND($M$5*H44,0) -> 93916 | J44: =+ROUND(I44*G44,0) -> 12678660 | K44: =I44-H44 -> -2423 | L44: =I44/H44 -> 0.97484923 | O44: =+IF(I44<H44,"OK",IF(I44=0," ")) -> OK
A45: 1.6. | C45: Suministro e instalación de muro provisional en Drywall de 1/2" a una sola cara, incluye estructura, cinta, estuco. A todo costo. | F45: m2 | G45: 78 | H45: 95199 | I45: =ROUND($M$5*H45,0) -> 92805 | J45: =+ROUND(I45*G45,0) -> 7238790 | K45: =I45-H45 -> -2394 | L45: =I45/H45 -> 0.97485268 | O45: =+IF(I45<H45,"OK",IF(I45=0," ")) -> OK
A46: 2.1. | C46: Suministro e instalación de columnetas metálicas en tubería cuadrada estructural de 100mmx100mm, calibre 12 acabado en pintura color negro semi-mate. Incluye platina soldada a la base y anclajes a placa de piso y retiro de escombros. | F46: ml | G46: 100 | H46: 203925 | I46: =ROUND($M$5*H46,0) -> 198796 | J46: =+ROUND(I46*G46,0) -> 19879600 | K46: =I46-H46 -> -5129 | L46: =I46/H46 -> 0.9748486 | O46: =+IF(I46<H46,"OK",IF(I46=0," ")) -> OK
A47: 2.2. | C47: Suministro e instalación de viguetas metálicas en tubería cuadrada estructural de 100mmx100mm, calibre12 acabado en pintura color negro semi-mate. Incluye soldadura a columnetas y retiro de escombros. | F47: ml | G47: 130 | H47: 186288 | I47: =ROUND($M$5*H47,0) -> 181603 | J47: =+ROUND(I47*G47,0) -> 23608390 | K47: =I47-H47 -> -4685 | L47: =I47/H47 -> 0.97485077 | O47: =+IF(I47<H47,"OK",IF(I47=0," ")) -> OK
A48: 3.1. | C48: Suministro e instalación de muro en Superboard de 8 mm, altura 2.40 m a dos caras. Incluye estructura metálica, anclaje, cinta, estuco y fondeo de acabado en pintura en vinilo tipo 1. | F48: m2 | G48: 30 | H48: 205133 | I48: =ROUND($M$5*H48,0) -> 199974 | J48: =+ROUND(I48*G48,0) -> 5999220 | K48: =I48-H48 -> -5159 | L48: =I48/H48 -> 0.97485046 | O48: =+IF(I48<H48,"OK",IF(I48=0," ")) -> OK
A49: 4.1. | C49: Suministro e instalación de cielorraso en Drywall de 1/2" a una sola cara, incluye estructura, cinta, estuco, capa fondeo y pintura. A todo costo. | F49: m2 | G49: 1301 | H49: 131613 | I49: =ROUND($M$5*H49,0) -> 128303 | J49: =+ROUND(I49*G49,0) -> 166922203 | K49: =I49-H49 -> -3310 | L49: =I49/H49 -> 0.97485051 | O49: =+IF(I49<H49,"OK",IF(I49=0," ")) -> OK
A50: 4.2. | C50: Suministro e instalación de Frescasa Eco Sin Papel 3 1/2″ para cielorraso en Drywall. A todo costo. | F50: m2 | G50: 1301 | H50: 33384 | I50: =ROUND($M$5*H50,0) -> 32544 | J50: =+ROUND(I50*G50,0) -> 42339744 | K50: =I50-H50 -> -840 | L50: =I50/H50 -> 0.97483825 | O50: =+IF(I50<H50,"OK",IF(I50=0," ")) -> OK
A51: 5.1. | C51: Suministro e instalación de piso laminado de alto tráfico de alta densidad (HDF) de 890 a 900 Kgms x cm3 y resistencia a la humedad. Incluye plástico aislante y yumbolon de acuerdo a las características técnicas y el guardaescobas. | F51: m2 | G51: 1070 | H51: 194913 | I51: =ROUND($M$5*H51,0) -> 190011 | J51: =+ROUND(I51*G51,0) -> 203311770 | K51: =I51-H51 -> -4902 | L51: =I51/H51 -> 0.97485032 | O51: =+IF(I51<H51,"OK",IF(I51=0," ")) -> OK
... A72: 9.2. | C72: Pintura vinilo primera calidad tipo uno tres manos cielo falsos blanco. A todo costo, incluye lineales. | F72: m2 | G72: 230.61 | H72: 41123 | I72: =ROUND($M$5*H72,0) -> 40089 | J72: =+ROUND(I72*G72,0) -> 9244924 | K72: =I72-H72 -> -1034 | L72: =I72/H72 -> 0.97485592 | O72: =+IF(I72<H72,"OK",IF(I72=0," ")) -> OK
A73: TOTAL REPARACIONES LOCATIVAS - EDIFICIO CNA - PISO 2 | J73: =SUM(J40:J72) -> 1214618503 | K73: =I73-H73 -> 0 | L73: =I73/H73 -> #DIV/0! | O73: =+IF(I73<H73,"OK",IF(I73=0," "))
A74: 5.5. | C74: Suministro e instalación de piso laminado de alto tráfico de alta densidad (HDF) de 890 a 900 Kgms x cm3 y resistencia a la humedad, para la zona de mesas del restaurante Incluye nivelación en zonas puntuales, plástico aislante, yumbolon de acuerdo con las características técnicas y el guardaescobas. | F74: m2 | G74: 450 | H74: 194913 | I74: =ROUND($M$5*H74,0) -> 190011 | J74: =+ROUND(I74*G74,0) -> 85504950 | K74: =I74-H74 -> -4902 | L74: =I74/H74 -> 0.97485032 | O74: =+IF(I74<H74,"OK",IF(I74=0," ")) -> OK
A75: 9.1. | C75: Suministro e instalación de estructura decorativa para plantas colgantes de 6,85m ancho x 1,00 m de profundo con viguetas cada 0,76 m en tubería metálica cuadrada 50x50x2.0mm con acabado en pintura electrostática negro mate incluye 6 puntos de apoyo en guaya de tipo colgante. incluye 3 lamparas segun imagen. | F75: und | G75: 2 | H75: 3334200 | I75: =ROUND($M$5*H75,0) -> 3250345 | J75: =+ROUND(I75*G75,0) -> 6500690 | K75: =I75-H75 -> -83855 | L75: =I75/H75 -> 0.97485004 | O75: =+IF(I75<H75,"OK",IF(I75=0," ")) -> OK
A76: 9.2. | C76: Suministro e instalación de estructura para microondas con módulos de 0,71 m de largo 0,56 m de profundo y 0,40 m de alto en tubería metálica cuadrada 50x50x3.0mm en pintura electrostática negro mate incluye 2 superficies en madera tipo madecor RH de 1" cada módulo y anclajes a la pared no visibles. | F76: und | G76: 12 | H76: 858374 | I76: =ROUND($M$5*H76,0) -> 836786 | J76: =+ROUND(I76*G76,0) -> 10041432 | K76: =I76-H76 -> -21588 | L76: =I76/H76 -> 0.97485012 | O76: =+IF(I76<H76,"OK",IF(I76=0," ")) -> OK
A77: 11.1. | C77: Resanes y pintura vinilo primera calidad tipo 1 a tres manos, aplica para muros interiores color blanco sobre pañete o repello liso. Incluyen andamios, escaleras y sistemas de seguridad de operación. A todo costo. | F77: m2 | G77: 222.23 | H77: 34663 | I77: =ROUND($M$5*H77,0) -> 33791 | J77: =+ROUND(I77*G77,0) -> 7509374 | K77: =I77-H77 -> -872 | L77: =I77/H77 -> 0.97484349 | O77: =+IF(I77<H77,"OK",IF(I77=0," ")) -> OK
A78: TOTAL REPARACIONES LOCATIVAS CASINO - EDIFICIO CONVENCIONES | J78: =SUM(J74:J77) -> 109556446 | K78: =I78-H78 -> 0 | L78: =I78/H78 -> #DIV/0! | O78: =+IF(I78<H78,"OK",IF(I78=0," "))
A79: 1.1. | C79: Demolición muros Drywall incluye la disposición final de los escombros. | F79: m2 | G79: 161.58 | H79: 49033 | I79: =ROUND($M$5*H79,0) -> 47800 | J79: =+ROUND(I79*G79,0) -> 7723524 | K79: =I79-H79 -> -1233 | L79: =I79/H79 -> 0.97485367 | O79: =+IF(I79<H79,"OK",IF(I79=0," ")) -> OK
A80: 1.2. | C80: Desmonte de divisiones y puertas en vidrio incluye la disposición final o la disposición que el fondo Nacional del Ahorro indique. | F80: m2 | G80: 246.96 | H80: 97950 | I80: =ROUND($M$5*H80,0) -> 95487 | J80: =+ROUND(I80*G80,0) -> 23581470 | K80: =I80-H80 -> -2463 | L80: =I80/H80 -> 0.97485452 | O80: =+IF(I80<H80,"OK",IF(I80=0," ")) -> OK
A81: 1.3. | C81: Desmonte de cielo raso en fibra mineral o en drywall incluye desmonte luminarias, retiro y disposición final de escombros | F81: m2 | G81: 888.84 | H81: 36183 | I81: =ROUND($M$5*H81,0) -> 35273 | J81: =+ROUND(I81*G81,0) -> 31352053 | K81: =I81-H81 -> -910 | L81: =I81/H81 -> 0.97485007 | O81: =+IF(I81<H81,"OK",IF(I81=0," ")) -> OK
A82: 1.4. | C82: Desmonte de redes eléctricas existentes. Incluye la disposición final de los escombros o la disposición que el fondo Nacional del Ahorro indique. | F82: glb | G82: 1 | H82: 6960160 | I82: =ROUND($M$5*H82,0) -> 6785112 | J82: =+ROUND(I82*G82,0) -> 6785112 | K82: =I82-H82 -> -175048 | L82: =I82/H82 -> 0.97485 | O82: =+IF(I82<H82,"OK",IF(I82=0," ")) -> OK
A83: 1.5. | C83: Desmonte puestos de trabajo tales como divisiones metálicas, superficies, cajoneras etc. Adicionalmente, incluye la disposición final de los escombros o la disposición que el Fondo Nacional del Ahorro S.A. indique. | F83: und | G83: 150 | H83: 96339 | I83: =ROUND($M$5*H83,0) -> 93916 | J83: =+ROUND(I83*G83,0) -> 14087400 | K83: =I83-H83 -> -2423 | L83: =I83/H83 -> 0.97484923 | O83: =+IF(I83<H83,"OK",IF(I83=0," ")) -> OK
A84: 1.6. | C84: Suministro e instalación de muro provisional en Drywall de 1/2" a una sola cara, incluye estructura, cinta, estuco. A todo costo | F84: m2 | G84: 37.5 | H84: 95199 | I84: =ROUND($M$5*H84,0) -> 92805 | J84: =+ROUND(I84*G84,0) -> 3480188 | K84: =I84-H84 -> -2394 | L84: =I84/H84 -> 0.97485268 | O84: =+IF(I84<H84,"OK",IF(I84=0," ")) -> OK
A85: 2.1. | C85: Suministro e instalación de columnetas metálicas en tubería cuadrada estructural de 100mmx100mm, calibre 12 acabado en pintura color negro semi-mate. Incluye platina soldada a la base y anclajes a placa de piso y retiro de escombros. | F85: ml | G85: 121 | H85: 203925 | I85: =ROUND($M$5*H85,0) -> 198796 | J85: =+ROUND(I85*G85,0) -> 24054316 | K85: =I85-H85 -> -5129 | L85: =I85/H85 -> 0.9748486 | O85: =+IF(I85<H85,"OK",IF(I85=0," ")) -> OK
A86: 2.2. | C86: Suministro e instalación de viguetas metálicas en tubería cuadrada estructural de 100mmx100mm, calibre12 acabado en pintura color negro semi-mate. Incluye soldadura a columnetas y retiro de escombros. | F86: ml | G86: 145 | H86: 186288 | I86: =ROUND($M$5*H86,0) -> 181603 | J86: =+ROUND(I86*G86,0) -> 26332435 | K86: =I86-H86 -> -4685 | L86: =I86/H86 -> 0.97485077 | O86: =+IF(I86<H86,"OK",IF(I86=0," ")) -> OK
A87: 2.3. | C87: Suministro e instalación perfiles WPC textura madera. Para instalar en muros divisorios de dimensiones 10 cm x 5 cm. Incluye estructura anclajes y retiro de escombros. | F87: m2 | G87: 40 | H87: 240790 | I87: =ROUND($M$5*H87,0) -> 234734 | J87: =+ROUND(I87*G87,0) -> 9389360 | K87: =I87-H87 -> -6056 | L87: =I87/H87 -> 0.97484945 | O87: =+IF(I87<H87,"OK",IF(I87=0," ")) -> OK
A88: 3.1. | C88: Suministro e instalación de muro en Superboard, altura 2.40 m. a dos caras incluye estructura, anclaje, cinta, estuco y fondeo de acabado en pintura en vinilo tipo 1. | F88: m2 | G88: 5 | H88: 161174 | I88: =ROUND($M$5*H88,0) -> 157120 | J88: =+ROUND(I88*G88,0) -> 785600 | K88: =I88-H88 -> -4054 | L88: =I88/H88 -> 0.97484706 | O88: =+IF(I88<H88,"OK",IF(I88=0," ")) -> OK
A89: 4.1. | C89: Suministro e instalación de cielo raso en Drywall de 1/2" en diferentes niveles a una sola cara, incluye estructura, cinta, estuco, capa fondeo y pintura a 3 manos. A todo costo. | F89: m2 | G89: 888.84 | H89: 116086 | I89: =ROUND($M$5*H89,0) -> 113166 | J89: =+ROUND(I89*G89,0) -> 100586467 | K89: =I89-H89 -> -2920 | L89: =I89/H89 -> 0.97484623 | O89: =+IF(I89<H89,"OK",IF(I89=0," ")) -> OK
A90: 5.1. | C90: Suministro e instalación de piso laminado de alto tráfico de alta densidad (HDF) de 890 a 900 Kgms x cm3 y resistencia a la humedad Incluye plastico aislante y yumbolon, de acuerdo a las caracteristicas técnicas y el guardaescobas. | F90: m2 | G90: 888.84 | H90: 194913 | I90: =ROUND($M$5*H90,0) -> 190011 | J90: =+ROUND(I90*G90,0) -> 168889377 | K90: =I90-H90 -> -4902 | L90: =I90/H90 -> 0.97485032 | O90: =+IF(I90<H90,"OK",IF(I90=0," ")) -> OK
... A117: 10.4. | C117: Pintura vinilo primera calidad tipo uno a tres manos en muros interiores verde institucional. A todo costo, incluye lineales. | F117: m2 | G117: 25 | H117: 38208 | I117: =ROUND($M$5*H117,0) -> 37247 | J117: =+ROUND(I117*G117,0) -> 931175 | K117: =I117-H117 -> -961 | L117: =I117/H117 -> 0.9748482 | O117: =+IF(I117<H117,"OK",IF(I117=0," ")) -> OK
A118: TOTAL REPARACIONES LOCATIVAS - EDIFICIO CONVENCIONES - PISO 4 | J118: =SUM(J79:J117) -> 928487121 | K118: =I118-H118 -> 0 | L118: =I118/H118 -> #DIV/0! | O118: =+IF(I118<H118,"OK",IF(I118=0," "))
A119: 1.1. | C119: Desmonte de cielo raso en fibra mineral o en drywall, incluye desmonte de 113 luminarias tipo panel Led de 60 x 60 luz neutra 4000K y retiro con su disposición final de escombros. | F119: m2 | G119: 860 | H119: 38338 | I119: =ROUND($M$5*H119,0) -> 37374 | J119: =+ROUND(I119*G119,0) -> 32141640 | K119: =I119-H119 -> -964 | L119: =I119/H119 -> 0.97485524 | O119: =+IF(I119<H119,"OK",IF(I119=0," ")) -> OK
A120: 1.2. | C120: Desmonte de puestos de trabajo tales como divisiones metálicas, superficies, cajoneras etc. Adicionalmente, incluye la disposición final de los escombros o la disposición que el fondo Nacional del Ahorro indique. | F120: und | G120: 180 | H120: 96339 | I120: =ROUND($M$5*H120,0) -> 93916 | J120: =+ROUND(I120*G120,0) -> 16904880 | K120: =I120-H120 -> -2423 | L120: =I120/H120 -> 0.97484923 | O120: =+IF(I120<H120,"OK",IF(I120=0," ")) -> OK
A121: 1.3. | C121: Suministro e instalación de muro provisional en Drywall de 1/2" a una sola cara, incluye estructura, cinta, estuco. A todo costo. | F121: m2 | G121: 4 | H121: 95199 | I121: =ROUND($M$5*H121,0) -> 92805 | J121: =+ROUND(I121*G121,0) -> 371220 | K121: =I121-H121 -> -2394 | L121: =I121/H121 -> 0.97485268 | O121: =+IF(I121<H121,"OK",IF(I121=0," ")) -> OK
A122: 2.1. | C122: Suministro e instalación de cielorraso en Drywall de 1/2" a una sola cara, incluye estructura, cinta, estuco y capa fondeo pintura. A todo costo. | F122: m2 | G122: 860 | H122: 130620 | I122: =ROUND($M$5*H122,0) -> 127335 | J122: =+ROUND(I122*G122,0) -> 109508100 | K122: =I122-H122 -> -3285 | L122: =I122/H122 -> 0.97485071 | O122: =+IF(I122<H122,"OK",IF(I122=0," ")) -> OK
A123: 3.1. | C123: Suministro e instalación de piso laminado de alto tráfico de alta densidad (HDF) de 890 a 900 Kgms x cm3 y resistencia a la humedad. Incluye plástico aislante y yumbolon de acuerdo a las características técnicas y el guardaescobas. | F123: m2 | G123: 860 | H123: 194913 | I123: =ROUND($M$5*H123,0) -> 190011 | J123: =+ROUND(I123*G123,0) -> 163409460 | K123: =I123-H123 -> -4902 | L123: =I123/H123 -> 0.97485032 | O123: =+IF(I123<H123,"OK",IF(I123=0," ")) -> OK
A124: 4.1. | C124: Suministro e instalación de lámpara de techo colgante lineal estilo cortina de luz, acabado negro y luz neutra. Dimensiones: 120x4x7cm. Largo de la guaya: 100cm, incluye acometida eléctrica y accesorios. | F124: und | G124: 20 | H124: 319533 | I124: =ROUND($M$5*H124,0) -> 311497 | J124: =+ROUND(I124*G124,0) -> 6229940 | K124: =I124-H124 -> -8036 | L124: =I124/H124 -> 0.9748508 | O124: =+IF(I124<H124,"OK",IF(I124=0," ")) -> OK
A125: 4.2. | C125: Suministro e instalación de panel LED de incrustar redondo acabado blanco, 24 w, luz neutra 4000K, dimensiones : diámetro 30 cm. Incluye acometida eléctrica y accesorios. | F125: und | G125: 20 | H125: 233891 | I125: =ROUND($M$5*H125,0) -> 228009 | J125: =+ROUND(I125*G125,0) -> 4560180 | K125: =I125-H125 -> -5882 | L125: =I125/H125 -> 0.97485153 | O125: =+IF(I125<H125,"OK",IF(I125=0," ")) -> OK
A126: 4.3. | C126: Reinstalación de panel LED cuadrado de dimensiones 60x60 cm luz neutra 4000K preexistentes. A todo costo, cumpliendo norma RETIE. | F126: und | G126: 113 | H126: 98830 | I126: =ROUND($M$5*H126,0) -> 96344 | J126: =+ROUND(I126*G126,0) -> 10886872 | K126: =I126-H126 -> -2486 | L126: =I126/H126 -> 0.97484569 | O126: =+IF(I126<H126,"OK",IF(I126=0," ")) -> OK
A127: 4.4. | C127: Suministro e instalación de luminaria de emergencia con autonomía de 90 minutos certificada RETILAP. | F127: und | G127: 8 | H127: 215750 | I127: =ROUND($M$5*H127,0) -> 210324 | J127: =+ROUND(I127*G127,0) -> 1682592 | K127: =I127-H127 -> -5426 | L127: =I127/H127 -> 0.97485052 | O127: =+IF(I127<H127,"OK",IF(I127=0," ")) -> OK
A128: 4.5. | C128: Suministro e instalación de luminaria de emergencia de aviso de evacuación con autonomía de 90 minutos certificada RETILAP. | F128: und | G128: 4 | H128: 200830 | I128: =ROUND($M$5*H128,0) -> 195779 | J128: =+ROUND(I128*G128,0) -> 783116 | K128: =I128-H128 -> -5051 | L128: =I128/H128 -> 0.97484938 | O128: =+IF(I128<H128,"OK",IF(I128=0," ")) -> OK
A129: 5.1. | C129: Suministro e instalación de Puerta en madecor entamborada de 0,90 m de ancho por 2.20 m de alto, incluye marcos, chapa, cantonera y todo lo necesario para su instalación y funcionamiento. | F129: und | G129: 1 | H129: 1025000 | I129: =ROUND($M$5*H129,0) -> 999221 | J129: =+ROUND(I129*G129,0) -> 999221 | K129: =I129-H129 -> -25779 | L129: =I129/H129 -> 0.97484976 | O129: =+IF(I129<H129,"OK",IF(I129=0," ")) -> OK
A130: 6.1. | C130: Pintura vinilo primera calidad tipo uno tres manos muros interiores blancos. A todo costo, incluye lineales. | F130: m2 | G130: 880 | H130: 35833 | I130: =ROUND($M$5*H130,0) -> 34932 | J130: =+ROUND(I130*G130,0) -> 30740160 | K130: =I130-H130 -> -901 | L130: =I130/H130 -> 0.97485558 | O130: =+IF(I130<H130,"OK",IF(I130=0," ")) -> OK
A131: TOTAL REPARACIONES LOCATIVAS - TORRE DE TECNOLOGÍA - PISO 2 | J131: =SUM(J119:J130) -> 378217381
A132: BOLSA DE ITEMS NO PREVISTOS (10%) | I132: =+ROUND(J132*10%,0) -> 379621806 | J132: =+J118+J78+J73+J39+J131 -> 3796218060
A133: ADMINISTRACIÓN | E133: 0.12 | I133: =+ROUND($I$132*E133,0) -> 45554617 | J133: =+ROUND($J$132*E133,0) -> 455546167 | K133: =+F133-E133 -> -0.12 | L133: =F133/E133 -> 0
A134: IMPREVISTOS | E134: 0.03 | I134: =+ROUND($I$132*E134,0) -> 11388654 | J134: =+ROUND($J$132*E134,0) -> 113886542 | K134: =+F134-E134 -> -0.03 | L134: =F134/E134 -> 0
A135: UTILIDAD | E135: 0.07 | I135: =+ROUND($I$132*E135,0) -> 26573526 | J135: =+ROUND($J$132*E135,0) -> 265735264 | K135: =+F135-E135 -> -0.07 | L135: =F135/E135 -> 0
A136: IVA SOBRE UTILIDAD | E136: 0.19 | I136: =+ROUND(I135*E136,0) -> 5048970 | J136: =+ROUND(J135*E136,0) -> 50489700 | K136: =+F136-E136 -> -0.19 | L136: =F136/E136 -> 0
A137: TOTAL + AIU + IVA SOBRE LA UTILIDAD | I137: =SUM(I132:I136) -> 468187573 | J137: =SUM(J132:J136) -> 4681875733
A138: VALOR OFERTA ECONOMICA | J138: =+I137+J137 -> 5150063306 | K138: =J138-'[3]CONSOLIDADO FINANCIERO'!L7 -> -132868660 | L138: =+J138/'CONSOLIDADO FINANCIERO'!L7 -> 0.97484945
A140: Adicionalmente, declaro: a) Que los valores registrados en la presente oferta económica incluyen todos los costos, impuestos, gastos y erogaciones en los que incurra para el cumplimiento, cabal e íntegro cumplimiento de la presente propuesta, y por lo tanto EL FONDO NACIONAL DEL AHORRO SA no deberá reconocernos ningún valor adicional al que hemos registrado en la presente oferta, y por ningún concepto y no serán aumentados en ninguna forma durante la ejecución del contrato. b) Que he leído cuidadosamente los documentos del FNA y elaboré mi propuesta ajustada a los mismos. c) Que nos comprometemos a proveer al FONDO NACIONAL DEL AHORRO SA, en caso de resultar aceptada la presente, todos los servicios que hacen parte de la ofertar, la justificación de la necesidad y a garantizar la calidad de estos. d) Manifestamos que hemos realizado el examen completo y cuidadoso, y que hemos investigado plenamente las condiciones del contrato que nos comprometemos a ejecutar, así como los riesgos que del mismo se derivan y declaramos que se encuentra bajo nuestra responsabilidad y es nuestra especialidad técnica el conocimiento detallado de los servicios objeto de la presente contratación y en general que conocemos todos los factores determinantes de los costos de ejecución del contrato a suscribir, los cuales se encuentran incluidos en los términos de nuestra propuesta. e) Que los valores registrados en la presente oferta económica contienen las condiciones y especificaciones técnicas descritas en los documentos del proceso. f) Que durante la ejecución del contrato no se incrementaran los valores o tasas ofertadas g) Autorizo al FONDO NACIONAL DEL AHORRO SA a efectuar la verificación aritmética de las operaciones que se registran en la presente oferta económica, y en caso de presentarse error, le solicito que para todos los efectos legales asuma el valor corregido como valor propuesto. h) Que los valores aquí contemplados, obedecen a una estructura de costos y proyecciones estimadas para las vigencias requeridas (años estimados de ejecución: 2024 y 2025), teniendo en cuenta todas las variables que pueden afectar los precios, tales como los índices de inflación (IPC), salarios, TRM, cambios en la reglamentación gubernamental, entre otros, según aplique.
H144: Avalado,
B145: Firma Representante legal | H145: JASDIVI GUTIÉRREZ CARVAJAL
B146: Nombre:Andres Felipe Guevara Rojas | H146: C.C 51,995,616
B147: Cedula: 88,308,362 de Los Patios Nte Santander | H147: T.P No 2520263123CND

Sheet 6 UNINGECOL
A1: 6 | C1: FONDO NACIONAL DEL AHORRO
C3: OBJETO PROCESO | D3: =+'CONSOLIDADO FINANCIERO'!L5 -> REALIZAR LAS REPARACIONES LOCATIVAS DE LA INFRAESTRUCTURA FÍSICA DE LA SEDE PRINCIPAL - CNA DEL FONDO NACIONAL DEL AHORRO S.A.
C4: NUMERO DE PROCESO | D4: =+'CONSOLIDADO FINANCIERO'!D6 -> FNA-VGHA-CP-015-2024
C5: PROPONENTE | D5: UNINGECOL
C7: VERIFICACION EXPEDICIÓN REGISTRO UNICO DE PROPONENTES
C8: UNINGECOL S A NIT: 900.176.059 - 4
C9: FECHA CIERRE PROCESO | D9: 45643
C10: FECHA EXPEDICION RUP | D10: 45624 | J10: =IF(D10>=O10,"CUMPLE","NO CUMPLE") -> CUMPLE | L10: mm / dd / aa | M10: =IF(J10="CUMPLE",0,1) -> 0 | N10: =+TODAY()-30 -> 45622 | O10: =+D9-30 -> 45613 | P10: 30 días anteriores
C11: FECHA ULTIMA RENOVACION | D11: 45383 | J11: =IF(D10>=O11,"CUMPLE","NO CUMPLE") -> CUMPLE | L11: mm / dd / aa | M11: =IF(J11="CUMPLE",0,1) -> 0 | O11: =+D11+15 -> 45398 | P11: 10 días hábiles
C12: FECHA DE LOS ESTADOS FINANCIEROS | D12: 45291 | J12: =IF(D10>=O12,"CUMPLE","NO CUMPLE") -> CUMPLE | L12: mm / dd / aa | M12: =IF(J12="CUMPLE",0,1) -> 0 | O12: =+D12+15 -> 45306
C15: FECHA CIERRE PROCESO | D15: 45638
C16: FECHA EXPEDICION RUP | D16: 45616 | J16: =IF(D16>=O16,"CUMPLE","NO CUMPLE") -> CUMPLE | L16: mm / dd / aa | M16: =IF(J16="CUMPLE",0,1) -> 0 | O16: =+D15-30 -> 45608 | P16: 30 días anteriores
C17: FECHA ULTIMA RENOVACION | D17: 45416 | J17: =IF(D16>=O17,"CUMPLE","NO CUMPLE") -> CUMPLE | L17: mm / dd / aa | M17: =IF(J17="CUMPLE",0,1) -> 0 | O17: =+D17+15 -> 45431 | P17: 10 días hábiles
C18: FECHA DE LOS ESTADOS FINANCIEROS | D18: 45291 | J18: =IF(D16>=O18,"CUMPLE","NO CUMPLE") -> CUMPLE | L18: mm / dd / aa | M18: =IF(J18="CUMPLE",0,1) -> 0 | O18: =+D18+15 -> 45306
C22: FECHA CIERRE PROCESO
C23: FECHA EXPEDICION RUP | L23: mm / dd / aa | M23: =IF(J23="CUMPLE",0,1) -> 1 | O23: =+D22-30 -> -30 | P23: 30 días anteriores
C24: FECHA ULTIMA RENOVACION | L24: mm / dd / aa | M24: =IF(J24="CUMPLE",0,1) -> 1 | O24: =+D24+15 -> 15 | P24: 10 días hábiles
C25: FECHA DE LOS ESTADOS FINANCIEROS | L25: mm / dd / aa | M25: =IF(J25="CUMPLE",0,1) -> 1 | O25: =+D25+15 -> 15
C27: VERIFICACIÓN REQUISITOS HABILITANTES FINANCIEROS
A29: NUMERAL | B29: VERIFICACIÓN DE LA CAPACIDAD FINANCIERA | C29: DESCRIPCION | D29: CRITERIO | E29: ITEM | F29: =+C8 -> UNINGECOL S A NIT: 900.176.059 - 4 | G29: =+C14 -> 0 | I29: INDICADOR | J29: RESULTADO VERIFICACION | K29: DOCUMENTO ELECTRONICO | L29: OBSERVACIONES
F30: 1
A31: 4.3 | B31: 4.3.1 CAPACIDAD FINANCIERA | C31: Capital de Trabajo >= 25% POE | D31: ='[3]CONSOLIDADO FINANCIERO'!L7*25% -> 1.320733e+09 | E31: Activo Corriente | F31: 4391993408 | I31: =(F31-F32)+(G31-G32) -> 4182343667 | J31: =IF(I31>=D31,"CUMPLE","NO CUMPLE") -> CUMPLE | K31: Registro Único de Proponentes | L31: El proponente cumple con los indicadores establecidos en las reglas de participación de conformidad con lo estabecido en el numeral 4.3 REQUISITOS MÍNIMOS HABILITANTES FINANCIEROS Y CAPACIDAD ORGANIZACIONAL de las reglas de participación | M31: =IF(J31="CUMPLE",0,1) -> 0
E32: Pasivo Corriente | F32: 209649741
A33: 4.3 | B33: =B31 -> 4.3.1 CAPACIDAD FINANCIERA | C33: Índice de Liquidez | D33: 1.9 | E33: Activo Corriente | F33: 4391993408 | I33: =+((F33*F30)+(G33*G30)+(H33*H30))/((F34*F30)+(G34*G30)+(H34*H30)) -> 20.949195 | J33: =IF(I33>=D33,"CUMPLE","NO CUMPLE") -> CUMPLE | K33: Registro Único de Proponentes | M33: =IF(J33="CUMPLE",0,1) -> 0
E34: Pasivo Corriente | F34: 209649741
A35: 4.3 | B35: =B33 -> 4.3.1 CAPACIDAD FINANCIERA | C35: Nivel de Endeudamiento | D35: 0.6 | E35: Pasivo Total | F35: 837288241 | I35: =((F35*F30)+(G35*G30)+(H35*H30))/((F36*F30)+(G36*G30)+(H36*H30)) -> 0.16743551 | J35: =IF(I35<=D35,"CUMPLE","NO CUMPLE") -> CUMPLE | K35: Registro Único de Proponentes | M35: =IF(J35="CUMPLE",0,1) -> 0
E36: Activo Total | F36: 5000660958
A37: 4.3 | B37: =B35 -> 4.3.1 CAPACIDAD FINANCIERA | C37: Razón de Cobertura de Intereses | D37: 1.49 | E37: Utilidad Operacional | F37: 1128549568 | I37: INDETERMINADO | J37: =IF(I37>=D37,"CUMPLE","NO CUMPLE") -> CUMPLE | K37: Registro Único de Proponentes | M37: =IF(J37="CUMPLE",0,1) -> 0
E38: Gastos de Intereses | F38: 0
A39: 4.3 | B39: 4.3.2 capacidad Organizacional | C39: Rentabilidad sobre Patrimonio | D39: 0.11 | E39: Utilidad Operacional | F39: 1128549568 | I39: =((F39*F30)+(G39*G30)+(H39*H30))/((F40*F30)+(G40*G30)+(H40*H30)) -> 0.27106619 | J39: =IF(I39>=D39,"CUMPLE","NO CUMPLE") -> CUMPLE | K39: Registro Único de Proponentes | M39: =IF(J39="CUMPLE",0,1) -> 0
E40: Patrimonio | F40: 4163372717
A41: 4.3 | B41: =+B39 -> 4.3.2 capacidad Organizacional | C41: Rentabilidad sobre Activo | D41: 0.05 | E41: Utilidad Operacional | F41: 1128549568 | I41: =((F41*F30)+(G41*G30)+(H41*H30))/((F42*F30)+(G42*G30)+(H42*H30)) -> 0.22568008 | J41: =IF(I41>=D41,"CUMPLE","NO CUMPLE") -> CUMPLE | K41: Registro Único de Proponentes | M41: =IF(J41="CUMPLE",0,1) -> 0
E42: Activo total | F42: 5000660958
A43: 4.3 | B43: =B31 -> 4.3.1 CAPACIDAD FINANCIERA | C43: Patrimonio ≥ 30% POE | D43: ='[3]CONSOLIDADO FINANCIERO'!L7*30% -> 1.5848796e+09 | E43: Activo total | F43: 5000660958 | I43: =(F43-F44)+(G43-G44) -> 4163372717 | J43: =IF(I43>=D43,"CUMPLE","NO CUMPLE") -> CUMPLE | K43: Registro Único de Proponentes | M43: =IF(J43="CUMPLE",0,1) -> 0
E44: Pasivo total | F44: 837288241
E45: RESULTADO | I45: =IF(M45>0,"NO CUMPLE","CUMPLE") -> CUMPLE | M45: =SUM(M31:M44) -> 0

Sheet 6 OFERTA UNINGECOL
E1: FONDO NACIONAL DEL AHORRO S.A.
A5: FORMATO No. 9 - PROPUESTA ECONOMICA
A6: Número del Proceso | E6: FNA-VGHA-CP-015-2024
A7: Descripción del Proceso: | E7: REALIZAR LAS REPARACIONES LOCATIVAS DE LA INFRAESTRUCTURA FÍSICA DE LA SEDE PRINCIPAL – CNA DEL FONDO NACIONAL DEL AHORRO S.A.
A8: Nombre del Oferente | E8: UNINGECOL S.A.
A9: NIT | E9: 900.176.059-4
A10: Representante Legal | E10: DANIEL AGUILAR GUERRERO
A11: C.C | E11: 80.152.561 DE BOGOTA
A12: 1. El valor de la oferta económica deber ser expresado en PESOS COLOMBIANOS. 2. Asignar valor en las casillas "VALOR UNITARIO SIN IVA" y el porcentaje en "Administración", "Imprevistos" y "Utilidad". El valor del IVA se aplica sobre la Utilidad corresponde con la regulación tributaria vigente. 3. El oferente deberá tener en cuenta todos los gravámenes, impuestos tasas y demás contribuciones para la estimación del presupuesto. 4. No modificar, agregar o quitar ningún ítem o sub-ítem, so pena de encontrarse inmerso en causal de rechazo. 5. Todos los valores deberán estar ajustados al peso, es decir, sin decimales. Para el efecto, se aplicará la formula redondeo de Excel. 6. No podrá superar los VALORES UNITARIO SIN IVA REFERENCIA establecidos por la entidad ni tampoco podra ser cero (0) so pena de rechazo por encontrarse inmerso en causal de rechazo. 7. No podrá superar el Presupuesto Oficial Estimado so pena de encontrarse inmerso en causal de rechazo. 8.El oferente no podrá cambiar, eliminar la formulación. NOTA • El contratista deberá prever la proyección del presupuesto para el plazo de ejecución del contrato. El FNA no asumirán los costos adicionales generados por el IPC de los años subsiguientes o cualquier otro sistema de actualización de precios; en el caso que exista reglamentación gubernamental de incrementos salariales durante la ejecución del contrato, éstos deben ser contemplados por el contratista dentro del valor de la ofertado. • Tiempo estimado de ejecución: 12 meses • Los precios ofertados se deberán mantener durante la ejecución del contrato independientemente de la fecha de inicio de ejecución del contrato.
A14: ÍTEM | C14: ACTIVIDAD | F14: UNIDAD DE MEDIDA | G14: CANTIDAD | H14: VALOR UNITARIO SIN IVA (NO MODIFICAR) | I14: VALORES OFERTADOS
I15: VALOR UNITARIO SIN IVA | J15: VALOR TOTAL | K15: VERIFICACION PRECIOS TECHO | L15: VERIFICACION PRECIOS ARTIFIALMENTE BAJOS
A16: 1.1. | C16: Retiro, reparación y reposicion puntual de junta entre laminas (junta con factor forma 2cmx1cm), mediante el uso de fondo de junta tipo sika rod y sello elastomérico de poliuretano en color negro, con alta resistencia a la intemperie incluye andamio colgante o toda instalación provisional que permita el cumplimiento de la actividad. | F16: ml | G16: 2000 | H16: 16341 | I16: 15883 | J16: =+ROUND(I16*G16,0) -> 31766000 | K16: =I16-H16 -> -458 | L16: =I16/H16 -> 0.97197234 | N16: =+IF(I16<H16,"OK",IF(I16=0," ")) -> OK
A17: 1.2. | C17: Pintura exterior tipo coraza para muros sobre pañete incluye toda instalación provisional que permita el cumplimiento de la actividad. | F17: m2 | G17: 300 | H17: 43227 | I17: 42017 | J17: =+ROUND(I17*G17,0) -> 12605100 | K17: =I17-H17 -> -1210 | L17: =I17/H17 -> 0.97200824 | N17: =+IF(I17<H17,"OK",IF(I17=0," ")) -> OK
A18: 2.1. | C18: Retiro de impermeabilización existente y mortero de nivelación. Incluye el retiro y disposición final de escombros (Edificio Convenciones y Edificio CNA zona "L"). | F18: m2 | G18: 2332.42 | H18: 30375 | I18: 29525 | J18: =+ROUND(I18*G18,0) -> 68864701 | K18: =I18-H18 -> -850 | L18: =I18/H18 -> 0.97201646 | N18: =+IF(I18<H18,"OK",IF(I18=0," ")) -> OK
A19: 2.2. | C19: Instalación de mortero de nivelación con materiales de SIKA o similares características, previo a la instalación de la impermeabilización (Edificio Convenciones y Edificio CNA zona "L"). | F19: m2 | G19: 2332.42 | H19: 64685 | I19: 62874 | J19: =+ROUND(I19*G19,0) -> 146648575 | K19: =I19-H19 -> -1811 | L19: =I19/H19 -> 0.97200278 | N19: =+IF(I19<H19,"OK",IF(I19=0," ")) -> OK
A20: 2.3. | C20: Impermeabilización de placa de cubierta plana transitable, no ventilada, con piso fijo, tipo convencional, para tráfico peatonal privado. Tipo Sika o de similares características con uso de mantos asfálticos, tipo bicapa (Edificio Convenciones y Edificio CNA zona "L"). | F20: m2 | G20: 2332.42 | H20: 129968 | I20: 126329 | J20: =+ROUND(I20*G20,0) -> 294652286 | K20: =I20-H20 -> -3639 | L20: =I20/H20 -> 0.9720008 | N20: =+IF(I20<H20,"OK",IF(I20=0," ")) -> OK
A21: 2.4. | C21: Desmonte de ventaneria con vidrios en celosía ubicados en culata de cubierta en el edificio CNA. | F21: m2 | G21: 150 | H21: 53922 | I21: 52412 | J21: =+ROUND(I21*G21,0) -> 7861800 | K21: =I21-H21 -> -1510 | L21: =I21/H21 -> 0.97199659 | N21: =+IF(I21<H21,"OK",IF(I21=0," ")) -> OK
A22: 2.5. | C22: Suministro e instalación de sistema de ventanas en vidrio fijas (sin básculante) en reemplazo de las ventanas en vidrio retiradas, ubicados en culata de cubierta en el edificio CNA. | F22: m2 | G22: 150 | H22: 305942 | I22: 297376 | J22: =+ROUND(I22*G22,0) -> 44606400 | K22: =I22-H22 -> -8566 | L22: =I22/H22 -> 0.97200123 | N22: =+IF(I22<H22,"OK",IF(I22=0," ")) -> OK
A23: 2.6. | C23: Retiro de canaletas existentes y suministro e instalación de canaletas metálicas de sección trapezoidal elaboradas en acero galvanizado calibre 16 de acuerdo con las necesidades técnicas de la cubierta de aguas lluvia, incluye la instalación de la soportería para el anclaje de la canaleta en el edificio CNA. | F23: ml | G23: 231 | H23: 125271 | I23: 121763 | J23: =+ROUND(I23*G23,0) -> 28127253 | K23: =I23-H23 -> -3508 | L23: =I23/H23 -> 0.97199671 | N23: =+IF(I23<H23,"OK",IF(I23=0," ")) -> OK
A24: 2.7. | C24: Retiro de instalación existente y suministro e instalación de soscos para la bajante de agua lluvia ø 4" en PVC con su respectivo sifón para evitar malos olores, incluye la instalación de la soportería para el anclaje en el edificio CNA. | F24: und | G24: 50 | H24: 88909 | I24: 86420 | J24: =+ROUND(I24*G24,0) -> 4321000 | K24: =I24-H24 -> -2489 | L24: =I24/H24 -> 0.97200508 | N24: =+IF(I24<H24,"OK",IF(I24=0," ")) -> OK
A25: 2.8. | C25: Limpieza y mantenimientos de tubería bajante de agua lluvia ø 4" en PVC, en el edificio CNA. | F25: und | G25: 50 | H25: 97000 | I25: 94284 | J25: =+ROUND(I25*G25,0) -> 4714200 | K25: =I25-H25 -> -2716 | L25: =I25/H25 -> 0.972 | N25: =+IF(I25<H25,"OK",IF(I25=0," ")) -> OK
A26: 3.1. | C26: Desmonte de cielo raso en fibra mineral o en drywall incluye desmonte luminarias, retiro y disposición final de escombros. | F26: m2 | G26: 80 | H26: 38338 | I26: 37265 | J26: =+ROUND(I26*G26,0) -> 2981200 | K26: =I26-H26 -> -1073 | L26: =I26/H26 -> 0.9720121 | N26: =+IF(I26<H26,"OK",IF(I26=0," ")) -> OK
A27: 3.2. | C27: Mantenimiento de cielo raso en fibra mineral. Incluye cambio, pintura y/o reutilización de láminas en fibra mineral, instalación de anclajes y arreglo de perfilería descolgada y colocación de soportes. | F27: m2 | G27: 1800 | H27: 35000 | I27: 34020 | J27: =+ROUND(I27*G27,0) -> 61236000 | K27: =I27-H27 -> -980 | L27: =I27/H27 -> 0.972 | N27: =+IF(I27<H27,"OK",IF(I27=0," ")) -> OK
... A38: 6.1. | C38: Resanes y pintura vinilo primera calidad tipo 1 a tres manos, aplica para muros interiores color blanco sobre pañete o repello liso. A todo costo. | F38: m2 | G38: 4500 | H38: 34663 | I38: 33692 | J38: =+ROUND(I38*G38,0) -> 151614000 | K38: =I38-H38 -> -971 | L38: =I38/H38 -> 0.97198742 | N38: =+IF(I38<H38,"OK",IF(I38=0," ")) -> OK
A39: TOTAL REPARACIONES LOCATIVAS GENERALES SEDE PRINCIPAL | J39: =SUM(J16:J38) -> 1161932658 | K39: =I39-H39 -> 0 | L39: =I39/H39 -> #DIV/0! | N39: =+IF(I39<H39,"OK",IF(I39=0," "))
A40: 1.1. | C40: Demolición muros Drywall incluye la disposición final de los escombros. | F40: m2 | G40: 250 | H40: 49033 | I40: 47660 | J40: =+ROUND(I40*G40,0) -> 11915000 | K40: =I40-H40 -> -1373 | L40: =I40/H40 -> 0.97199845 | N40: =+IF(I40<H40,"OK",IF(I40=0," ")) -> OK
A41: 1.2. | C41: Desmonte de divisiones y puertas en vidrio incluye la disposición final o la disposición que el fondo Nacional del Ahorro indique. | F41: m2 | G41: 61 | H41: 50667 | I41: 49248 | J41: =+ROUND(I41*G41,0) -> 3004128 | K41: =I41-H41 -> -1419 | L41: =I41/H41 -> 0.97199361 | N41: =+IF(I41<H41,"OK",IF(I41=0," ")) -> OK
A42: 1.3. | C42: Desmonte de cielo raso en fibra mineral o en drywall incluye desmonte luminarias, retiro y disposición final de escombros. | F42: m2 | G42: 1070 | H42: 36183 | I42: 35170 | J42: =+ROUND(I42*G42,0) -> 37631900 | K42: =I42-H42 -> -1013 | L42: =I42/H42 -> 0.97200343 | N42: =+IF(I42<H42,"OK",IF(I42=0," ")) -> OK
A43: 1.4. | C43: Desmonte de redes eléctricas existentes. Incluye la disposición final de los escombros o la disposición que el fondo Nacional del Ahorro indique. | F43: glb | G43: 1 | H43: 13063210 | I43: 12697440 | J43: =+ROUND(I43*G43,0) -> 12697440 | K43: =I43-H43 -> -365770 | L43: =I43/H43 -> 0.97199999 | N43: =+IF(I43<H43,"OK",IF(I43=0," ")) -> OK
A44: 1.5. | C44: Desmonte de puestos de trabajo tales como divisiones metálicas, superficies, cajoneras etc. Adicionalmente, incluye la disposición final de los escombros o la disposición que el fondo Nacional del Ahorro indique. | F44: und | G44: 135 | H44: 96339 | I44: 93642 | J44: =+ROUND(I44*G44,0) -> 12641670 | K44: =I44-H44 -> -2697 | L44: =I44/H44 -> 0.97200511 | N44: =+IF(I44<H44,"OK",IF(I44=0," ")) -> OK
A45: 1.6. | C45: Suministro e instalación de muro provisional en Drywall de 1/2" a una sola cara, incluye estructura, cinta, estuco. A todo costo. | F45: m2 | G45: 78 | H45: 95199 | I45: 92533 | J45: =+ROUND(I45*G45,0) -> 7217574 | K45: =I45-H45 -> -2666 | L45: =I45/H45 -> 0.9719955 | N45: =+IF(I45<H45,"OK",IF(I45=0," ")) -> OK
A46: 2.1. | C46: Suministro e instalación de columnetas metálicas en tubería cuadrada estructural de 100mmx100mm, calibre 12 acabado en pintura color negro semi-mate. Incluye platina soldada a la base y anclajes a placa de piso y retiro de escombros. | F46: ml | G46: 100 | H46: 203925 | I46: 198215 | J46: =+ROUND(I46*G46,0) -> 19821500 | K46: =I46-H46 -> -5710 | L46: =I46/H46 -> 0.97199951 | N46: =+IF(I46<H46,"OK",IF(I46=0," ")) -> OK
A47: 2.2. | C47: Suministro e instalación de viguetas metálicas en tubería cuadrada estructural de 100mmx100mm, calibre12 acabado en pintura color negro semi-mate. Incluye soldadura a columnetas y retiro de escombros. | F47: ml | G47: 130 | H47: 186288 | I47: 181072 | J47: =+ROUND(I47*G47,0) -> 23539360 | K47: =I47-H47 -> -5216 | L47: =I47/H47 -> 0.97200034 | N47: =+IF(I47<H47,"OK",IF(I47=0," ")) -> OK
A48: 3.1. | C48: Suministro e instalación de muro en Superboard de 8 mm, altura 2.40 m a dos caras. Incluye estructura metálica, anclaje, cinta, estuco y fondeo de acabado en pintura en vinilo tipo 1. | F48: m2 | G48: 30 | H48: 205133 | I48: 199389 | J48: =+ROUND(I48*G48,0) -> 5981670 | K48: =I48-H48 -> -5744 | L48: =I48/H48 -> 0.97199865 | N48: =+IF(I48<H48,"OK",IF(I48=0," ")) -> OK
A49: 4.1. | C49: Suministro e instalación de cielorraso en Drywall de 1/2" a una sola cara, incluye estructura, cinta, estuco, capa fondeo y pintura. A todo costo. | F49: m2 | G49: 1301 | H49: 131613 | I49: 127928 | J49: =+ROUND(I49*G49,0) -> 166434328 | K49: =I49-H49 -> -3685 | L49: =I49/H49 -> 0.97200125 | N49: =+IF(I49<H49,"OK",IF(I49=0," ")) -> OK
A50: 4.2. | C50: Suministro e instalación de Frescasa Eco Sin Papel 3 1/2″ para cielorraso en Drywall. A todo costo. | F50: m2 | G50: 1301 | H50: 33384 | I50: 32449 | J50: =+ROUND(I50*G50,0) -> 42216149 | K50: =I50-H50 -> -935 | L50: =I50/H50 -> 0.97199257 | N50: =+IF(I50<H50,"OK",IF(I50=0," ")) -> OK
A51: 5.1. | C51: Suministro e instalación de piso laminado de alto tráfico de alta densidad (HDF) de 890 a 900 Kgms x cm3 y resistencia a la humedad. Incluye plástico aislante y yumbolon de acuerdo a las características técnicas y el guardaescobas. | F51: m2 | G51: 1070 | H51: 194913 | I51: 189455 | J51: =+ROUND(I51*G51,0) -> 202716850 | K51: =I51-H51 -> -5458 | L51: =I51/H51 -> 0.97199776 | N51: =+IF(I51<H51,"OK",IF(I51=0," ")) -> OK
... A72: 9.2. | C72: Pintura vinilo primera calidad tipo uno tres manos cielo falsos blanco. A todo costo, incluye lineales. | F72: m2 | G72: 230.61 | H72: 41123 | I72: 39972 | J72: =+ROUND(I72*G72,0) -> 9217943 | K72: =I72-H72 -> -1151 | L72: =I72/H72 -> 0.9720108 | N72: =+IF(I72<H72,"OK",IF(I72=0," ")) -> OK
A73: TOTAL REPARACIONES LOCATIVAS - EDIFICIO CNA - PISO 2 | J73: =SUM(J40:J72) -> 1211066246 | K73: =I73-H73 -> 0 | L73: =I73/H73 -> #DIV/0! | N73: =+IF(I73<H73,"OK",IF(I73=0," "))
A74: 5.5. | C74: Suministro e instalación de piso laminado de alto tráfico de alta densidad (HDF) de 890 a 900 Kgms x cm3 y resistencia a la humedad, para la zona de mesas del restaurante Incluye nivelación en zonas puntuales, plástico aislante, yumbolon de acuerdo con las características técnicas y el guardaescobas. | F74: m2 | G74: 450 | H74: 194913 | I74: 189455 | J74: =+ROUND(I74*G74,0) -> 85254750 | K74: =I74-H74 -> -5458 | L74: =I74/H74 -> 0.97199776 | N74: =+IF(I74<H74,"OK",IF(I74=0," ")) -> OK
A75: 9.1. | C75: Suministro e instalación de estructura decorativa para plantas colgantes de 6,85m ancho x 1,00 m de profundo con viguetas cada 0,76 m en tubería metálica cuadrada 50x50x2.0mm con acabado en pintura electrostática negro mate incluye 6 puntos de apoyo en guaya de tipo colgante. incluye 3 lamparas segun imagen. | F75: und | G75: 2 | H75: 3334200 | I75: 3240842 | J75: =+ROUND(I75*G75,0) -> 6481684 | K75: =I75-H75 -> -93358 | L75: =I75/H75 -> 0.97199988 | N75: =+IF(I75<H75,"OK",IF(I75=0," ")) -> OK
A76: 9.2. | C76: Suministro e instalación de estructura para microondas con módulos de 0,71 m de largo 0,56 m de profundo y 0,40 m de alto en tubería metálica cuadrada 50x50x3.0mm en pintura electrostática negro mate incluye 2 superficies en madera tipo madecor RH de 1" cada módulo y anclajes a la pared no visibles. | F76: und | G76: 12 | H76: 858374 | I76: 834340 | J76: =+ROUND(I76*G76,0) -> 10012080 | K76: =I76-H76 -> -24034 | L76: =I76/H76 -> 0.97200055 | N76: =+IF(I76<H76,"OK",IF(I76=0," ")) -> OK
A77: 11.1. | C77: Resanes y pintura vinilo primera calidad tipo 1 a tres manos, aplica para muros interiores color blanco sobre pañete o repello liso. Incluyen andamios, escaleras y sistemas de seguridad de operación. A todo costo. | F77: m2 | G77: 222.23 | H77: 34663 | I77: 33692 | J77: =+ROUND(I77*G77,0) -> 7487373 | K77: =I77-H77 -> -971 | L77: =I77/H77 -> 0.97198742 | N77: =+IF(I77<H77,"OK",IF(I77=0," ")) -> OK
A78: TOTAL REPARACIONES LOCATIVAS CASINO - EDIFICIO CONVENCIONES | J78: =SUM(J74:J77) -> 109235887 | K78: =I78-H78 -> 0 | L78: =I78/H78 -> #DIV/0! | N78: =+IF(I78<H78,"OK",IF(I78=0," "))
A79: 1.1. | C79: Demolición muros Drywall incluye la disposición final de los escombros. | F79: m2 | G79: 161.58 | H79: 49033 | I79: 47660 | J79: =+ROUND(I79*G79,0) -> 7700903 | K79: =I79-H79 -> -1373 | L79: =I79/H79 -> 0.97199845 | N79: =+IF(I79<H79,"OK",IF(I79=0," ")) -> OK
A80: 1.2. | C80: Desmonte de divisiones y puertas en vidrio incluye la disposición final o la disposición que el fondo Nacional del Ahorro indique. | F80: m2 | G80: 246.96 | H80: 97950 | I80: 95207 | J80: =+ROUND(I80*G80,0) -> 23512321 | K80: =I80-H80 -> -2743 | L80: =I80/H80 -> 0.97199592 | N80: =+IF(I80<H80,"OK",IF(I80=0," ")) -> OK
A81: 1.3. | C81: Desmonte de cielo raso en fibra mineral o en drywall incluye desmonte luminarias, retiro y disposición final de escombros | F81: m2 | G81: 888.84 | H81: 36183 | I81: 35170 | J81: =+ROUND(I81*G81,0) -> 31260503 | K81: =I81-H81 -> -1013 | L81: =I81/H81 -> 0.97200343 | N81: =+IF(I81<H81,"OK",IF(I81=0," ")) -> OK
A82: 1.4. | C82: Desmonte de redes eléctricas existentes. Incluye la disposición final de los escombros o la disposición que el fondo Nacional del Ahorro indique. | F82: glb | G82: 1 | H82: 6960160 | I82: 6765276 | J82: =+ROUND(I82*G82,0) -> 6765276 | K82: =I82-H82 -> -194884 | L82: =I82/H82 -> 0.97200007 | N82: =+IF(I82<H82,"OK",IF(I82=0," ")) -> OK
A83: 1.5. | C83: Desmonte puestos de trabajo tales como divisiones metálicas, superficies, cajoneras etc. Adicionalmente, incluye la disposición final de los escombros o la disposición que el Fondo Nacional del Ahorro S.A. indique. | F83: und | G83: 150 | H83: 96339 | I83: 93642 | J83: =+ROUND(I83*G83,0) -> 14046300 | K83: =I83-H83 -> -2697 | L83: =I83/H83 -> 0.97200511 | N83: =+IF(I83<H83,"OK",IF(I83=0," ")) -> OK
A84: 1.6. | C84: Suministro e instalación de muro provisional en Drywall de 1/2" a una sola cara, incluye estructura, cinta, estuco. A todo costo | F84: m2 | G84: 37.5 | H84: 95199 | I84: 92533 | J84: =+ROUND(I84*G84,0) -> 3469988 | K84: =I84-H84 -> -2666 | L84: =I84/H84 -> 0.9719955 | N84: =+IF(I84<H84,"OK",IF(I84=0," ")) -> OK
A85: 2.1. | C85: Suministro e instalación de columnetas metálicas en tubería cuadrada estructural de 100mmx100mm, calibre 12 acabado en pintura color negro semi-mate. Incluye platina soldada a la base y anclajes a placa de piso y retiro de escombros. | F85: ml | G85: 121 | H85: 203925 | I85: 198215 | J85: =+ROUND(I85*G85,0) -> 23984015 | K85: =I85-H85 -> -5710 | L85: =I85/H85 -> 0.97199951 | N85: =+IF(I85<H85,"OK",IF(I85=0," ")) -> OK
A86: 2.2. | C86: Suministro e instalación de viguetas metálicas en tubería cuadrada estructural de 100mmx100mm, calibre12 acabado en pintura color negro semi-mate. Incluye soldadura a columnetas y retiro de escombros. | F86: ml | G86: 145 | H86: 186288 | I86: 181072 | J86: =+ROUND(I86*G86,0) -> 26255440 | K86: =I86-H86 -> -5216 | L86: =I86/H86 -> 0.97200034 | N86: =+IF(I86<H86,"OK",IF(I86=0," ")) -> OK
